Workbook
Name _____PJ50: #REF!
Name _____PJ50: #REF!
Name _____PJ50: #REF!
Name _____PJ50: #REF!
Name _____pj51: #REF!
Name _____pj51: #REF!
Name _____pj51: #REF!
Name _____pj51: #REF!
Name ____PJ50: #REF!
Name ____PJ50: #REF!
Name ____PJ50: #REF!
Name ____PJ50: #REF!
Name ____pj51: #REF!
Name ____pj51: #REF!
Name ____pj51: #REF!
Name ____pj51: #REF!
Name ___EST12: #REF!
Name ___EST12: #REF!
Name ___EST12: #REF!
Name ___EST12: #REF!
Name ___PJ50: #REF!
Name ___PJ50: #REF!
Name ___PJ50: #REF!
Name ___PJ50: #REF!
Name ___pj51: #REF!
Name ___pj51: #REF!
Name ___pj51: #REF!
Name ___pj51: #REF!
Name __aiu2: [1]AIU!$J$105
Name __EST1: #REF!
Name __EST1: #REF!
Name __EST1: #REF!
Name __EST1: #REF!
Name __EST10: #REF!
Name __EST10: #REF!
Name __EST10: #REF!
Name __EST10: #REF!
Name __EST11: #REF!
Name __EST11: #REF!
Name __EST11: #REF!
Name __EST11: #REF!
Name __EST12: #REF!
Name __EST12: #REF!
Name __EST12: #REF!
Name __EST12: #REF!
Name __EST13: #REF!
Name __EST13: #REF!
Name __EST13: #REF!
Name __EST13: #REF!
Name __EST14: #REF!
Name __EST14: #REF!
Name __EST14: #REF!
Name __EST14: #REF!
Name __EST15: #REF!
Name __EST15: #REF!
Name __EST15: #REF!
Name __EST15: #REF!
Name __EST16: #REF!
Name __EST16: #REF!
Name __EST16: #REF!

Sheet Presupuesto
B3: CONSTRUCCIÓN DE PAVIMENTO EN CONCRETO
B5: CRA 3 ENTRE CALLE 10A Y 12A VILLAMARÍA, CALDAS
B7: PRESUPUESTO DE OBRA
F8: Fecha | G8: 45120
B28: =+APU!B10 -> 1 | C28: =+APU!C10 -> PAVIMENTACIÓN
B30: ITEM | C30: DESCRIPCIÓN | D30: UNIDAD | E30: CANT. | F30: VALOR UNITARIO | G30: VALOR TOTAL TODO COSTO
B32: COSTO DIRECTO
B33: 1.1 | C33: =IF(B33=0,"",VLOOKUP(B33,APU!$B$12:$G$1048576,2,FALSE)) -> PRELIMINARES | G33: =SUM(G34:G37) -> 12986067
B34: 1.1.1 | C34: =IF(B34=0,"",VLOOKUP(B34,APU!$B$12:$G$1048576,2,FALSE)) -> SEÑAL PREVENTIVA, REGLAMENTARIA E INFORMATIVA | D34: =IF(B34=0,"",VLOOKUP(B34,APU!$B$12:$G$1048576,3,FALSE)) -> UND | E34: =IF(B34=0,"",VLOOKUP(B34,Memorias!$B$15:$V$53,21,FALSE)) -> 2 | F34: =IF(B34=0,"",VLOOKUP(B34,APU!$B$12:$G$1048576,6,FALSE)) -> 194600 | G34: =ROUND((+PRODUCT(E34:F34)),0) -> 389200
B35: 1.1.2 | C35: =IF(B35=0,"",VLOOKUP(B35,APU!$B$12:$G$1048576,2,FALSE)) -> SUMINISTRO, TRANSPORTE E INSTALACION BARRERA CON BOMBONES EN GUADUA Y CINTA DE SEGURIDAD | D35: =IF(B35=0,"",VLOOKUP(B35,APU!$B$12:$G$1048576,3,FALSE)) -> ML | E35: =IF(B35=0,"",VLOOKUP(B35,Memorias!$B$15:$V$53,21,FALSE)) -> 134.8 | F35: =IF(B35=0,"",VLOOKUP(B35,APU!$B$12:$G$1048576,6,FALSE)) -> 6868 | G35: =ROUND((+PRODUCT(E35:F35)),0) -> 925806
B36: 1.1.3 | C36: =IF(B36=0,"",VLOOKUP(B36,APU!$B$12:$G$1048576,2,FALSE)) -> DEMOLICION DE PAVIMENTO CONCRETO HIDRAULICO CON EQUIPO MECANICO | D36: =IF(B36=0,"",VLOOKUP(B36,APU!$B$12:$G$1048576,3,FALSE)) -> M3 | E36: =IF(B36=0,"",VLOOKUP(B36,Memorias!$B$15:$V$53,21,FALSE)) -> 131 | F36: =IF(B36=0,"",VLOOKUP(B36,APU!$B$12:$G$1048576,6,FALSE)) -> 84597 | G36: =ROUND((+PRODUCT(E36:F36)),0) -> 11082207
B37: 1.1.4 | C37: =IF(B37=0,"",VLOOKUP(B37,APU!$B$12:$G$1048576,2,FALSE)) -> DEMOLICIÓN DE ANDENES Y SARDINELES EN CONCRETO HIDRÁULICO | D37: =IF(B37=0,"",VLOOKUP(B37,APU!$B$12:$G$1048576,3,FALSE)) -> M3 | E37: =IF(B37=0,"",VLOOKUP(B37,Memorias!$B$15:$V$53,21,FALSE)) -> 7 | F37: =IF(B37=0,"",VLOOKUP(B37,APU!$B$12:$G$1048576,6,FALSE)) -> 84122 | G37: =ROUND((+PRODUCT(E37:F37)),0) -> 588854
B39: 1.2 | C39: =IF(B39=0,"",VLOOKUP(B39,APU!$B$12:$G$1048576,2,FALSE)) -> LOCALIZACIÓN Y REPLANTEO | G39: =SUM(G40:G40) -> 509937
B40: 1.2.1 | C40: =IF(B40=0,"",VLOOKUP(B40,APU!$B$12:$G$1048576,2,FALSE)) -> LOCALIZACION Y REPLANTEO DE VIAS incluye eje de via y laterales con andenes | D40: =IF(B40=0,"",VLOOKUP(B40,APU!$B$12:$G$1048576,3,FALSE)) -> ML | E40: =IF(B40=0,"",VLOOKUP(B40,Memorias!$B$15:$V$53,21,FALSE)) -> 129 | F40: =IF(B40=0,"",VLOOKUP(B40,APU!$B$12:$G$1048576,6,FALSE)) -> 3953 | G40: =ROUND((+PRODUCT(E40:F40)),0) -> 509937
B42: 1.3 | C42: =IF(B42=0,"",VLOOKUP(B42,APU!$B$12:$G$1048576,2,FALSE)) -> EXCAVACIONES Y LLENOS | G42: =SUM(G43:G44) -> 10513200
B43: 1.3.1 | C43: =IF(B43=0,"",VLOOKUP(B43,APU!$B$12:$G$1048576,2,FALSE)) -> EXCAVACIÓN A CIELO ABIERTO - MATERIAL COMÚN - 0.0 A 2.0 M | D43: =IF(B43=0,"",VLOOKUP(B43,APU!$B$12:$G$1048576,3,FALSE)) -> M3 | E43: =IF(B43=0,"",VLOOKUP(B43,Memorias!$B$15:$V$53,21,FALSE)) -> 116.883 | F43: =IF(B43=0,"",VLOOKUP(B43,APU!$B$12:$G$1048576,6,FALSE)) -> 28631 | G43: =ROUND((+PRODUCT(E43:F43)),0) -> 3346477
B44: 1.3.2 | C44: =IF(B44=0,"",VLOOKUP(B44,APU!$B$12:$G$1048576,2,FALSE)) -> EXCAVACIÓN A CIELO ABIERTO - CONGLOMERADO - 0.0 A 2.0 M | D44: =IF(B44=0,"",VLOOKUP(B44,APU!$B$12:$G$1048576,3,FALSE)) -> M3 | E44: =IF(B44=0,"",VLOOKUP(B44,Memorias!$B$15:$V$53,21,FALSE)) -> 174.632 | F44: =IF(B44=0,"",VLOOKUP(B44,APU!$B$12:$G$1048576,6,FALSE)) -> 41039 | G44: =ROUND((+PRODUCT(E44:F44)),0) -> 7166723
B46: 1.4 | C46: =IF(B46=0,"",VLOOKUP(B46,APU!$B$12:$G$1048576,2,FALSE)) -> RETIRO DE MATERIAL SOBRANTE | G46: =SUM(G47:G47) -> 19450587
B47: 1.4.1 | C47: =IF(B47=0,"",VLOOKUP(B47,APU!$B$12:$G$1048576,2,FALSE)) -> RETIRO DE MATERIAL SOBRANTE Y ESCOMBROS MEDIDO EN BANCO | D47: =IF(B47=0,"",VLOOKUP(B47,APU!$B$12:$G$1048576,3,FALSE)) -> M3 | E47: =IF(B47=0,"",VLOOKUP(B47,Memorias!$B$15:$V$53,21,FALSE)) -> 429.515 | F47: =IF(B47=0,"",VLOOKUP(B47,APU!$B$12:$G$1048576,6,FALSE)) -> 45285 | G47: =ROUND((+PRODUCT(E47:F47)),0) -> 19450587
B49: 1.5 | C49: =IF(B49=0,"",VLOOKUP(B49,APU!$B$12:$G$1048576,2,FALSE)) -> CIMIENTOS | G49: =SUM(G50:G50) -> 27899305
B50: 1.5.1 | C50: =IF(B50=0,"",VLOOKUP(B50,APU!$B$12:$G$1048576,2,FALSE)) -> RELLENO EN BASE GRANULAR B-400 COMPACTADO AL 95% DEL PROCTOR | D50: =IF(B50=0,"",VLOOKUP(B50,APU!$B$12:$G$1048576,3,FALSE)) -> M3 | E50: =IF(B50=0,"",VLOOKUP(B50,Memorias!$B$15:$V$53,21,FALSE)) -> 145 | F50: =IF(B50=0,"",VLOOKUP(B50,APU!$B$12:$G$1048576,6,FALSE)) -> 192409 | G50: =ROUND((+PRODUCT(E50:F50)),0) -> 27899305
B52: 1.6 | C52: =IF(B52=0,"",VLOOKUP(B52,APU!$B$12:$G$1048576,2,FALSE)) -> PAVIMENTO EN CONCRETO | G52: =SUM(G53:G60) -> 141771671
B53: 1.6.1 | C53: =IF(B53=0,"",VLOOKUP(B53,APU!$B$12:$G$1048576,2,FALSE)) -> SUMINISTRO, TRANSPORTE E INSTALACION PAVIMENTO EN CONCRETO MR 42 HECHO EN OBRA | D53: =IF(B53=0,"",VLOOKUP(B53,APU!$B$12:$G$1048576,3,FALSE)) -> M3 | E53: =IF(B53=0,"",VLOOKUP(B53,Memorias!$B$15:$V$10117,21,FALSE)) -> 131 | F53: =IF(B53=0,"",VLOOKUP(B53,APU!$B$12:$G$1048576,6,FALSE)) -> 791735 | G53: =ROUND((+PRODUCT(E53:F53)),0) -> 103717285
B54: 1.6.2 | C54: =IF(B54=0,"",VLOOKUP(B54,APU!$B$12:$G$1048576,2,FALSE)) -> SUMINISTRO, TRANSPORTE E INSTALACION SARDINEL ANCHO = 20 CM H = ENTRE 17 Y 24 CM EN CONCRETO 3000 PSI | D54: =IF(B54=0,"",VLOOKUP(B54,APU!$B$12:$G$1048576,3,FALSE)) -> ML | E54: =IF(B54=0,"",VLOOKUP(B54,Memorias!$B$15:$V$10117,21,FALSE)) -> 218 | F54: =IF(B54=0,"",VLOOKUP(B54,APU!$B$12:$G$1048576,6,FALSE)) -> 54332 | G54: =ROUND((+PRODUCT(E54:F54)),0) -> 11844376
B55: 1.6.3 | C55: =IF(B55=0,"",VLOOKUP(B55,APU!$B$12:$G$1048576,2,FALSE)) -> CORTE MECANIZADO DE PAVIMENTO 6 mm | D55: =IF(B55=0,"",VLOOKUP(B55,APU!$B$12:$G$1048576,3,FALSE)) -> ML | E55: =IF(B55=0,"",VLOOKUP(B55,Memorias!$B$15:$V$10117,21,FALSE)) -> 374 | F55: =IF(B55=0,"",VLOOKUP(B55,APU!$B$12:$G$1048576,6,FALSE)) -> 8866 | G55: =ROUND((+PRODUCT(E55:F55)),0) -> 3315884
B56: 1.6.4 | C56: =IF(B56=0,"",VLOOKUP(B56,APU!$B$12:$G$1048576,2,FALSE)) -> SUMINISTRO, TRANSPORTE E INSTALACION SELLO DE JUNTA ELASTOMERICO EN PAVIMENTO RIGIDO 6mm | D56: =IF(B56=0,"",VLOOKUP(B56,APU!$B$12:$G$1048576,3,FALSE)) -> ML | E56: =IF(B56=0,"",VLOOKUP(B56,Memorias!$B$15:$V$10117,21,FALSE)) -> 374 | F56: =IF(B56=0,"",VLOOKUP(B56,APU!$B$12:$G$1048576,6,FALSE)) -> 8523 | G56: =ROUND((+PRODUCT(E56:F56)),0) -> 3187602
B57: 1.6.5 | C57: =IF(B57=0,"",VLOOKUP(B57,APU!$B$12:$G$1048576,2,FALSE)) -> SUMINISTRO, TRANSPORTE E INSTALACIÓN DE ANTISOL PARA LOSA DE CONCRETO. | D57: =IF(B57=0,"",VLOOKUP(B57,APU!$B$12:$G$1048576,3,FALSE)) -> M2 | E57: =IF(B57=0,"",VLOOKUP(B57,Memorias!$B$15:$V$10117,21,FALSE)) -> 725 | F57: =IF(B57=0,"",VLOOKUP(B57,APU!$B$12:$G$1048576,6,FALSE)) -> 7357 | G57: =ROUND((+PRODUCT(E57:F57)),0) -> 5333825
B58: 1.6.6 | C58: =IF(B58=0,"",VLOOKUP(B58,APU!$B$12:$G$1048576,2,FALSE)) -> SUMINISTRO, TRANSPORTE E INSTALACIÓN DE ACELERANTE A 7 DIAS PARA CONCRETO MR 42 | D58: =IF(B58=0,"",VLOOKUP(B58,APU!$B$12:$G$1048576,3,FALSE)) -> M3 | E58: =IF(B58=0,"",VLOOKUP(B58,Memorias!$B$15:$V$10117,21,FALSE)) -> 131 | F58: =IF(B58=0,"",VLOOKUP(B58,APU!$B$12:$G$1048576,6,FALSE)) -> 101263 | G58: =ROUND((+PRODUCT(E58:F58)),0) -> 13265453
B59: 1.6.7 | C59: =IF(B59=0,"",VLOOKUP(B59,APU!$B$12:$G$1048576,2,FALSE)) -> SUMINISTRO TRANSPORTE E INSTALACION DE ICOPOR PARA DILATACION EN ESTRUCTURAS - (PAV ANTIGUO CON NUEVO) | D59: =IF(B59=0,"",VLOOKUP(B59,APU!$B$12:$G$1048576,3,FALSE)) -> ML | E59: =IF(B59=0,"",VLOOKUP(B59,Memorias!$B$15:$V$10117,21,FALSE)) -> 79 | F59: =IF(B59=0,"",VLOOKUP(B59,APU!$B$12:$G$1048576,6,FALSE)) -> 4479.72 | G59: =ROUND((+PRODUCT(E59:F59)),0) -> 353898
B60: 1.6.8 | C60: =IF(B60=0,"",VLOOKUP(B60,APU!$B$12:$G$1048576,2,FALSE)) -> SUMINISTRO, TRANSPORTE E INSTALACION ANCLAJE EPOXICO 1/2" L=15 cm (Incluye perforación y adhesivo epóxico) | D60: =IF(B60=0,"",VLOOKUP(B60,APU!$B$12:$G$1048576,3,FALSE)) -> UND | E60: =IF(B60=0,"",VLOOKUP(B60,Memorias!$B$15:$V$10117,21,FALSE)) -> 40 | F60: =IF(B60=0,"",VLOOKUP(B60,APU!$B$12:$G$1048576,6,FALSE)) -> 18833.7 | G60: =ROUND((+PRODUCT(E60:F60)),0) -> 753348
B62: 1.7 | C62: =IF(B62=0,"",VLOOKUP(B62,APU!$B$12:$G$1048576,2,FALSE)) -> ACERO DE REFUERZO | G62: =SUM(G63:G65) -> 23793861
B63: 1.7.1 | C63: =IF(B63=0,"",VLOOKUP(B63,APU!$B$12:$G$1048576,2,FALSE)) -> SUMINISTRO, TRANSPORTE E INSTALACIÓN DE ACERO DE REFUERZO FY = 60.000 PSI = 420 MPA (INCLUYE ALAMBRE NEGRO Y FIGURACIÓN) | D63: =IF(B63=0,"",VLOOKUP(B63,APU!$B$12:$G$1048576,3,FALSE)) -> KG | E63: =+Memorias!V45 -> 953 | F63: =IF(B63=0,"",VLOOKUP(B63,APU!$B$12:$G$1048576,6,FALSE)) -> 9586 | G63: =ROUND((+PRODUCT(E63:F63)),0) -> 9135458
B64: 1.7.2 | C64: CANASTILLA DE SOPORTE DE DOVELAS EN HIERRO 1/4" | D64: =IF(B64=0,"",VLOOKUP(B64,APU!$B$12:$G$1048576,3,FALSE)) -> ML | E64: =+Memorias!V46 -> 161 | F64: =IF(B64=0,"",VLOOKUP(B64,APU!$B$12:$G$1048576,6,FALSE)) -> 20099 | G64: =ROUND((+PRODUCT(E64:F64)),0) -> 3235939
B65: 1.7.3 | C65: =IF(B65=0,"",VLOOKUP(B65,APU!$B$12:$G$1048576,2,FALSE)) -> DOVELAS DE ACERO LISO 60000 PSI PARA PAVIMENTOS | D65: =IF(B65=0,"",VLOOKUP(B65,APU!$B$12:$G$1048576,3,FALSE)) -> KG | E65: =+Memorias!V47 -> 556 | F65: =IF(B65=0,"",VLOOKUP(B65,APU!$B$12:$G$1048576,6,FALSE)) -> 20544 | G65: =ROUND((+PRODUCT(E65:F65)),0) -> 11422464
B67: 1.8 | C67: =IF(B67=0,"",VLOOKUP(B67,APU!$B$12:$G$1048576,2,FALSE)) -> OBRAS EXTERIORES | G67: =SUM(G68:G71) -> 3666509
B68: 1.8.1 | C68: =IF(B68=0,"",VLOOKUP(B68,APU!$B$12:$G$1048576,2,FALSE)) -> ARO TAPA HF D=0.68 M. P/CÁMARA DE INSPECCIÓN | D68: =IF(B68=0,"",VLOOKUP(B68,APU!$B$12:$G$1048576,3,FALSE)) -> UND | E68: =+Memorias!V50 -> 1 | F68: =IF(B68=0,"",VLOOKUP(B68,APU!$B$12:$G$1048576,6,FALSE)) -> 710884 | G68: =ROUND((+PRODUCT(E68:F68)),0) -> 710884
B69: 1.8.2 | C69: =IF(B69=0,"",VLOOKUP(B69,APU!$B$12:$G$1048576,2,FALSE)) -> PLAN DE MANEJO DE TRÁNSITO | D69: =IF(B69=0,"",VLOOKUP(B69,APU!$B$12:$G$1048576,3,FALSE)) -> GLB | E69: =+Memorias!V51 -> 1 | F69: =IF(B69=0,"",VLOOKUP(B69,APU!$B$12:$G$1048576,6,FALSE)) -> 2000000 | G69: =ROUND((+PRODUCT(E69:F69)),0) -> 2000000
B70: 1.8.3 | C70: =IF(B70=0,"",VLOOKUP(B70,APU!$B$12:$G$1048576,2,FALSE)) -> REALCE DE CÁMARA CIRCULAR DE INSPECCIÓN/CAÍDA D=1.20 M. EN CONCRETO CLASE II | D70: =IF(B70=0,"",VLOOKUP(B70,APU!$B$12:$G$1048576,3,FALSE)) -> M3 | E70: =+Memorias!V52 -> 1 | F70: =IF(B70=0,"",VLOOKUP(B70,APU!$B$12:$G$1048576,6,FALSE)) -> 552690 | G70: =ROUND((+PRODUCT(E70:F70)),0) -> 552690
B71: 1.8.4 | C71: =IF(B71=0,"",VLOOKUP(B71,APU!$B$12:$G$1048576,2,FALSE)) -> SUMINISTRO, TRANSPORTE E INSTALACION DEMARCACION PASOS PEATONALES, LINEAS DE PARE, SIMBOLOS, TEXTOS Y OTRAS, CON PINTURA ACRILICA BASE SOLVENTE. | D71: =IF(B71=0,"",VLOOKUP(B71,APU!$B$12:$G$1048576,3,FALSE)) -> M2 | E71: 13 | F71: =IF(B71=0,"",VLOOKUP(B71,APU!$B$12:$G$1048576,6,FALSE)) -> 30995 | G71: =ROUND((+PRODUCT(E71:F71)),0) -> 402935
B73: TOTAL COSTO DIRECTO PAVIMENTO: | G73: =+SUM(G33:G71)/2 -> 240591137
B75: =+APU!#REF! -> #REF! | C75: =+APU!#REF! -> #REF!
B77: 2.1 | C77: =IF(B77=0,"",VLOOKUP(B77,APU!$B$12:$G$1048576,2,FALSE)) -> #N/A | G77: =SUM(G78:G78) -> #N/A
B78: 2.1.1 | C78: =IF(B78=0,"",VLOOKUP(B78,APU!$B$12:$G$1048576,2,FALSE)) -> #N/A | D78: =IF(B78=0,"",VLOOKUP(B78,APU!$B$12:$G$1048576,3,FALSE)) -> #N/A | E78: =IF(B78=0,"",VLOOKUP(B78,Memorias!$B$15:$V$10117,21,FALSE)) -> #N/A | F78: =IF(B78=0,"",VLOOKUP(B78,APU!$B$12:$G$1048576,6,FALSE)) -> #N/A | G78: =ROUND((+PRODUCT(E78:F78)),0) -> #N/A
B80: 2.2 | C80: =IF(B80=0,"",VLOOKUP(B80,APU!$B$12:$G$1048576,2,FALSE)) -> #N/A | G80: =SUM(G81:G85) -> #N/A
B81: 2.2.1 | C81: =IF(B81=0,"",VLOOKUP(B81,APU!$B$12:$G$1048576,2,FALSE)) -> #N/A | D81: =IF(B81=0,"",VLOOKUP(B81,APU!$B$12:$G$1048576,3,FALSE)) -> #N/A | E81: =IF(B81=0,"",VLOOKUP(B81,Memorias!$B$15:$V$10117,21,FALSE)) -> #N/A | F81: =IF(B81=0,"",VLOOKUP(B81,APU!$B$12:$G$1048576,6,FALSE)) -> #N/A | G81: =ROUND((+PRODUCT(E81:F81)),0) -> #N/A | H81: FALTA EXCAVACION PARA ACUEDUCTO
B82: 2.2.2 | C82: =IF(B82=0,"",VLOOKUP(B82,APU!$B$12:$G$1048576,2,FALSE)) -> #N/A | D82: =IF(B82=0,"",VLOOKUP(B82,APU!$B$12:$G$1048576,3,FALSE)) -> #N/A | E82: =IF(B82=0,"",VLOOKUP(B82,Memorias!$B$15:$V$10117,21,FALSE)) -> #N/A | F82: =IF(B82=0,"",VLOOKUP(B82,APU!$B$12:$G$1048576,6,FALSE)) -> #N/A | G82: =ROUND((+PRODUCT(E82:F82)),0) -> #N/A
B83: 2.2.3 | C83: =IF(B83=0,"",VLOOKUP(B83,APU!$B$12:$G$1048576,2,FALSE)) -> #N/A | D83: =IF(B83=0,"",VLOOKUP(B83,APU!$B$12:$G$1048576,3,FALSE)) -> #N/A | E83: =IF(B83=0,"",VLOOKUP(B83,Memorias!$B$15:$V$10117,21,FALSE)) -> #N/A | F83: =IF(B83=0,"",VLOOKUP(B83,APU!$B$12:$G$1048576,6,FALSE)) -> #N/A | G83: =ROUND((+PRODUCT(E83:F83)),0) -> #N/A
B84: 2.2.4 | C84: =IF(B84=0,"",VLOOKUP(B84,APU!$B$12:$G$1048576,2,FALSE)) -> #N/A | D84: =IF(B84=0,"",VLOOKUP(B84,APU!$B$12:$G$1048576,3,FALSE)) -> #N/A | E84: =IF(B84=0,"",VLOOKUP(B84,Memorias!$B$15:$V$10117,21,FALSE)) -> #N/A | F84: =IF(B84=0,"",VLOOKUP(B84,APU!$B$12:$G$1048576,6,FALSE)) -> #N/A | G84: =ROUND((+PRODUCT(E84:F84)),0) -> #N/A
B85: 2.2.5 | C85: =IF(B85=0,"",VLOOKUP(B85,APU!$B$12:$G$1048576,2,FALSE)) -> #N/A | D85: =IF(B85=0,"",VLOOKUP(B85,APU!$B$12:$G$1048576,3,FALSE)) -> #N/A | E85: =IF(B85=0,"",VLOOKUP(B85,Memorias!$B$15:$V$10117,21,FALSE)) -> #N/A | F85: =IF(B85=0,"",VLOOKUP(B85,APU!$B$12:$G$1048576,6,FALSE)) -> #N/A | G85: =ROUND((+PRODUCT(E85:F85)),0) -> #N/A
B87: 2.3 | C87: =IF(B87=0,"",VLOOKUP(B87,APU!$B$12:$G$1048576,2,FALSE)) -> #N/A | G87: =SUM(G88:G88) -> #N/A
B88: 2.3.1 | C88: =IF(B88=0,"",VLOOKUP(B88,APU!$B$12:$G$1048576,2,FALSE)) -> #N/A | D88: =IF(B88=0,"",VLOOKUP(B88,APU!$B$12:$G$1048576,3,FALSE)) -> #N/A | E88: =IF(B88=0,"",VLOOKUP(B88,Memorias!$B$15:$V$10117,21,FALSE)) -> #N/A | F88: =IF(B88=0,"",VLOOKUP(B88,APU!$B$12:$G$1048576,6,FALSE)) -> #N/A | G88: =ROUND((+PRODUCT(E88:F88)),0) -> #N/A
B90: 2.4 | C90: =IF(B90=0,"",VLOOKUP(B90,APU!$B$12:$G$1048576,2,FALSE)) -> #N/A | G90: =SUM(G91:G100) -> #N/A
B91: 2.4.1 | C91: =IF(B91=0,"",VLOOKUP(B91,APU!$B$12:$G$1048576,2,FALSE)) -> #N/A | D91: =IF(B91=0,"",VLOOKUP(B91,APU!$B$12:$G$1048576,3,FALSE)) -> #N/A | E91: =IF(B91=0,"",VLOOKUP(B91,Memorias!$B$15:$V$10117,21,FALSE)) -> #N/A | F91: =IF(B91=0,"",VLOOKUP(B91,APU!$B$12:$G$1048576,6,FALSE)) -> #N/A | G91: =ROUND((+PRODUCT(E91:F91)),0) -> #N/A
B92: 2.4.2 | C92: =IF(B92=0,"",VLOOKUP(B92,APU!$B$12:$G$1048576,2,FALSE)) -> #N/A | D92: =IF(B92=0,"",VLOOKUP(B92,APU!$B$12:$G$1048576,3,FALSE)) -> #N/A | E92: =IF(B92=0,"",VLOOKUP(B92,Memorias!$B$15:$V$10117,21,FALSE)) -> #N/A | F92: =IF(B92=0,"",VLOOKUP(B92,APU!$B$12:$G$1048576,6,FALSE)) -> #N/A | G92: =ROUND((+PRODUCT(E92:F92)),0) -> #N/A
B93: 2.4.3 | C93: =IF(B93=0,"",VLOOKUP(B93,APU!$B$12:$G$1048576,2,FALSE)) -> #N/A | D93: =IF(B93=0,"",VLOOKUP(B93,APU!$B$12:$G$1048576,3,FALSE)) -> #N/A | E93: =IF(B93=0,"",VLOOKUP(B93,Memorias!$B$15:$V$10117,21,FALSE)) -> #N/A | F93: =IF(B93=0,"",VLOOKUP(B93,APU!$B$12:$G$1048576,6,FALSE)) -> #N/A | G93: =ROUND((+PRODUCT(E93:F93)),0) -> #N/A
B94: 2.4.4 | C94: =IF(B94=0,"",VLOOKUP(B94,APU!$B$12:$G$1048576,2,FALSE)) -> #N/A | D94: =IF(B94=0,"",VLOOKUP(B94,APU!$B$12:$G$1048576,3,FALSE)) -> #N/A | E94: =IF(B94=0,"",VLOOKUP(B94,Memorias!$B$15:$V$10117,21,FALSE)) -> #N/A | F94: =IF(B94=0,"",VLOOKUP(B94,APU!$B$12:$G$1048576,6,FALSE)) -> #N/A | G94: =ROUND((+PRODUCT(E94:F94)),0) -> #N/A
B95: 2.4.5 | C95: =IF(B95=0,"",VLOOKUP(B95,APU!$B$12:$G$1048576,2,FALSE)) -> #N/A | D95: =IF(B95=0,"",VLOOKUP(B95,APU!$B$12:$G$1048576,3,FALSE)) -> #N/A | E95: =IF(B95=0,"",VLOOKUP(B95,Memorias!$B$15:$V$10117,21,FALSE)) -> #N/A | F95: =IF(B95=0,"",VLOOKUP(B95,APU!$B$12:$G$1048576,6,FALSE)) -> #N/A | G95: =ROUND((+PRODUCT(E95:F95)),0) -> #N/A
B96: 2.4.6 | C96: =IF(B96=0,"",VLOOKUP(B96,APU!$B$12:$G$1048576,2,FALSE)) -> #N/A | D96: =IF(B96=0,"",VLOOKUP(B96,APU!$B$12:$G$1048576,3,FALSE)) -> #N/A | E96: =IF(B96=0,"",VLOOKUP(B96,Memorias!$B$15:$V$10117,21,FALSE)) -> #N/A | F96: =IF(B96=0,"",VLOOKUP(B96,APU!$B$12:$G$1048576,6,FALSE)) -> #N/A | G96: =ROUND((+PRODUCT(E96:F96)),0) -> #N/A
B97: 2.4.7 | C97: =IF(B97=0,"",VLOOKUP(B97,APU!$B$12:$G$1048576,2,FALSE)) -> #N/A | D97: =IF(B97=0,"",VLOOKUP(B97,APU!$B$12:$G$1048576,3,FALSE)) -> #N/A | E97: =IF(B97=0,"",VLOOKUP(B97,Memorias!$B$15:$V$10117,21,FALSE)) -> #N/A | F97: =IF(B97=0,"",VLOOKUP(B97,APU!$B$12:$G$1048576,6,FALSE)) -> #N/A | G97: =ROUND((+PRODUCT(E97:F97)),0) -> #N/A
B98: 2.4.8 | C98: =IF(B98=0,"",VLOOKUP(B98,APU!$B$12:$G$1048576,2,FALSE)) -> #N/A | D98: =IF(B98=0,"",VLOOKUP(B98,APU!$B$12:$G$1048576,3,FALSE)) -> #N/A | E98: =IF(B98=0,"",VLOOKUP(B98,Memorias!$B$15:$V$10117,21,FALSE)) -> #N/A | F98: =IF(B98=0,"",VLOOKUP(B98,APU!$B$12:$G$1048576,6,FALSE)) -> #N/A | G98: =ROUND((+PRODUCT(E98:F98)),0) -> #N/A
B99: 2.4.9 | C99: =IF(B99=0,"",VLOOKUP(B99,APU!$B$12:$G$1048576,2,FALSE)) -> #N/A | D99: =IF(B99=0,"",VLOOKUP(B99,APU!$B$12:$G$1048576,3,FALSE)) -> #N/A | E99: =IF(B99=0,"",VLOOKUP(B99,Memorias!$B$15:$V$10117,21,FALSE)) -> #N/A | F99: =IF(B99=0,"",VLOOKUP(B99,APU!$B$12:$G$1048576,6,FALSE)) -> #N/A | G99: =ROUND((+PRODUCT(E99:F99)),0) -> #N/A
B100: 2.4.10 | C100: =IF(B100=0,"",VLOOKUP(B100,APU!$B$12:$G$1048576,2,FALSE)) -> #N/A | D100: =IF(B100=0,"",VLOOKUP(B100,APU!$B$12:$G$1048576,3,FALSE)) -> #N/A | E100: =IF(B100=0,"",VLOOKUP(B100,Memorias!$B$15:$V$10117,21,FALSE)) -> #N/A | F100: =IF(B100=0,"",VLOOKUP(B100,APU!$B$12:$G$1048576,6,FALSE)) -> #N/A | G100: =ROUND((+PRODUCT(E100:F100)),0) -> #N/A
B102: 2.5 | C102: =IF(B102=0,"",VLOOKUP(B102,APU!$B$12:$G$1048576,2,FALSE)) -> #N/A | G102: =SUM(G103:G106) -> #N/A
B103: 2.5.1 | C103: =IF(B103=0,"",VLOOKUP(B103,APU!$B$12:$G$1048576,2,FALSE)) -> #N/A | D103: =IF(B103=0,"",VLOOKUP(B103,APU!$B$12:$G$1048576,3,FALSE)) -> #N/A | E103: =IF(B103=0,"",VLOOKUP(B103,Memorias!$B$15:$V$10117,21,FALSE)) -> #N/A | F103: =IF(B103=0,"",VLOOKUP(B103,APU!$B$12:$G$1048576,6,FALSE)) -> #N/A | G103: =ROUND((+PRODUCT(E103:F103)),0) -> #N/A
B104: 2.5.2 | C104: =IF(B104=0,"",VLOOKUP(B104,APU!$B$12:$G$1048576,2,FALSE)) -> #N/A | D104: =IF(B104=0,"",VLOOKUP(B104,APU!$B$12:$G$1048576,3,FALSE)) -> #N/A | E104: =IF(B104=0,"",VLOOKUP(B104,Memorias!$B$15:$V$10117,21,FALSE)) -> #N/A | F104: =IF(B104=0,"",VLOOKUP(B104,APU!$B$12:$G$1048576,6,FALSE)) -> #N/A | G104: =ROUND((+PRODUCT(E104:F104)),0) -> #N/A
B105: 2.5.3 | C105: =IF(B105=0,"",VLOOKUP(B105,APU!$B$12:$G$1048576,2,FALSE)) -> #N/A | D105: =IF(B105=0,"",VLOOKUP(B105,APU!$B$12:$G$1048576,3,FALSE)) -> #N/A | E105: =IF(B105=0,"",VLOOKUP(B105,Memorias!$B$15:$V$10117,21,FALSE)) -> #N/A | F105: =IF(B105=0,"",VLOOKUP(B105,APU!$B$12:$G$1048576,6,FALSE)) -> #N/A | G105: =ROUND((+PRODUCT(E105:F105)),0) -> #N/A
B106: 2.5.4 | C106: =IF(B106=0,"",VLOOKUP(B106,APU!$B$12:$G$1048576,2,FALSE)) -> #N/A | D106: =IF(B106=0,"",VLOOKUP(B106,APU!$B$12:$G$1048576,3,FALSE)) -> #N/A | E106: =IF(B106=0,"",VLOOKUP(B106,Memorias!$B$15:$V$10117,21,FALSE)) -> #N/A | F106: =IF(B106=0,"",VLOOKUP(B106,APU!$B$12:$G$1048576,6,FALSE)) -> #N/A | G106: =ROUND((+PRODUCT(E106:F106)),0) -> #N/A
B107: 2.5.6 | C107: =IF(B107=0,"",VLOOKUP(B107,APU!$B$12:$G$1048576,2,FALSE)) -> #N/A | D107: =IF(B107=0,"",VLOOKUP(B107,APU!$B$12:$G$1048576,3,FALSE)) -> #N/A | E107: =IF(B107=0,"",VLOOKUP(B107,Memorias!$B$15:$V$10117,21,FALSE)) -> #N/A | F107: =IF(B107=0,"",VLOOKUP(B107,APU!$B$12:$G$1048576,6,FALSE)) -> #N/A | G107: =ROUND((+PRODUCT(E107:F107)),0) -> #N/A | H107: FALTA VALVULAS
B110: TOTAL COSTO DIRECTO ALCANTARILLADO Y ACUEDUCTO: | G110: =+G77+G80+G87+G90+G102 -> #N/A
B112: TOTAL COSTO DIRECTO ALCANTARILLADO Y ACUEDUCTO: | G112: =+G110+G73 -> #N/A
F114: COSTOS INDIRECTOS
B115: Administración: | F115: =+'Anális AIU'!K53 -> 0.3 | G115: =+G73*F115 -> 72177341
B116: Imprevistos: | F116: =+'Anális AIU'!K55 -> 0 | G116: 0
B117: Utilidad: | F117: =+'Anális AIU'!K56 -> 0.05 | G117: =+G73*F117 -> 12029557
B118: SUBTOTAL AIU: | F118: =SUM(F115:F117) -> 0.35 | G118: =+G73*F118 -> 84206898
B120: TOTAL PRESUPUESTO: | G120: =+ROUNDUP(G73+G118,0) -> 324798035
B122: VALOR TOTAL EN LETRAS:
B123: TRESCIENTOS VEINTICUATRO MILLONES SETECIENTOS NOVENTA Y OCHO MIL TREINTA Y CINCO PESOS
B124: NOTA 1: Todos los items, incluyen el Suministro, Transporte e Instalación.
B125: NOTA 2: Se debe tener en cuenta que el PRECIO UNITARIO incluye el valor del IVA (19%).
B126: NOTA 3: Cuando la fracción decimal del peso sea igual o superior a 5 se aproximara por exceso al número entero siguiente del peso y cuando la fracción decimal del peso sea inferior a 5 se aproximará por defecto al número entero del peso.
B127: NOTA 4: El control de tráfico temporal y la señalización provisional necesarios para la ejecución de las obras será por cuenta y riesgo del contratista.

Sheet APU_SANTA ANA
B3: =+Presupuesto!B3:G3 -> CONSTRUCCIÓN DE PAVIMENTO EN CONCRETO
B4: =+Presupuesto!B4:G4 -> 0
B6: =+Presupuesto!B5:G5 -> CRA 3 ENTRE CALLE 10A Y 12A VILLAMARÍA, CALDAS
B8: ANÁLISIS DE PRECIOS UNITARIOS - (APU)
F9: Fecha: | G9: 44347
B32: =+B4 -> 0
B34: ITEM | C34: DESCRIPCIÓN | D34: UNIDAD | E34: CANTIDAD | F34: VALOR UNITARIO | G34: VALOR PARCIAL
B36: 1 | C36: Preliminares
B38: 1.01 | C38: Localización y replanteo de Vias. Incluye eje de via y laterales con andenes | D38: ml | G38: =+ROUND(SUM(G39:G43),0) -> 3333
C39: EQUIPO BASICO ( HERRAMIENTA MENOR ) | D39: und | E39: 0.05 | F39: 3017 | G39: =ROUND((+PRODUCT(E39:F39)),0) -> 151
C40: LATA DE GUADUA | D40: und | E40: 1 | F40: 398 | G40: =ROUND((+PRODUCT(E40:F40)),0) -> 398
C41: PINTURA ACRILICA PARA TRAFICO TIPO PINTUCO (PINTUTRÁFICO) O SIMILAR - COLORES: BLANCO, AMARILLO O NEGRO SEGÚN DISEÑO. | D41: gal | E41: 0.008 | F41: 91660 | G41: =ROUND((+PRODUCT(E41:F41)),0) -> 733
C42: PUNTILLA CON CABEZA 2" | D42: lb | E42: 0.01 | F42: 3585 | G42: =ROUND((+PRODUCT(E42:F42)),0) -> 36
C43: COMISION TOPOGRAFICA (INCLUYE TOPOGRAFO, CADENERO Y EQUIPO TOPOGRAFÍA (ESTACIÓN Y NIVEL)). | D43: dia | E43: 0.004 | F43: 503805 | G43: =ROUND((+PRODUCT(E43:F43)),0) -> 2015
B45: 1.02 | C45: Descapote Manual e=0.20 m. | D45: m2 | G45: =+ROUND(SUM(G46:G49),0) -> 2150
C46: EQUIPO BASICO ( HERRAMIENTA MENOR ) | D46: und | E46: 0.09 | F46: 3017 | G46: =ROUND((+PRODUCT(E46:F46)),0) -> 272
C47: CUADRILLA AA TIPO 1 (1 OFICIAL + 1 AYUDANTE) (Albañileria) | D47: hr | E47: 0.09 | F47: 18146 | G47: =ROUND((+PRODUCT(E47:F47)),0) -> 1633
C48: VOLQUETA 6M3 (CARGUE A MANO) | D48: vje | E48: 0.001 | F48: 118086 | G48: =ROUND((+PRODUCT(E48:F48)),0) -> 118
C49: ACARREO INTERNO | D49: und | E49: 0.096 | F49: 1326 | G49: =ROUND((+PRODUCT(E49:F49)),0) -> 127
B51: 1.03 | C51: Nivelacion y Limpieza | D51: m2 | G51: =+ROUND(SUM(G52:G55),0) -> 5762
C52: EQUIPO BASICO ( HERRAMIENTA MENOR ) | D52: und | E52: 0.25 | F52: 3017 | G52: =ROUND((+PRODUCT(E52:F52)),0) -> 754
C53: CUADRILLA AA TIPO 1 (1 OFICIAL + 1 AYUDANTE) (Albañileria) | D53: hr | E53: 0.25 | F53: 18146 | G53: =ROUND((+PRODUCT(E53:F53)),0) -> 4537
C54: VOLQUETA 6M3 (CARGUE A MANO) | D54: vje | E54: 0.001 | F54: 118086 | G54: =ROUND((+PRODUCT(E54:F54)),0) -> 118
C55: ACARREO INTERNO | D55: und | E55: 0.266 | F55: 1326 | G55: =ROUND((+PRODUCT(E55:F55)),0) -> 353
B57: 1.04 | C57: Barrera con bombones en guadua y Cinta de Seguridad | D57: ml | G57: =+ROUND(SUM(G58:G66),0) -> 5825
C58: EQUIPO BASICO ( HERRAMIENTA MENOR ) | D58: und | E58: 0.1 | F58: 3017 | G58: =ROUND((+PRODUCT(E58:F58)),0) -> 302
C59: CUADRILLA AA TIPO 1 (1 OFICIAL + 1 AYUDANTE) (Albañileria) | D59: hr | E59: 0.1 | F59: 18146 | G59: =ROUND((+PRODUCT(E59:F59)),0) -> 1815
C60: FORMALETA PARA BASE DE CONCRETO | D60: und | E60: 0.03 | F60: 4150 | G60: =ROUND((+PRODUCT(E60:F60)),0) -> 125
C61: GUADUA SOBREBASA L= 1.50 MT. 3 USOS | D61: und | E61: 0.06 | F61: 4640 | G61: =ROUND((+PRODUCT(E61:F61)),0) -> 278
C62: CINTA REFLECTIVA DE SEGURIDAD (2 HILERAS) | D62: m | E62: 2.3 | F62: 114 | G62: =ROUND((+PRODUCT(E62:F62)),0) -> 262
C63: CONCRETO 2500 psi - 17.5 Mpa | D63: m3 | E63: 0.004 | F63: 382222 | G63: =ROUND((+PRODUCT(E63:F63)),0) -> 1529
C64: ACARREO INTERNO | D64: und | E64: 0.106 | F64: 1326 | G64: =ROUND((+PRODUCT(E64:F64)),0) -> 141
C65: EQUIPO DE TRANSPORTE | D65: dia | E65: 0.00031 | F65: 131206 | G65: =ROUND((+PRODUCT(E65:F65)),0) -> 41
C66: ESMALTE SINTETICO PINTULUX - TIPO PINTUCO REF. SEGÚN COLOR DISEÑO O SIMILAR | D66: gal | E66: 0.015 | F66: 88790 | G66: =ROUND((+PRODUCT(E66:F66)),0) -> 1332
B68: 1.05 | C68: Corte Mecanizado de Pavimento 0.07 m | D68: ml | G68: =+ROUND(SUM(G69:G72),0) -> 7414
C69: EQUIPO BASICO ( HERRAMIENTA MENOR ) | D69: und | E69: 0.27 | F69: 3017 | G69: =ROUND((+PRODUCT(E69:F69)),0) -> 815
C70: CUADRILLA AA TIPO 1 (1 OFICIAL + 1 AYUDANTE) (Albañileria) | D70: hr | E70: 0.27 | F70: 18146 | G70: =ROUND((+PRODUCT(E70:F70)),0) -> 4899
C71: CORTADORA DE CONCRETO | D71: hr | E71: 0.4 | F71: 2767 | G71: =ROUND((+PRODUCT(E71:F71)),0) -> 1107
C72: ACARREO INTERNO | D72: und | E72: 0.447 | F72: 1326 | G72: =ROUND((+PRODUCT(E72:F72)),0) -> 593
B74: 1.06 | C74: Demolición de Estructuras de Concreto Hidráulico | D74: m3 | G74: =+ROUND(SUM(G75:G79),0) -> 116131
C75: EQUIPO BASICO ( HERRAMIENTA MENOR ) | D75: und | E75: 0.4 | F75: 3017 | G75: =ROUND((+PRODUCT(E75:F75)),0) -> 1207
C76: CUADRILLA AA TIPO 4 (1 OFICIAL + 4 AYUDANTE) (Albañileria) | D76: hr | E76: 0.4 | F76: 39083 | G76: =ROUND((+PRODUCT(E76:F76)),0) -> 15633
C77: VOLQUETA 6M3 (CARGUE A MANO) | D77: vje | E77: 0.25 | F77: 118086 | G77: =ROUND((+PRODUCT(E77:F77)),0) -> 29522
C78: COMPRESOR 2 MARTILLOS (INCLUYE ACPM Y TRANSPORTE) | D78: hr | E78: 0.9 | F78: 76108 | G78: =ROUND((+PRODUCT(E78:F78)),0) -> 68497
C79: ACARREO INTERNO | D79: und | E79: 0.9596 | F79: 1326 | G79: =ROUND((+PRODUCT(E79:F79)),0) -> 1272
B81: 1.07 | C81: Demolición de Andenes y sardineles en concreto Hidráulico | D81: m3 | G81: =+ROUND(SUM(G82:G85),0) -> 71009
C82: EQUIPO BASICO ( HERRAMIENTA MENOR ) | D82: und | E82: 0.78 | F82: 3017 | G82: =ROUND((+PRODUCT(E82:F82)),0) -> 2353
C83: CUADRILLA AA TIPO 1 (1 OFICIAL + 1 AYUDANTE) (Albañileria) | D83: hr | E83: 0.78 | F83: 18146 | G83: =ROUND((+PRODUCT(E83:F83)),0) -> 14154
C84: COMPRESOR 2 MARTILLOS (INCLUYE ACPM Y TRANSPORTE) | D84: hr | E84: 0.7 | F84: 76108 | G84: =ROUND((+PRODUCT(E84:F84)),0) -> 53276
C85: ACARREO INTERNO | D85: und | E85: 0.9245 | F85: 1326 | G85: =ROUND((+PRODUCT(E85:F85)),0) -> 1226
B87: 1.08 | C87: Evacuación escombros y sobrantes en vehículo automotor medido en banco | D87: m3 | G87: =+ROUND(SUM(G88:G92),0) -> 39155
C88: EQUIPO BASICO ( HERRAMIENTA MENOR ) | D88: und | E88: 0.3 | F88: 3017 | G88: =ROUND((+PRODUCT(E88:F88)),0) -> 905
C89: CUADRILLA AA TIPO 2 (1 OFICIAL + 2 AYUDANTE) (Albañileria) | D89: hr | E89: 0.3 | F89: 25125 | G89: =ROUND((+PRODUCT(E89:F89)),0) -> 7538
C90: VOLQUETA 6M3 (CARGUE A MANO) | D90: vje | E90: 0.25 | F90: 118086 | G90: =ROUND((+PRODUCT(E90:F90)),0) -> 29522
C91: PERMISO USO DE ESCOMBRERA | D91: m3 | E91: 1 | F91: 699 | G91: =ROUND((+PRODUCT(E91:F91)),0) -> 699
C92: ACARREO INTERNO | D92: und | E92: 0.37 | F92: 1326 | G92: =ROUND((+PRODUCT(E92:F92)),0) -> 491
B94: 2 | C94: Movimiento de Tierras
B96: 2.01 | C96: Excavación para Estructuras - Material Común - 0.0 a 2.0 m | D96: m3 | G96: =+ROUND(SUM(G97:G99),0) -> 29813
C97: EQUIPO BASICO ( HERRAMIENTA MENOR ) | D97: und | E97: 0.4 | F97: 3017 | G97: =ROUND((+PRODUCT(E97:F97)),0) -> 1207
C98: MOTOBOMBA DE 2" A GASOLINA | D98: dia | E98: 0.02 | F98: 48432 | G98: =ROUND((+PRODUCT(E98:F98)),0) -> 969
C99: CUADRILLA AA TIPO 5 (1 OFICIAL + 5 AYUDANTE) (Albañileria) | D99: hr | E99: 0.6 | F99: 46062 | G99: =ROUND((+PRODUCT(E99:F99)),0) -> 27637
B101: 2.02 | C101: Excavación para Estructuras - Conglomerado - 0.0 a 2.0 m | D101: m3 | G101: =+ROUND(SUM(G102:G104),0) -> 38854
C102: EQUIPO BASICO ( HERRAMIENTA MENOR ) | D102: und | E102: 0.4 | F102: 3017 | G102: =ROUND((+PRODUCT(E102:F102)),0) -> 1207
C103: MOTOBOMBA DE 2" A GASOLINA | D103: dia | E103: 0.045 | F103: 48432 | G103: =ROUND((+PRODUCT(E103:F103)),0) -> 2179
C104: CUADRILLA AA TIPO 5 (1 OFICIAL + 5 AYUDANTE) (Albañileria) | D104: hr | E104: 0.77 | F104: 46062 | G104: =ROUND((+PRODUCT(E104:F104)),0) -> 35468
B106: 2.03 | C106: Retiro de Escombros en Volqueta, Cargue Manual | D106: m3 | G106: =+ROUND(SUM(G107:G109),0) -> 44772
C107: CUADRILLA AA TIPO 3 (1 OFICIAL + 3 AYUDANTE) (Albañileria) | D107: hr | E107: 0.217 | F107: 32104 | G107: =ROUND((+PRODUCT(E107:F107)),0) -> 6967
C108: EQUIPO BASICO ( HERRAMIENTA MENOR ) | D108: und | E108: 0.217 | F108: 3017 | G108: =ROUND((+PRODUCT(E108:F108)),0) -> 655
C109: VOLQUETA 6M3 (CARGUE A MANO) | D109: vje | E109: 0.3146 | F109: 118086 | G109: =ROUND((+PRODUCT(E109:F109)),0) -> 37150
B111: 2.04 | C111: Afirmado Compactado para Estructuras | D111: m3 | G111: =+ROUND(SUM(G112:G116),0) -> 134255
C112: EQUIPO BASICO ( HERRAMIENTA MENOR ) | D112: und | E112: 0.5 | F112: 3017 | G112: =ROUND((+PRODUCT(E112:F112)),0) -> 1509
C113: CUADRILLA AA TIPO 3 (1 OFICIAL + 3 AYUDANTE) (Albañileria) | D113: hr | E113: 0.3 | F113: 32104 | G113: =ROUND((+PRODUCT(E113:F113)),0) -> 9631
C114: AFIRMADO NORMA INVIAS | D114: m3 | E114: 1.4 | F114: 75000 | G114: =ROUND((+PRODUCT(E114:F114)),0) -> 105000
C115: VIBROCOMPACTADOR TIPO RANA | D115: dia | E115: 0.4 | F115: 43298 | G115: =ROUND((+PRODUCT(E115:F115)),0) -> 17319
C116: ACARREO INTERNO | D116: und | E116: 0.6 | F116: 1326 | G116: =ROUND((+PRODUCT(E116:F116)),0) -> 796
B118: 2.05 | C118: Afirmado Compactado para Andenes | D118: m3 | G118: =+ROUND(SUM(G119:G123),0) -> 143785
C119: CUADRILLA AA TIPO 3 (1 OFICIAL + 3 AYUDANTE) (Albañileria) | D119: hr | E119: 0.4 | F119: 32104 | G119: =ROUND((+PRODUCT(E119:F119)),0) -> 12842
C120: AFIRMADO NORMA INVIAS | D120: m3 | E120: 1.4 | F120: =+F114 -> 75000 | G120: =ROUND((+PRODUCT(E120:F120)),0) -> 105000
C121: VIBROCOMPACTADOR TIPO RANA | D121: dia | E121: 0.5 | F121: 43298 | G121: =ROUND((+PRODUCT(E121:F121)),0) -> 21649
C122: EQUIPO BASICO ( HERRAMIENTA MENOR ) | D122: und | E122: 0.5 | F122: 3017 | G122: =ROUND((+PRODUCT(E122:F122)),0) -> 1509
C123: ACARREO INTERNO | D123: und | E123: 2.1 | F123: 1326 | G123: =ROUND((+PRODUCT(E123:F123)),0) -> 2785
B125: 3 | C125: Tuberias
B127: 3.01 | C127: Sumidero Doble reja tipo Sifón en Concreto clase II - Incluye Aro-Tapa HD de 0.60 m. para cámara circular de inspección - anti ruido para tráfico pesado 40 ton (ncluye sistema de seguridad) | D127: und | G127: =+ROUND(SUM(G128:G140),0) -> 1709854
C128: equipo basico ( herramienta menor ) | D128: und | E128: 0.35 | F128: 3017 | G128: =ROUND((+PRODUCT(E128:F128)),0) -> 1056
C129: formaleta metalica para camara circular | D129: und | E129: 4.35 | F129: 1312 | G129: =ROUND((+PRODUCT(E129:F129)),0) -> 5707
C130: cuadrilla bb tipo 4 (1 oficial + 4 ayudante) (instalaciones) | D130: hr | E130: 5 | F130: 42992 | G130: =ROUND((+PRODUCT(E130:F130)),0) -> 214960
C131: curado del concreto | D131: m3 | E131: 0.1543 | F131: 2044 | G131: =ROUND((+PRODUCT(E131:F131)),0) -> 315
C132: concreto 3000 psi - 21 mpa | D132: m3 | E132: 0.5985 | F132: 465979 | G132: =ROUND((+PRODUCT(E132:F132)),0) -> 278888
C133: arena lavada de rio | D133: m3 | E133: 0.198 | F133: 100000 | G133: =ROUND((+PRODUCT(E133:F133)),0) -> 19800
C134: gravilla comun de rio | D134: m3 | E134: 0.43 | F134: 120000 | G134: =ROUND((+PRODUCT(E134:F134)),0) -> 51600
C135: agua m3 | D135: m3 | E135: 0.2 | F135: 2044 | G135: =ROUND((+PRODUCT(E135:F135)),0) -> 409
C136: acero 60.000 psi | D136: kg | E136: 12 | F136: =+F163 -> 6150 | G136: =ROUND((+PRODUCT(E136:F136)),0) -> 73800
C137: marco reja de varilla 1" a.r/ angulo/platina | D137: und | E137: 2 | F137: 157771 | G137: =ROUND((+PRODUCT(E137:F137)),0) -> 315542
C138: aro-tapa hd de 0,60 m sello elastico- llave-antiruido | D138: und | E138: 1 | F138: 698015 | G138: =ROUND((+PRODUCT(E138:F138)),0) -> 698015
C139: acarreo interno | D139: und | E139: 10 | F139: 1326 | G139: =ROUND((+PRODUCT(E139:F139)),0) -> 13260
C140: equipo de transporte | D140: dia | E140: 0.27820658 | F140: 131206 | G140: =ROUND((+PRODUCT(E140:F140)),0) -> 36502
B142: 4 | C142: Pisos – Bases – Rellenos
B144: 4.01 | C144: Relleno Compactado con Material de Obra | D144: m3 | G144: =+ROUND(SUM(G145:G148),0) -> 24852
C145: EQUIPO BASICO ( HERRAMIENTA MENOR ) | D145: und | E145: 0.5 | F145: 3017 | G145: =ROUND((+PRODUCT(E145:F145)),0) -> 1509
C146: CUADRILLA AA TIPO 3 (1 OFICIAL + 3 AYUDANTE) (Albañileria) | D146: hr | E146: 0.5 | F146: 32104 | G146: =ROUND((+PRODUCT(E146:F146)),0) -> 16052
...

Sheet APU_CANT._MATERIALES
B3: =+Presupuesto!B3:G3 -> CONSTRUCCIÓN DE PAVIMENTO EN CONCRETO
B4: =+Presupuesto!B4:G4 -> 0
B6: =+Presupuesto!B5:G5 -> CRA 3 ENTRE CALLE 10A Y 12A VILLAMARÍA, CALDAS
B8: CANTIDAD DE MATERIALES
F9: Fecha: | G9: 44370
B32: =+B4 -> 0
B34: ITEM | C34: DESCRIPCIÓN | D34: UNIDAD | E34: CANTIDAD | F34: VALOR UNITARIO | G34: VALOR PARCIAL
B36: 1 | C36: Preliminares
B38: 1.01 | C38: Localización y replanteo de Vias. Incluye eje de via y laterales con andenes | D38: ml | G38: =+ROUND(SUM(G39:G43),0) -> 585
C39: EQUIPO BASICO ( HERRAMIENTA MENOR ) | D39: und | E39: 0.05 | F39: 3017 | G39: =ROUND((+PRODUCT(E39:F39)),0) -> 151
C40: LATA DE GUADUA | D40: und | E40: 1 | F40: 398 | G40: =ROUND((+PRODUCT(E40:F40)),0) -> 398
C41: PINTURA ACRILICA PARA TRAFICO TIPO PINTUCO (PINTUTRÁFICO) O SIMILAR - COLORES: BLANCO, AMARILLO O NEGRO SEGÚN DISEÑO. | D41: gal | E41: 0.008 | F41: 91660
C42: PUNTILLA CON CABEZA 2" | D42: lb | E42: 0.01 | F42: 3585 | G42: =ROUND((+PRODUCT(E42:F42)),0) -> 36
C43: COMISION TOPOGRAFICA (INCLUYE TOPOGRAFO, CADENERO Y EQUIPO TOPOGRAFÍA (ESTACIÓN Y NIVEL)). | D43: dia | E43: 0.004 | F43: 503805
B45: 1.02 | C45: Descapote Manual e=0.20 m. | D45: m2 | G45: =+ROUND(SUM(G46:G49),0) -> 390
C46: EQUIPO BASICO ( HERRAMIENTA MENOR ) | D46: und | E46: 0.09 | F46: 3017 | G46: =ROUND((+PRODUCT(E46:F46)),0) -> 272
C47: CUADRILLA AA TIPO 1 (1 OFICIAL + 1 AYUDANTE) (Albañileria) | D47: hr | E47: 0.09 | F47: 18146
C48: VOLQUETA 6M3 (CARGUE A MANO) | D48: vje | E48: 0.001 | F48: 118086 | G48: =ROUND((+PRODUCT(E48:F48)),0) -> 118
C49: ACARREO INTERNO | D49: und | E49: 0.096 | F49: 1326
B51: 1.03 | C51: Nivelacion y Limpieza | D51: m2 | G51: =+ROUND(SUM(G52:G55),0) -> 872
C52: EQUIPO BASICO ( HERRAMIENTA MENOR ) | D52: und | E52: 0.25 | F52: 3017 | G52: =ROUND((+PRODUCT(E52:F52)),0) -> 754
C53: CUADRILLA AA TIPO 1 (1 OFICIAL + 1 AYUDANTE) (Albañileria) | D53: hr | E53: 0.25 | F53: 18146
C54: VOLQUETA 6M3 (CARGUE A MANO) | D54: vje | E54: 0.001 | F54: 118086 | G54: =ROUND((+PRODUCT(E54:F54)),0) -> 118
C55: ACARREO INTERNO | D55: und | E55: 0.266 | F55: 1326
B57: 1.04 | C57: Barrera con bombones en guadua y Cinta de Seguridad | D57: ml | G57: =+ROUND(SUM(G58:G66),0) -> 4236
C58: EQUIPO BASICO ( HERRAMIENTA MENOR ) | D58: und | E58: 0.1 | F58: 3017 | G58: =ROUND((+PRODUCT(E58:F58)),0) -> 302
C59: CUADRILLA AA TIPO 1 (1 OFICIAL + 1 AYUDANTE) (Albañileria) | D59: hr | E59: 0.1 | F59: 18146
C60: FORMALETA PARA BASE DE CONCRETO | D60: und | E60: 0.03 | F60: 4150 | G60: =ROUND((+PRODUCT(E60:F60)),0) -> 125
C61: GUADUA SOBREBASA L= 1.50 MT. 3 USOS | D61: und | E61: 0.06 | F61: 4640 | G61: =ROUND((+PRODUCT(E61:F61)),0) -> 278
C62: CINTA REFLECTIVA DE SEGURIDAD (2 HILERAS) | D62: m | E62: 2.3 | F62: 114 | G62: =ROUND((+PRODUCT(E62:F62)),0) -> 262
C63: CONCRETO 2500 psi - 17.5 Mpa | D63: m3 | E63: 0.004 | F63: 474019 | G63: =ROUND((+PRODUCT(E63:F63)),0) -> 1896
C64: ACARREO INTERNO | D64: und | E64: 0.106 | F64: 1326
C65: EQUIPO DE TRANSPORTE | D65: dia | E65: 0.00031 | F65: 131206 | G65: =ROUND((+PRODUCT(E65:F65)),0) -> 41
C66: ESMALTE SINTETICO PINTULUX - TIPO PINTUCO REF. SEGÚN COLOR DISEÑO O SIMILAR | D66: gal | E66: 0.015 | F66: 88790 | G66: =ROUND((+PRODUCT(E66:F66)),0) -> 1332
B68: 1.05 | C68: Corte Mecanizado de Pavimento 0.07 m | D68: ml | G68: =+ROUND(SUM(G69:G72),0) -> 1922
C69: EQUIPO BASICO ( HERRAMIENTA MENOR ) | D69: und | E69: 0.27 | F69: 3017 | G69: =ROUND((+PRODUCT(E69:F69)),0) -> 815
C70: CUADRILLA AA TIPO 1 (1 OFICIAL + 1 AYUDANTE) (Albañileria) | D70: hr | E70: 0.27 | F70: 18146
C71: CORTADORA DE CONCRETO | D71: hr | E71: 0.4 | F71: 2767 | G71: =ROUND((+PRODUCT(E71:F71)),0) -> 1107
C72: ACARREO INTERNO | D72: und | E72: 0.447 | F72: 1326
B74: 1.06 | C74: Demolición de Estructuras de Concreto Hidráulico | D74: m3 | G74: =+ROUND(SUM(G75:G79),0) -> 99226
C75: EQUIPO BASICO ( HERRAMIENTA MENOR ) | D75: und | E75: 0.4 | F75: 3017 | G75: =ROUND((+PRODUCT(E75:F75)),0) -> 1207
C76: CUADRILLA AA TIPO 4 (1 OFICIAL + 4 AYUDANTE) (Albañileria) | D76: hr | E76: 0.4 | F76: 39083
C77: VOLQUETA 6M3 (CARGUE A MANO) | D77: vje | E77: 0.25 | F77: 118086 | G77: =ROUND((+PRODUCT(E77:F77)),0) -> 29522
C78: COMPRESOR 2 MARTILLOS (INCLUYE ACPM Y TRANSPORTE) | D78: hr | E78: 0.9 | F78: 76108 | G78: =ROUND((+PRODUCT(E78:F78)),0) -> 68497
C79: ACARREO INTERNO | D79: und | E79: 0.9596 | F79: 1326
B81: 1.07 | C81: Demolición de Andenes y sardineles en concreto Hidráulico | D81: m3 | G81: =+ROUND(SUM(G82:G85),0) -> 55629
C82: EQUIPO BASICO ( HERRAMIENTA MENOR ) | D82: und | E82: 0.78 | F82: 3017 | G82: =ROUND((+PRODUCT(E82:F82)),0) -> 2353
C83: CUADRILLA AA TIPO 1 (1 OFICIAL + 1 AYUDANTE) (Albañileria) | D83: hr | E83: 0.78 | F83: 18146
C84: COMPRESOR 2 MARTILLOS (INCLUYE ACPM Y TRANSPORTE) | D84: hr | E84: 0.7 | F84: 76108 | G84: =ROUND((+PRODUCT(E84:F84)),0) -> 53276
C85: ACARREO INTERNO | D85: und | E85: 0.9245 | F85: 1326
B87: 1.08 | C87: Evacuación escombros y sobrantes en vehículo automotor medido en banco | D87: m3 | G87: =+ROUND(SUM(G88:G92),0) -> 31126
C88: EQUIPO BASICO ( HERRAMIENTA MENOR ) | D88: und | E88: 0.3 | F88: 3017 | G88: =ROUND((+PRODUCT(E88:F88)),0) -> 905
C89: CUADRILLA AA TIPO 2 (1 OFICIAL + 2 AYUDANTE) (Albañileria) | D89: hr | E89: 0.3 | F89: 25125
C90: VOLQUETA 6M3 (CARGUE A MANO) | D90: vje | E90: 0.25 | F90: 118086 | G90: =ROUND((+PRODUCT(E90:F90)),0) -> 29522
C91: PERMISO USO DE ESCOMBRERA | D91: m3 | E91: 1 | F91: 699 | G91: =ROUND((+PRODUCT(E91:F91)),0) -> 699
C92: ACARREO INTERNO | D92: und | E92: 0.37 | F92: 1326
B94: 2 | C94: Movimiento de Tierras
B96: 2.01 | C96: Excavación para Estructuras - Material Común - 0.0 a 2.0 m | D96: m3 | G96: =+ROUND(SUM(G97:G99),0) -> 1207
C97: EQUIPO BASICO ( HERRAMIENTA MENOR ) | D97: und | E97: 0.4 | F97: 3017 | G97: =ROUND((+PRODUCT(E97:F97)),0) -> 1207
C98: MOTOBOMBA DE 2" A GASOLINA | D98: dia | E98: 0.02 | F98: 48432
C99: CUADRILLA AA TIPO 5 (1 OFICIAL + 5 AYUDANTE) (Albañileria) | D99: hr | E99: 0.6 | F99: 46062
B101: 2.02 | C101: Excavación para Estructuras - Conglomerado - 0.0 a 2.0 m | D101: m3 | G101: =+ROUND(SUM(G102:G104),0) -> 1207
C102: EQUIPO BASICO ( HERRAMIENTA MENOR ) | D102: und | E102: 0.4 | F102: 3017 | G102: =ROUND((+PRODUCT(E102:F102)),0) -> 1207
C103: MOTOBOMBA DE 2" A GASOLINA | D103: dia | E103: 0.045 | F103: 48432
C104: CUADRILLA AA TIPO 5 (1 OFICIAL + 5 AYUDANTE) (Albañileria) | D104: hr | E104: 0.77 | F104: 46062
B106: 2.03 | C106: Retiro de Escombros en Volqueta, Cargue Manual | D106: m3 | G106: =+ROUND(SUM(G107:G109),0) -> 48946
C107: CUADRILLA AA TIPO 3 (1 OFICIAL + 3 AYUDANTE) (Albañileria) | D107: hr | E107: 0.217 | F107: 32104
C108: EQUIPO BASICO ( HERRAMIENTA MENOR ) | D108: und | E108: 0.217 | F108: 3017 | G108: =ROUND((+PRODUCT(E108:F108)),0) -> 655
C109: VOLQUETA 6M3 (CARGUE A MANO) | D109: vje | E109: =+'APU_SANTA ANA'!E109 -> 0.3146 | F109: 153500 | G109: =ROUND((+PRODUCT(E109:F109)),0) -> 48291 | I109: 48295
B111: 2.04 | C111: Afirmado Compactado para Estructuras | D111: m3 | G111: =+ROUND(SUM(G112:G116),0) -> 155328
C112: EQUIPO BASICO ( HERRAMIENTA MENOR ) | D112: und | E112: 0.5 | F112: 3017 | G112: =ROUND((+PRODUCT(E112:F112)),0) -> 1509
C113: CUADRILLA AA TIPO 3 (1 OFICIAL + 3 AYUDANTE) (Albañileria) | D113: hr | E113: 0.3 | F113: 32104
C114: AFIRMADO NORMA INVIAS | D114: m3 | E114: 1.4 | F114: =75000+(75000*0.3) -> 97500 | G114: =ROUND((+PRODUCT(E114:F114)),0) -> 136500
C115: VIBROCOMPACTADOR TIPO RANA | D115: dia | E115: 0.4 | F115: 43298 | G115: =ROUND((+PRODUCT(E115:F115)),0) -> 17319
C116: ACARREO INTERNO | D116: und | E116: 0.6 | F116: 1326
B118: 2.05 | C118: Afirmado Compactado para Andenes | D118: m3 | G118: =+ROUND(SUM(G119:G123),0) -> 159658
C119: CUADRILLA AA TIPO 3 (1 OFICIAL + 3 AYUDANTE) (Albañileria) | D119: hr | E119: 0.4 | F119: 32104
C120: AFIRMADO NORMA INVIAS | D120: m3 | E120: 1.4 | F120: =+F114 -> 97500 | G120: =ROUND((+PRODUCT(E120:F120)),0) -> 136500
C121: VIBROCOMPACTADOR TIPO RANA | D121: dia | E121: 0.5 | F121: 43298 | G121: =ROUND((+PRODUCT(E121:F121)),0) -> 21649
C122: EQUIPO BASICO ( HERRAMIENTA MENOR ) | D122: und | E122: 0.5 | F122: 3017 | G122: =ROUND((+PRODUCT(E122:F122)),0) -> 1509
C123: ACARREO INTERNO | D123: und | E123: 2.1 | F123: 1326
B125: 3 | C125: Tuberias
B127: 3.01 | C127: Sumidero Doble reja tipo Sifón en Concreto clase II - Incluye Aro-Tapa HD de 0.60 m. para cámara circular de inspección - anti ruido para tráfico pesado 40 ton (ncluye sistema de seguridad) | D127: und | G127: =+ROUND(SUM(G128:G140),0) -> 1532070
C128: equipo basico ( herramienta menor ) | D128: und | E128: 0.35 | F128: 3017 | G128: =ROUND((+PRODUCT(E128:F128)),0) -> 1056
C129: formaleta metalica para camara circular | D129: und | E129: 4.35 | F129: 1312 | G129: =ROUND((+PRODUCT(E129:F129)),0) -> 5707
C130: cuadrilla bb tipo 4 (1 oficial + 4 ayudante) (instalaciones) | D130: hr | E130: 5 | F130: 42992
C131: curado del concreto | D131: m3 | E131: 0.1543 | F131: 2044 | G131: =ROUND((+PRODUCT(E131:F131)),0) -> 315
C132: concreto 3000 psi - 21 mpa | D132: m3 | E132: 0.5985 | F132: 514459 | G132: =ROUND((+PRODUCT(E132:F132)),0) -> 307904
C133: arena lavada de rio | D133: m3 | E133: 0.198 | F133: =100000*1.3 -> 130000 | G133: =ROUND((+PRODUCT(E133:F133)),0) -> 25740
C134: gravilla comun de rio | D134: m3 | E134: 0.43 | F134: =120000*1.3 -> 156000 | G134: =ROUND((+PRODUCT(E134:F134)),0) -> 67080
C135: agua m3 | D135: m3 | E135: 0.2 | F135: 2044 | G135: =ROUND((+PRODUCT(E135:F135)),0) -> 409
C136: acero 60.000 psi | D136: kg | E136: 12 | F136: =+F163 -> 6150 | G136: =ROUND((+PRODUCT(E136:F136)),0) -> 73800
C137: marco reja de varilla 1" a.r/ angulo/platina | D137: und | E137: 2 | F137: 157771 | G137: =ROUND((+PRODUCT(E137:F137)),0) -> 315542
C138: aro-tapa hd de 0,60 m sello elastico- llave-antiruido | D138: und | E138: 1 | F138: 698015 | G138: =ROUND((+PRODUCT(E138:F138)),0) -> 698015
C139: acarreo interno | D139: und | E139: 10 | F139: 1326
C140: equipo de transporte | D140: dia | E140: 0.27820658 | F140: 131206 | G140: =ROUND((+PRODUCT(E140:F140)),0) -> 36502
B142: 4 | C142: Pisos – Bases – Rellenos
B144: 4.01 | C144: Relleno Compactado con Material de Obra | D144: m3 | G144: =+ROUND(SUM(G145:G148),0) -> 8004
C145: EQUIPO BASICO ( HERRAMIENTA MENOR ) | D145: und | E145: 0.5 | F145: 3017 | G145: =ROUND((+PRODUCT(E145:F145)),0) -> 1509
C146: CUADRILLA AA TIPO 3 (1 OFICIAL + 3 AYUDANTE) (Albañileria) | D146: hr | E146: 0.5 | F146: 32104
...

Sheet PPTO_CANT._MATERIALES
B3: PAVIMENTACIÓN DE VIAS
B4: SECTOR SANTA ANA
B6: MUNICIPIO DE VILLAMARÍA, CALDAS
B8: PRESUPUESTO DE OBRA
F9: Fecha: | G9: 44347
B32: =+B4 -> SECTOR SANTA ANA
B34: INFORMACIÓN GENERAL DEL PROYECTO
C36: Plazo de Ejecución Obra: | D36: =+Presupuesto!#REF! -> #REF! | E36: =+Presupuesto!#REF! -> #REF!
C38: Longitud Total Vías a Pavimentar (m): | D38: =SUM(D39:E42) -> #REF!
C39: =Presupuesto!#REF! -> #REF! | D39: =+Presupuesto!#REF! -> #REF!
C40: =Presupuesto!#REF! -> #REF! | D40: =+Presupuesto!#REF! -> #REF!
C41: =Presupuesto!#REF! -> #REF! | D41: =+Presupuesto!#REF! -> #REF!
C42: =Presupuesto!#REF! -> #REF! | D42: =+Presupuesto!#REF! -> #REF!
C44: Ancho Promedio Vía (m): | D44: =+AVERAGE(D45:E48) -> #REF!
C45: =Presupuesto!#REF! -> #REF! | D45: =+Presupuesto!#REF! -> #REF!
C46: =Presupuesto!#REF! -> #REF! | D46: =+Presupuesto!#REF! -> #REF!
C47: =Presupuesto!#REF! -> #REF! | D47: =+Presupuesto!#REF! -> #REF!
C48: =Presupuesto!#REF! -> #REF! | D48: =+Presupuesto!#REF! -> #REF!
C50: Longitud Total de Andenes (m): | D50: =SUM(D51:E54) -> #REF!
C51: =Presupuesto!#REF! -> #REF! | D51: =+Presupuesto!#REF! -> #REF!
C52: =Presupuesto!#REF! -> #REF! | D52: 36
C53: =Presupuesto!#REF! -> #REF! | D53: 36
C54: =Presupuesto!#REF! -> #REF! | D54: 180
C56: Ancho Promedio de Andenes (m): | D56: =+AVERAGE(D57:E60) -> #REF!
C57: =Presupuesto!#REF! -> #REF! | D57: =+Presupuesto!#REF! -> #REF!
C58: =Presupuesto!#REF! -> #REF! | D58: =+Presupuesto!#REF! -> #REF!
C59: =Presupuesto!#REF! -> #REF! | D59: =+Presupuesto!#REF! -> #REF!
C60: =Presupuesto!#REF! -> #REF! | D60: =+Presupuesto!#REF! -> #REF!
C62: Longitud Total de Sardinel: | D62: =SUM(D63:E66) -> #REF!
C63: =Presupuesto!#REF! -> #REF! | D63: =+Presupuesto!#REF! -> #REF!
C64: =Presupuesto!#REF! -> #REF! | D64: =+Presupuesto!#REF! -> #REF!
C65: =Presupuesto!#REF! -> #REF! | D65: =+Presupuesto!#REF! -> #REF!
C66: =Presupuesto!#REF! -> #REF! | D66: =+Presupuesto!#REF! -> #REF!
C68: Altura de Anden (m): | D68: =Presupuesto!#REF! -> #REF!
C70: Altura de Sardinel (cm): | D70: =Presupuesto!#REF! -> #REF!
C72: Espesor acabado Pavimento (m): | D72: =Presupuesto!#REF! -> #REF!
C74: Estructura Granular Vía - Afirmado (m): | D74: =Presupuesto!#REF! -> #REF!
C76: Estructura Granular Adén - Afirmado (m): | D76: =Presupuesto!#REF! -> #REF!
C78: Sustitución con Afirmado Compactado (m): | D78: =Presupuesto!#REF! -> #REF!
C80: AIU (%): | D80: =+'Anális AIU'!$K$52 -> 0
D82: PRECIOS REFERENCIA:
D83: Lista Aguas de Manizales 2019 - 2
B85: ITEM | C85: DESCRIPCIÓN | D85: UNIDAD | E85: CANT. | F85: VALOR UNITARIO | G85: VALOR TOTAL
B87: COSTOS DIRECTOS
B88: 1 | C88: =IF(B88=0,"",VLOOKUP(B88,'APU_SANTA ANA'!B2:G243,2,FALSE)) -> Preliminares | G88: =+ROUND(SUM(G89:G96),0) -> #REF!
B89: 1.01 | C89: =IF(B89=0,"",VLOOKUP(B89,'APU_SANTA ANA'!B2:G243,2,FALSE)) -> Localización y replanteo de Vias. Incluye eje de via y laterales con andenes | D89: =IF(B89=0,"",VLOOKUP(B89,'APU_SANTA ANA'!B2:G243,3,FALSE)) -> ml | E89: =+#REF! -> #REF! | F89: =IF(B89=0,"",VLOOKUP(B89,APU_CANT._MATERIALES!B2:G245,6,FALSE)) -> 585 | G89: =ROUND((+PRODUCT(E89:F89)),0) -> #REF!
B90: 1.02 | C90: =IF(B90=0,"",VLOOKUP(B90,'APU_SANTA ANA'!B3:G243,2,FALSE)) -> Descapote Manual e=0.20 m. | D90: =IF(B90=0,"",VLOOKUP(B90,'APU_SANTA ANA'!B3:G243,3,FALSE)) -> m2 | E90: =+#REF! -> #REF! | F90: =IF(B90=0,"",VLOOKUP(B90,APU_CANT._MATERIALES!B3:G246,6,FALSE)) -> 390 | G90: =ROUND((+PRODUCT(E90:F90)),0) -> #REF!
B91: 1.03 | C91: =IF(B91=0,"",VLOOKUP(B91,'APU_SANTA ANA'!B4:G243,2,FALSE)) -> Nivelacion y Limpieza | D91: =IF(B91=0,"",VLOOKUP(B91,'APU_SANTA ANA'!B4:G243,3,FALSE)) -> m2 | E91: =+#REF! -> #REF! | F91: =IF(B91=0,"",VLOOKUP(B91,APU_CANT._MATERIALES!B4:G247,6,FALSE)) -> 872 | G91: =ROUND((+PRODUCT(E91:F91)),0) -> #REF!
B92: 1.04 | C92: =IF(B92=0,"",VLOOKUP(B92,'APU_SANTA ANA'!B5:G243,2,FALSE)) -> Barrera con bombones en guadua y Cinta de Seguridad | D92: =IF(B92=0,"",VLOOKUP(B92,'APU_SANTA ANA'!B5:G243,3,FALSE)) -> ml | E92: =+#REF! -> #REF! | F92: =IF(B92=0,"",VLOOKUP(B92,APU_CANT._MATERIALES!B5:G248,6,FALSE)) -> 4236 | G92: =ROUND((+PRODUCT(E92:F92)),0) -> #REF!
B93: 1.05 | C93: =IF(B93=0,"",VLOOKUP(B93,'APU_SANTA ANA'!B6:G243,2,FALSE)) -> Corte Mecanizado de Pavimento 0.07 m | D93: =IF(B93=0,"",VLOOKUP(B93,'APU_SANTA ANA'!B6:G243,3,FALSE)) -> ml | E93: =+#REF! -> #REF! | F93: =IF(B93=0,"",VLOOKUP(B93,APU_CANT._MATERIALES!B6:G249,6,FALSE)) -> 1922 | G93: =ROUND((+PRODUCT(E93:F93)),0) -> #REF!
B94: 1.06 | C94: =IF(B94=0,"",VLOOKUP(B94,'APU_SANTA ANA'!B7:G243,2,FALSE)) -> Demolición de Estructuras de Concreto Hidráulico | D94: =IF(B94=0,"",VLOOKUP(B94,'APU_SANTA ANA'!B7:G243,3,FALSE)) -> m3 | E94: =+#REF! -> #REF! | F94: =IF(B94=0,"",VLOOKUP(B94,APU_CANT._MATERIALES!B7:G250,6,FALSE)) -> 99226 | G94: =ROUND((+PRODUCT(E94:F94)),0) -> #REF!
B95: 1.07 | C95: =IF(B95=0,"",VLOOKUP(B95,'APU_SANTA ANA'!B8:G243,2,FALSE)) -> Demolición de Andenes y sardineles en concreto Hidráulico | D95: =IF(B95=0,"",VLOOKUP(B95,'APU_SANTA ANA'!B8:G243,3,FALSE)) -> m3 | E95: =+#REF! -> #REF! | F95: =IF(B95=0,"",VLOOKUP(B95,APU_CANT._MATERIALES!B8:G251,6,FALSE)) -> 55629 | G95: =ROUND((+PRODUCT(E95:F95)),0) -> #REF!
B96: 1.08 | C96: =IF(B96=0,"",VLOOKUP(B96,'APU_SANTA ANA'!B9:G244,2,FALSE)) -> Evacuación escombros y sobrantes en vehículo automotor medido en banco | D96: =IF(B96=0,"",VLOOKUP(B96,'APU_SANTA ANA'!B9:G244,3,FALSE)) -> m3 | E96: =+#REF! -> #REF! | F96: =IF(B96=0,"",VLOOKUP(B96,APU_CANT._MATERIALES!B9:G252,6,FALSE)) -> 31126 | G96: =ROUND((+PRODUCT(E96:F96)),0) -> #REF!
B98: 2 | C98: =IF(B98=0,"",VLOOKUP(B98,'APU_SANTA ANA'!B35:G247,2,FALSE)) -> Movimiento de Tierras | G98: =SUM(G99:G103) -> #REF!
B99: 2.01 | C99: =IF(B99=0,"",VLOOKUP(B99,'APU_SANTA ANA'!B35:G247,2,FALSE)) -> Excavación para Estructuras - Material Común - 0.0 a 2.0 m | D99: =IF(B99=0,"",VLOOKUP(B99,'APU_SANTA ANA'!B35:G247,3,FALSE)) -> m3 | E99: =+#REF! -> #REF! | F99: =IF(B99=0,"",VLOOKUP(B99,APU_CANT._MATERIALES!B12:G255,6,FALSE)) -> 1207 | G99: =ROUND((+PRODUCT(E99:F99)),0) -> #REF!
B100: 2.02 | C100: =IF(B100=0,"",VLOOKUP(B100,'APU_SANTA ANA'!B36:G248,2,FALSE)) -> Excavación para Estructuras - Conglomerado - 0.0 a 2.0 m | D100: =IF(B100=0,"",VLOOKUP(B100,'APU_SANTA ANA'!B36:G248,3,FALSE)) -> m3 | E100: =+#REF! -> #REF! | F100: =IF(B100=0,"",VLOOKUP(B100,APU_CANT._MATERIALES!B13:G256,6,FALSE)) -> 1207 | G100: =ROUND((+PRODUCT(E100:F100)),0) -> #REF!
B101: 2.03 | C101: =IF(B101=0,"",VLOOKUP(B101,'APU_SANTA ANA'!B37:G249,2,FALSE)) -> Retiro de Escombros en Volqueta, Cargue Manual | D101: =IF(B101=0,"",VLOOKUP(B101,'APU_SANTA ANA'!B37:G249,3,FALSE)) -> m3 | E101: =+#REF! -> #REF! | F101: =IF(B101=0,"",VLOOKUP(B101,APU_CANT._MATERIALES!B14:G257,6,FALSE)) -> 48946 | G101: =ROUND((+PRODUCT(E101:F101)),0) -> #REF!
B102: 2.04 | C102: =IF(B102=0,"",VLOOKUP(B102,'APU_SANTA ANA'!B38:G250,2,FALSE)) -> Afirmado Compactado para Estructuras | D102: =IF(B102=0,"",VLOOKUP(B102,'APU_SANTA ANA'!B38:G250,3,FALSE)) -> m3 | E102: =+#REF! -> #REF! | F102: =IF(B102=0,"",VLOOKUP(B102,APU_CANT._MATERIALES!B15:G258,6,FALSE)) -> 155328 | G102: =ROUND((+PRODUCT(E102:F102)),0) -> #REF!
B103: 2.05 | C103: =IF(B103=0,"",VLOOKUP(B103,'APU_SANTA ANA'!B39:G251,2,FALSE)) -> Afirmado Compactado para Andenes | D103: =IF(B103=0,"",VLOOKUP(B103,'APU_SANTA ANA'!B39:G251,3,FALSE)) -> m3 | E103: =+#REF! -> #REF! | F103: =IF(B103=0,"",VLOOKUP(B103,APU_CANT._MATERIALES!B16:G259,6,FALSE)) -> 159658 | G103: =ROUND((+PRODUCT(E103:F103)),0) -> #REF!
B105: 3 | C105: =IF(B105=0,"",VLOOKUP(B105,'APU_SANTA ANA'!B42:G254,2,FALSE)) -> Tuberias | G105: =SUM(G106:G106) -> #REF!
B106: 3.01 | C106: =IF(B106=0,"",VLOOKUP(B106,'APU_SANTA ANA'!B42:G254,2,FALSE)) -> Sumidero Doble reja tipo Sifón en Concreto clase II - Incluye Aro-Tapa HD de 0.60 m. para cámara circular de inspección - anti ruido para tráfico pesado 40 ton (ncluye sistema de seguridad) | D106: =IF(B106=0,"",VLOOKUP(B106,'APU_SANTA ANA'!B42:G254,3,FALSE)) -> und | E106: =+#REF! -> #REF! | F106: =IF(B106=0,"",VLOOKUP(B106,APU_CANT._MATERIALES!B19:G262,6,FALSE)) -> 1532070 | G106: =ROUND((+PRODUCT(E106:F106)),0) -> #REF!
B108: 4 | C108: =IF(B108=0,"",VLOOKUP(B108,'APU_SANTA ANA'!B45:G257,2,FALSE)) -> Pisos – Bases – Rellenos | G108: =SUM(G109:G110) -> #REF!
B109: 4.01 | C109: =IF(B109=0,"",VLOOKUP(B109,'APU_SANTA ANA'!B45:G257,2,FALSE)) -> Relleno Compactado con Material de Obra | D109: =IF(B109=0,"",VLOOKUP(B109,'APU_SANTA ANA'!B45:G257,3,FALSE)) -> m3 | E109: =+#REF! -> #REF! | F109: =IF(B109=0,"",VLOOKUP(B109,APU_CANT._MATERIALES!B22:G265,6,FALSE)) -> 8004 | G109: =ROUND((+PRODUCT(E109:F109)),0) -> #REF!
B110: 4.02 | C110: =IF(B110=0,"",VLOOKUP(B110,'APU_SANTA ANA'!B46:G258,2,FALSE)) -> Sustitución con Afirmado Compactado | D110: =IF(B110=0,"",VLOOKUP(B110,'APU_SANTA ANA'!B46:G258,3,FALSE)) -> m3 | E110: =+#REF! -> #REF! | F110: =IF(B110=0,"",VLOOKUP(B110,APU_CANT._MATERIALES!B23:G266,6,FALSE)) -> 156184 | G110: =ROUND((+PRODUCT(E110:F110)),0) -> #REF!
B112: 5 | C112: =IF(B112=0,"",VLOOKUP(B112,'APU_SANTA ANA'!B49:G261,2,FALSE)) -> Acero de Refuerzo | G112: =SUM(G113:G115) -> #REF!
B113: 5.01 | C113: =IF(B113=0,"",VLOOKUP(B113,'APU_SANTA ANA'!B49:G261,2,FALSE)) -> Acero de Refuerzo de 1/4" a 1-1/4" de 420 Mpa (4200 kg/cm2) | D113: =IF(B113=0,"",VLOOKUP(B113,'APU_SANTA ANA'!B49:G261,3,FALSE)) -> kg | E113: =+#REF! -> #REF! | F113: =IF(B113=0,"",VLOOKUP(B113,APU_CANT._MATERIALES!B26:G269,6,FALSE)) -> 7497 | G113: =ROUND((+PRODUCT(E113:F113)),0) -> #REF!
B114: 5.02 | C114: =IF(B114=0,"",VLOOKUP(B114,'APU_SANTA ANA'!B50:G262,2,FALSE)) -> Canastilla de Soporte de Dovelas en Hierro 3/8" y 1/4" | D114: =IF(B114=0,"",VLOOKUP(B114,'APU_SANTA ANA'!B50:G262,3,FALSE)) -> ml | E114: =+#REF! -> #REF! | F114: =IF(B114=0,"",VLOOKUP(B114,APU_CANT._MATERIALES!B27:G270,6,FALSE)) -> 27769 | G114: =ROUND((+PRODUCT(E114:F114)),0) -> #REF!
B115: 5.03 | C115: =IF(B115=0,"",VLOOKUP(B115,'APU_SANTA ANA'!B51:G263,2,FALSE)) -> Dovelas de Acero Liso 60000 psi para Pavimentos | D115: =IF(B115=0,"",VLOOKUP(B115,'APU_SANTA ANA'!B51:G263,3,FALSE)) -> KG | E115: =+#REF! -> #REF! | F115: =IF(B115=0,"",VLOOKUP(B115,APU_CANT._MATERIALES!B28:G271,6,FALSE)) -> 8633 | G115: =ROUND((+PRODUCT(E115:F115)),0) -> #REF!
B117: 6 | C117: =IF(B117=0,"",VLOOKUP(B117,'APU_SANTA ANA'!B53:G265,2,FALSE)) -> Pavimento en Concreto | G117: =SUM(G118:G123) -> #REF!
B118: 6.01 | C118: =IF(B118=0,"",VLOOKUP(B118,'APU_SANTA ANA'!B54:G266,2,FALSE)) -> Pavimento en Concreto MR 42 Hecho en obra | D118: =IF(B118=0,"",VLOOKUP(B118,'APU_SANTA ANA'!B54:G266,3,FALSE)) -> m3 | E118: =+#REF! -> #REF! | F118: =IF(B118=0,"",VLOOKUP(B118,APU_CANT._MATERIALES!B31:G274,6,FALSE)) -> 596792 | G118: =ROUND((+PRODUCT(E118:F118)),0) -> #REF!
B119: 6.02 | C119: =IF(B119=0,"",VLOOKUP(B119,'APU_SANTA ANA'!B55:G267,2,FALSE)) -> Andén y Rampa peatonal Concreto Producido en obra 3000 Psi acabado: Escobiado | D119: =IF(B119=0,"",VLOOKUP(B119,'APU_SANTA ANA'!B55:G267,3,FALSE)) -> m3 | E119: =+#REF! -> #REF! | F119: =IF(B119=0,"",VLOOKUP(B119,APU_CANT._MATERIALES!B32:G275,6,FALSE)) -> 564328 | G119: =ROUND((+PRODUCT(E119:F119)),0) -> #REF!
B120: 6.03 | C120: =IF(B120=0,"",VLOOKUP(B120,'APU_SANTA ANA'!B56:G268,2,FALSE)) -> Sardinel Ancho = 20 cm. H= Entre 17 y 24 cm en concreto 3000 psi | D120: =IF(B120=0,"",VLOOKUP(B120,'APU_SANTA ANA'!B56:G268,3,FALSE)) -> ml | E120: =+#REF! -> #REF! | F120: =IF(B120=0,"",VLOOKUP(B120,APU_CANT._MATERIALES!B33:G276,6,FALSE)) -> 25508 | G120: =ROUND((+PRODUCT(E120:F120)),0) -> #REF!
B121: 6.04 | C121: =IF(B121=0,"",VLOOKUP(B121,'APU_SANTA ANA'!B57:G269,2,FALSE)) -> Corte Mecanizado de Pavimento 0.10 m | D121: =IF(B121=0,"",VLOOKUP(B121,'APU_SANTA ANA'!B57:G269,3,FALSE)) -> ml | E121: =+#REF! -> #REF! | F121: =IF(B121=0,"",VLOOKUP(B121,APU_CANT._MATERIALES!B34:G277,6,FALSE)) -> 1909 | G121: =ROUND((+PRODUCT(E121:F121)),0) -> #REF!
B122: 6.05 | C122: =IF(B122=0,"",VLOOKUP(B122,'APU_SANTA ANA'!B58:G270,2,FALSE)) -> Corte Mecanizado de Andén en Concreto 0.03 m | D122: =IF(B122=0,"",VLOOKUP(B122,'APU_SANTA ANA'!B58:G270,3,FALSE)) -> ml | E122: =+#REF! -> #REF! | F122: =IF(B122=0,"",VLOOKUP(B122,APU_CANT._MATERIALES!B35:G278,6,FALSE)) -> 1425 | G122: =ROUND((+PRODUCT(E122:F122)),0) -> #REF!
B123: 6.06 | C123: =IF(B123=0,"",VLOOKUP(B123,'APU_SANTA ANA'!B59:G271,2,FALSE)) -> Sello de Junta de Pavimento Rígido 0,01 m | D123: =IF(B123=0,"",VLOOKUP(B123,'APU_SANTA ANA'!B59:G271,3,FALSE)) -> ml | E123: =+#REF! -> #REF! | F123: =IF(B123=0,"",VLOOKUP(B123,APU_CANT._MATERIALES!B36:G279,6,FALSE)) -> 4208 | G123: =ROUND((+PRODUCT(E123:F123)),0) -> #REF!
B125: TOTAL COSTO DIRECTO: | G125: =SUM(G88:G123)/2 -> #REF!
F127: COSTOS INDIRECTOS | I127: Referencia
B128: Administración: | F128: =+'Anális AIU'!K48 -> 0 | I128: 0.323
B129: Imprevistos: | F129: =+'Anális AIU'!K49 -> 0 | I129: 0
B130: Utilidad: | F130: =+'Anális AIU'!K50 -> 0 | I130: 0.06
B131: SUBTOTAL AIU: | F131: =SUM(F128:F130) -> 0 | I131: =SUM(I128:I132) -> 0.383
B133: TOTAL PRESUPUESTO: | G133: =ROUND(G125+G131,0) -> #REF!
B135: VALOR TOTAL EN LETRAS:
B136: =+Presupuesto!B123:G123 -> TRESCIENTOS VEINTICUATRO MILLONES SETECIENTOS NOVENTA Y OCHO MIL TREINTA Y CINCO PESOS
B137: NOTA 1: Se debe tener en cuenta que el PRECIO UNITARIO incluye el valor del IVA (19%).
B138: NOTA 2: Cuando la fracción decimal del peso sea igual o superior a 5 se aproximara por exceso al número entero siguiente del peso y cuando la fracción decimal del peso sea inferior a 5 se aproximará por defecto al número entero del peso.
B139: NOTA 3: El reconocimiento económico de los requerimientos ambientales exigidos por las autoridades ambientales, y/o sociales que son de obligatorio cumplimiento, serán reconocidos a cargo de reembolso de gastos (afectados por un % de administracion).(Ajustar de acuerdo al proyecto)
B140: NOTA 4: El control de tráfico temporal y la señalización provisional necesarios para la ejecución de las obras será por cuenta y riesgo del contratista.
B141: NOTA 5: De acuerdo a la vereda, existen diferentes fuentes de materiales, las cuales serán reconocidas durante visita de campo realizada al sitio, como parte del proceso precontractual.
B146: Elaboró: _______________________________ | E146: Revisó: _______________________________
B147: Lady Johanna Quintero Osorio | E147: Arq. Estefanía Delgado Osorio
B148: Ingeniera Civil | E148: Secretaria de Infraestructura y Vias
B149: Secretaría de Infraestructura y Vias | E149: Alcandia de Villamaría, Caldas

Sheet AIU
A1: ALCALDIA DE VILLAMARIA
A3: ANÁLISIS DE A.U.
B5: OBJETO | C5: UN | D5: VLR UNITARIO | E5: Factor Prestacional o de Uso | F5: Hombre Mes o Cantidad | G5: Meses | H5: Valor Total | I5: %
B7: COSTO BASE | G7: 1 | H7: =+Presupuesto!G73 -> 240591137
A9: A | B9: ADMINISTRACIÓN | I9: =I11+I20+I27+I30+I38+I42 -> 0.31036111
A11: 1 | B11: PERSONAL PROFESIONAL Y TÉCNICO | H11: =SUM(H12:H18) -> 11548259 | I11: =SUM(I12:I18) -> 0.04799952
B12: Director (más prestaciones sociales y Fic) | C12: Mes | D12: 5190763 | E12: ='[21]Factor Prestacional'!C47 -> 1.61879 | F12: 0 | G12: 0 | H12: =G12*F12*E12*D12 -> 0 | I12: =H12/$H$7 -> 0
B13: Residente (más prestaciones sociales y Fic) | C13: Mes | D13: 3335571 | E13: ='[21]Factor Prestacional'!C47 -> 1.61879 | F13: 1 | G13: 1 | H13: =G13*F13*E13*D13 -> 5399589 | I13: =H13/$H$7 -> 0.022443009
B14: Profesional Social | C14: Mes | D14: 2582756 | E14: ='[21]Factor Prestacional'!C47 -> 1.61879 | F14: 0.5 | G14: 1 | H14: =G14*F14*E14*D14 -> 2090469.8 | I14: =H14/$H$7 -> 0.0086888895
B15: Residente Social- Syso | C15: Mes | D15: 2582756 | E15: ='[21]Factor Prestacional'!C47 -> 1.61879 | F15: 0.5 | G15: 0 | H15: =G15*F15*E15*D15 -> 0 | I15: =H15/$H$7 -> 0
B16: Topográfo | C16: Mes | D16: 2582756 | E16: ='[21]Factor Prestacional'!C47 -> 1.61879 | F16: 1 | G16: 0 | H16: =G16*F16*E16*D16 -> 0 | I16: =H16/$H$7 -> 0
B17: Cadeneros | C17: Mes | D17: 1000000 | E17: ='[21]Factor Prestacional'!C72 -> 1.69698 | F17: 2 | G17: 0 | H17: =G17*F17*E17*D17 -> 0 | I17: =H17/$H$7 -> 0
B18: Maestro (más prestaciones sociales y Fic) | C18: Mes | D18: 2391425 | E18: ='[21]Factor Prestacional'!C72 -> 1.69698 | F18: 1 | G18: =G7 -> 1 | H18: =G18*F18*E18*D18 -> 4058200.4 | I18: =H18/$H$7 -> 0.016867622
A20: 2 | B20: PERSONAL ADMINISTRATIVO | H20: =SUM(H21:H25) -> 0 | I20: =SUM(I21:I25) -> 0
B21: Contador (más prestaciones sociales) | C21: Mes | D21: 2582756 | E21: ='[21]Factor Prestacional'!C72 -> 1.69698 | F21: 0 | G21: =G7 -> 1 | H21: =G21*F21*E21*D21 -> 0 | I21: =H21/$H$7 -> 0
B22: Almacenista (más prestaciones sociales y Fic) | C22: Mes | D22: 1560000 | E22: ='[21]Factor Prestacional'!C72 -> 1.69698 | F22: 1 | G22: =G7 -> 1 | H22: 0 | I22: =H22/$H$7 -> 0
B23: Mensajero | C23: Mes | D23: 1000000 | E23: ='[21]Factor Prestacional'!C72 -> 1.69698 | F23: 0 | G23: =G7 -> 1 | H23: =G23*F23*E23*D23 -> 0 | I23: =H23/$H$7 -> 0
B24: Secretaria | C24: Mes | D24: 1000000 | E24: ='[21]Factor Prestacional'!C72 -> 1.69698 | F24: 0 | G24: =G7 -> 1 | H24: =G24*F24*E24*D24 -> 0 | I24: =H24/$H$7 -> 0
B25: Celador (más prestaciones sociales y Fic) | C25: Mes | D25: 1186500 | E25: ='[21]Factor Prestacional'!C72 -> 1.69698 | F25: 0 | G25: =G7 -> 1 | H25: =G25*F25*E25*D25 -> 0 | I25: =H25/$H$7 -> 0
A27: 3 | B27: EQUIPO Y GASTOS DE OBRA NO INCLUIDOS EN COSTOS DIRECTOS | H27: =SUM(H28) -> 100000 | I27: =SUM(I28) -> 0.00041564291
B28: Equipo de computo y comunicaciones | C28: Mes | D28: 100000 | E28: 1 | F28: 1 | G28: =+$G$7 -> 1 | H28: =G28*F28*E28*D28 -> 100000 | I28: =H28/$H$7 -> 0.00041564291
A30: 4 | B30: GASTOS DE LEGALIZACIÓN | H30: =SUM(H31:H36) -> 47167893 | I30: =SUM(I31:I36) -> 0.24
B31: Garantía Cumplimiento | C31: Un | D31: =ROUND(H7*10%*0.5%,0) -> 120296 | E31: 0.1 | F31: 1 | G31: 1 | H31: =G31*F31*D31 -> 120296 | I31: =ROUNDUP(H31/$H$7,2) -> 0.01
B32: Garantía Anticipo | C32: Un | D32: =ROUND(H7*20%*100%*0.4%,0) -> 192473 | E32: 1 | F32: 1 | G32: 1 | H32: =G32*F32*D32 -> 192473 | I32: =ROUNDUP(H32/$H$7,2) -> 0.01
B33: Garantía Salarios | C33: Un | D33: =ROUND(H7*20%*1%,0) -> 481182 | E33: 0.2 | F33: 1 | G33: 1 | H33: =G33*F33*D33 -> 481182 | I33: =ROUNDUP(H33/$H$7,2) -> 0.01
B34: Garantía Calidad | C34: Un | D34: =ROUND(H7*30%*0.5%,0) -> 360887 | E34: 0.3 | F34: 1 | G34: 1 | H34: =G34*F34*D34 -> 360887 | I34: =ROUNDUP(H34/$H$7,2) -> 0.01
B35: Amparo Resp.Civil Extracontractual | C35: Un | D35: =ROUND(H7*5%*2.5%,0) -> 300739 | E35: 0.05 | F35: 1 | G35: 1 | H35: =G35*F35*D35 -> 300739 | I35: =ROUNDUP(H35/$H$7,2) -> 0.01
B36: Gastos de legalización | C36: Un | D36: =H7*0.19 -> 45712316 | E36: 0.19 | F36: 1 | G36: 1 | H36: =G36*F36*D36 -> 45712316 | I36: =ROUNDUP(H36/$H$7,2) -> 0.19
A38: 5 | B38: GASTOS DE PAPELERIA | H38: =SUM(H39:H40) -> 280000 | I38: =SUM(I39:I40) -> 0.0011638001
B39: Papelería | C39: Mes | D39: 100000 | E39: 1 | F39: 1 | G39: =G7 -> 1 | H39: =G39*F39*E39*D39 -> 100000 | I39: =H39/$H$7 -> 0.00041564291
B40: Copias | C40: Mes | D40: 180000 | E40: 1 | F40: 1 | G40: =G7 -> 1 | H40: =G40*F40*E40*D40 -> 180000 | I40: =H40/$H$7 -> 0.00074815724
A42: 6 | B42: GASTOS GENERALES | H42: =SUM(H43:H47) -> 5000000 | I42: =SUM(I43:I47) -> 0.020782145
B43: Alquiler de equipo de Topografia | C43: Mes | D43: 2500000 | E43: 1 | F43: 1 | G43: 1 | H43: =G43*F43*E43*D43 -> 2500000 | I43: =H43/$H$7 -> 0.010391073
B44: Alquiler de oficina con servicios | C44: Mes | D44: 1000000 | E44: 1 | F44: 1 | G44: 0 | H44: =G44*F44*E44*D44 -> 0 | I44: =H44/$H$7 -> 0
B45: Ensayos de laboratorio | C45: Mes | D45: ='[22]Ensayos de Laboratorio'!$B$14 -> 1220800 | E45: 0.92452209 | F45: 1 | G45: 0 | H45: =G45*F45*E45*D45 -> 0 | I45: =H45/$H$7 -> 0
B46: Vehiculo con conductor, 4x4 con cilindraje mayor a 2,000 cc | C46: Mes | D46: 2000000 | E46: 1 | F46: 1 | G46: =G7 -> 1 | H46: =G46*F46*E46*D46 -> 2000000 | I46: =H46/$H$7 -> 0.0083128582
B47: Vallas informativas en lamina 12 m x 4 m con suministro de torres | C47: Un | D47: 500000 | E47: 1 | F47: 1 | G47: 1 | H47: =G47*F47*E47*D47 -> 500000 | I47: =H47/$H$7 -> 0.0020782145
A49: U | B49: UTILIDAD | H49: =ROUND(H7*I49,0) -> 12029557 | I49: 0.05
A50: I | B50: IMPREVISTOS | H50: =ROUND(H7*I50,0) -> 0 | I50: 0
B52: T O T A L A.I.U . | H52: =H11+H20+H27+H30+H38+H42+H49+H50 -> 76125709 | I52: =I9+I49+I50 -> 0.36036111

Sheet APU
B3: =+Presupuesto!B3:G3 -> CONSTRUCCIÓN DE PAVIMENTO EN CONCRETO
B5: =+Presupuesto!B5:G5 -> CRA 3 ENTRE CALLE 10A Y 12A VILLAMARÍA, CALDAS
B7: ANALISIS DE PRECIOS UNITARIOS
B10: 1 | C10: PAVIMENTACIÓN
B12: ITEM | C12: DESCRIPCIÓN | D12: UNIDAD | E12: CANTIDAD | F12: VALOR UNITARIO | G12: VALOR PARCIAL
B14: 1.1 | C14: PRELIMINARES
B17: 1.1.1 | C17: SEÑAL PREVENTIVA, REGLAMENTARIA E INFORMATIVA | D17: UND | G17: =+ROUND(SUM(G18:G24),0) -> 194600
C18: CONCRETO 2500 psi - 17.5 Mpa | D18: M3 | E18: 0.01 | F18: 456939 | G18: =ROUND(E18*F18,0) -> 4569
C19: CUADRILLA AA TIPO 1 (1 OFICIAL + 1 AYUDANTE) (Albañileria) | D19: HR | E19: 2 | F19: 21336 | G19: =ROUND(E19*F19,0) -> 42672
C20: FORMALETA PARA BASE DE CONCRETO | D20: UND | E20: 0.5 | F20: 4959 | G20: =ROUND(E20*F20,0) -> 2480
C21: EQUIPO DE TRANSPORTE | D21: DIA | E21: 0.228 | F21: 156760 | G21: =ROUND(E21*F21,0) -> 35741
C22: EQUIPO BASICO (HERRAMIENTA MENOR) | D22: UND | E22: 2 | F22: 3030 | G22: =ROUND(E22*F22,0) -> 6060
C23: ACARREO INTERNO | D23: UND | E23: 0.158 | F23: 1586 | G23: =ROUND(E23*F23,0) -> 251
C24: SEÑAL PREVENTIVA, REGLAMENTARIA E INFORMATIVA (2 USOS) | D24: UND | E24: 0.6 | F24: 171379 | G24: =ROUND(E24*F24,0) -> 102827
B26: 1.1.2 | C26: SUMINISTRO, TRANSPORTE E INSTALACION BARRERA CON BOMBONES EN GUADUA Y CINTA DE SEGURIDAD | D26: ML | G26: =+ROUND(SUM(G27:G35),0) -> 6868 | H26: 9136
C27: CONCRETO 2500 psi - 17.5 Mpa | D27: M3 | E27: 0.004 | F27: 456939 | G27: =ROUND(E27*F27,0) -> 1828 | H27: 920
C28: CUADRILLA AA TIPO 1 (1 OFICIAL + 1 AYUDANTE) (Albañileria) | D28: HR | E28: 0.1 | F28: 21336 | G28: =ROUND(E28*F28,0) -> 2134 | H28: 157
C29: FORMALETA PARA BASE DE CONCRETO | D29: UND | E29: 0.03 | F29: 4959 | G29: =ROUND(E29*F29,0) -> 149 | H29: 134
C30: EQUIPO DE TRANSPORTE | D30: DIA | E30: 0.00031 | F30: 156760 | G30: =ROUND(E30*F30,0) -> 49
C31: EQUIPO BASICO (HERRAMIENTA MENOR) | D31: UND | E31: 0.1 | F31: 3030 | G31: =ROUND(E31*F31,0) -> 303
C32: ESMALTE SINTETICO PINTULUX - TIPO PINTUCO REF. SEGÚN COLOR DISEÑO O SIMILAR | D32: GAL | E32: 0.015 | F32: 106083 | G32: =ROUND(E32*F32,0) -> 1591 | H32: 74
C33: ACARREO INTERNO | D33: UND | E33: 0.106 | F33: 1586 | G33: =ROUND(E33*F33,0) -> 168 | H33: 1666
C34: CINTA REFLECTIVA DE SEGURIDAD (2 HILERAS) | D34: M | E34: 2.3 | F34: 136 | G34: =ROUND(E34*F34,0) -> 313 | H34: 5909
C35: GUADUA SOBREBASA L= 1.50 MT. 3 USOS | D35: UND | E35: 0.06 | F35: 5546 | G35: =ROUND(E35*F35,0) -> 333 | H35: 276
B38: 1.1.3 | C38: DEMOLICION DE PAVIMENTO CONCRETO HIDRAULICO CON EQUIPO MECANICO | D38: M3 | G38: =+SUM(G39:G42) -> 84597
C39: CUADRILLA AA TIPO 4 (1 OFICIAL + 4 AYUDANTE) (Albañileria) | D39: HR | E39: 0.4 | F39: 45954 | G39: =ROUND(E39*F39,0) -> 18382
C40: COMPRESOR 2 MARTILLOS (INCLUYE ACPM Y TRANSPORTE) | D40: HR | E40: 0.7 | F40: 90929 | G40: =ROUND(E40*F40,0) -> 63650
C41: EQUIPO BASICO (HERRAMIENTA MENOR) | D41: UND | E41: 0.4 | F41: 3030 | G41: =ROUND(E41*F41,0) -> 1212
C42: ACARREO INTERNO | D42: UND | E42: 0.853 | F42: 1586 | G42: =ROUND(E42*F42,0) -> 1353
B44: 1.1.4 | C44: DEMOLICIÓN DE ANDENES Y SARDINELES EN CONCRETO HIDRÁULICO | D44: M3 | G44: =+SUM(G45:G48) -> 84122
C45: CUADRILLA AA TIPO 1 (1 OFICIAL + 1 AYUDANTE) (Albañileria) | D45: HR | E45: 0.78 | F45: 21336 | G45: =ROUND(E45*F45,0) -> 16642
C46: COMPRESOR 2 MARTILLOS (INCLUYE ACPM Y TRANSPORTE) | D46: HR | E46: 0.7 | F46: 90929 | G46: =ROUND(E46*F46,0) -> 63650
C47: EQUIPO BASICO (HERRAMIENTA MENOR) | D47: UND | E47: 0.78 | F47: 3030 | G47: =ROUND(E47*F47,0) -> 2363
C48: ACARREO INTERNO | D48: UND | E48: 0.925 | F48: 1586 | G48: =ROUND(E48*F48,0) -> 1467
B50: 1.2 | C50: LOCALIZACIÓN Y REPLANTEO
B52: 1.2.1 | C52: LOCALIZACION Y REPLANTEO DE VIAS incluye eje de via y laterales con andenes | D52: ML | G52: =SUM(G53:G57) -> 3953
C53: EQUIPO BASICO (HERRAMIENTA MENOR) | D53: UND | E53: 0.05 | F53: 3030 | G53: =ROUND(E53*F53,0) -> 152
C54: PINTURA ACRILICA PARA TRAFICO TIPO PINTUCO (PINTUTRÁFICO) O SIMILAR - COLORES: BLANCO, AMARILLO O NEGRO SEGÚN DISEÑO. | D54: GAL | E54: 0.008 | F54: 109512 | G54: =ROUND(E54*F54,0) -> 876
C55: COMISION TOPOGRAFICA (INCLUYE TOPOGRAFO, CADENERO Y EQUIPO TOPOGRAFÍA (ESTACIÓN Y NIVEL)). | D55: DIA | E55: 0.004 | F55: 601935 | G55: =ROUND(E55*F55,0) -> 2408
C56: PUNTILLA CON CABEZA 2" | D56: LB | E56: 0.01 | F56: 4283 | G56: =ROUND(E56*F56,0) -> 43
C57: LATA DE GUADUA | D57: UND | E57: 1 | F57: 474 | G57: =ROUND(E57*F57,0) -> 474
B59: 1.3 | C59: EXCAVACIONES Y LLENOS
B61: 1.3.1 | C61: EXCAVACIÓN A CIELO ABIERTO - MATERIAL COMÚN - 0.0 A 2.0 M | D61: M3 | G61: =+SUM(G62:G64) -> 28631
C62: CUADRILLA AA TIPO 4 (1 OFICIAL + 4 AYUDANTE) (Albañileria) | D62: HR | E62: 0.54 | F62: 45954 | G62: =ROUND(E62*F62,0) -> 24815
C63: MOTOBOMBA DE 2" A GASOLINA | D63: DIA | E63: 0.045 | F63: 57864 | G63: =ROUND(E63*F63,0) -> 2604
C64: EQUIPO BASICO (HERRAMIENTA MENOR) | D64: UND | E64: 0.4 | F64: 3030 | G64: =ROUND(E64*F64,0) -> 1212
B66: 1.3.2 | C66: EXCAVACIÓN A CIELO ABIERTO - CONGLOMERADO - 0.0 A 2.0 M | D66: M3 | G66: =+SUM(G67:G69) -> 41039
C67: CUADRILLA AA TIPO 4 (1 OFICIAL + 4 AYUDANTE) (Albañileria) | D67: HR | E67: 0.81 | F67: 45954 | G67: =ROUND(E67*F67,0) -> 37223
C68: MOTOBOMBA DE 2" A GASOLINA | D68: DIA | E68: 0.045 | F68: 57864 | G68: =ROUND(E68*F68,0) -> 2604
C69: EQUIPO BASICO (HERRAMIENTA MENOR) | D69: UND | E69: 0.4 | F69: 3030 | G69: =ROUND(E69*F69,0) -> 1212
B71: 1.4 | C71: RETIRO DE MATERIAL SOBRANTE
B73: 1.4.1 | C73: RETIRO DE MATERIAL SOBRANTE Y ESCOMBROS MEDIDO EN BANCO | D73: M3 | G73: =+ROUND(SUM(G74:G78),0) -> 45285
C74: CUADRILLA AA TIPO 1 (1 OFICIAL + 1 AYUDANTE) (Albañileria) | D74: HR | E74: 0.35 | F74: 21336 | G74: =ROUND(E74*F74,0) -> 7468
C75: VOLQUETA 7M3 (CARGUE A MANO) | D75: VJE | E75: 0.14 | F75: 252392 | G75: =ROUND(E75*F75,0) -> 35335
C76: EQUIPO BASICO (HERRAMIENTA MENOR) | D76: UND | E76: 0.35 | F76: 3030 | G76: =ROUND(E76*F76,0) -> 1061
C77: PERMISO USO DE ESCOMBRERA | D77: M3 | E77: 1 | F77: 834 | G77: =ROUND(E77*F77,0) -> 834
C78: ACARREO INTERNO | D78: UND | E78: 0.37 | F78: 1586 | G78: =ROUND(E78*F78,0) -> 587
B80: 1.5 | C80: CIMIENTOS
B82: 1.5.1 | C82: RELLENO EN BASE GRANULAR B-400 COMPACTADO AL 95% DEL PROCTOR | D82: M3 | G82: =+SUM(G83:G87) -> 192409
C83: EQUIPO BASICO (HERRAMIENTA MENOR) | D83: UND | E83: 0.75 | F83: 37748 | G83: =ROUND(E83*F83,0) -> 28311
C84: CUADRILLA AA TIPO 3 (1 OFICIAL + 3 AYUDANTE) (Albañileria) | D84: HR | E84: 0.08 | F84: 51733 | G84: =ROUND(E84*F84,0) -> 4139
C85: VIBROCOMPACTADOR TIPO RANA | D85: DIA | E85: 1.3 | F85: 3030 | G85: =ROUND(E85*F85,0) -> 3939
C86: ACARREO INTERNO | D86: UND | E86: 0.04 | F86: 1586 | G86: =ROUND(E86*F86,0) -> 63
C87: BASE GRANULAR BG-1 NORMA INVIAS | D87: M3 | E87: 1.3 | F87: 119967 | G87: =ROUND(E87*F87,0) -> 155957
B89: 1.5.2 | C89: SUMINISTRO, TRANSPORTE E INSTALACION AFIRMADO PARA ANDENES | D89: M3 | G89: =+SUM(G90:G94) -> 130081
C90: CUADRILLA AA TIPO 3 (1 OFICIAL + 3 AYUDANTE) (Albañileria) | D90: HR | E90: 0.4 | F90: 37748 | G90: =ROUND(E90*F90,0) -> 15099
C91: VIBROCOMPACTADOR TIPO RANA | D91: DIA | E91: 0.5 | F91: 51733 | G91: =ROUND(E91*F91,0) -> 25867
C92: EQUIPO BASICO (HERRAMIENTA MENOR) | D92: UND | E92: 0.5 | F92: 3030 | G92: =ROUND(E92*F92,0) -> 1515
C93: ACARREO INTERNO | D93: UND | E93: 2.1 | F93: 1586 | G93: =ROUND(E93*F93,0) -> 3331
C94: AFIRMADO NORMA INVIAS | D94: M3 | E94: 1.4 | F94: 60192 | G94: =ROUND(E94*F94,0) -> 84269
B97: 1.6 | C97: PAVIMENTO EN CONCRETO
B99: 1.6.1 | C99: SUMINISTRO, TRANSPORTE E INSTALACION PAVIMENTO EN CONCRETO MR 42 HECHO EN OBRA | D99: M3 | G99: =+ROUND(SUM(G100:G111),0) -> 791735
C100: CONCRETO MR 42 kg/cm2 | D100: M3 | E100: 1.05 | F100: 521441 | G100: =ROUND(E100*F100,0) -> 547513
C101: CUADRILLA AA TIPO 4 (1 OFICIAL + 4 AYUDANTE) (Albañileria) | D101: HR | E101: 3.5 | F101: 45954 | G101: =ROUND(E101*F101,0) -> 160839
C102: EQUIPO DE TRANSPORTE | D102: DIA | E102: 0.0657 | F102: 156760 | G102: =ROUND(E102*F102,0) -> 10299
C103: REGLA VIBRATORIA | D103: DIA | E103: 0.1 | F103: 90929 | G103: =ROUND(E103*F103,0) -> 9093
C104: VIBRADOR A GASOLINA | D104: DIA | E104: 0.1 | F104: 62066 | G104: =ROUND(E104*F104,0) -> 6207
C105: EQUIPO BASICO (HERRAMIENTA MENOR) | D105: UND | E105: 3.5 | F105: 3030 | G105: =ROUND(E105*F105,0) -> 10605
C106: ACARREO INTERNO | D106: UND | E106: 7 | F106: 1586 | G106: =ROUND(E106*F106,0) -> 11102
C107: PUNTILLA CON CABEZA 1" | D107: LB | E107: 0.2 | F107: 4283 | G107: =ROUND(E107*F107,0) -> 857
C108: ADITIVO PARA CURAR EL CONCRETO | D108: UND | E108: 0.09 | F108: 40623 | G108: =ROUND(E108*F108,0) -> 3656
C109: SELLO ELASTOMERICO | D109: M | E109: 1.09 | F109: 6032 | G109: =ROUND(E109*F109,0) -> 6575
C110: TABLA 1"X10"X3M | D110: UND | E110: 0.8 | F110: 12672 | G110: =ROUND(E110*F110,0) -> 10138
C111: CUARTON 2"X4"X3M | D111: UND | E111: 1.25 | F111: 11881 | G111: =ROUND(E111*F111,0) -> 14851
B113: 1.6.2 | C113: SUMINISTRO, TRANSPORTE E INSTALACION SARDINEL ANCHO = 20 CM H = ENTRE 17 Y 24 CM EN CONCRETO 3000 PSI | D113: ML | G113: =+ROUND(SUM(G114:G120),0) -> 54332
C114: CONCRETO 3000 psi - 21 Mpa | D114: M3 | E114: 0.033 | F114: 505796 | G114: =ROUND(E114*F114,0) -> 16691
C115: CUADRILLA AA TIPO 3 (1 OFICIAL + 3 AYUDANTE) (Albañileria) | D115: HR | E115: 0.75 | F115: 37748 | G115: =ROUND(E115*F115,0) -> 28311
C116: EQUIPO BASICO (HERRAMIENTA MENOR) | D116: UND | E116: 1.5 | F116: 3030 | G116: =ROUND(E116*F116,0) -> 4545
C117: PUNTILLA CON CABEZA 1" | D117: LB | E117: 0.1 | F117: 4283 | G117: =ROUND(E117*F117,0) -> 428
C118: ADITIVO PARA CURAR EL CONCRETO | D118: UND | E118: 0.01 | F118: 40623 | G118: =ROUND(E118*F118,0) -> 406
C119: LISTON 2 X 4 | D119: M | E119: 0.3 | F119: 3875 | G119: =ROUND(E119*F119,0) -> 1163
C120: TABLA 1"X10"X3M | D120: UND | E120: 0.22 | F120: 12672 | G120: =ROUND(E120*F120,0) -> 2788
B122: 1.6.3 | C122: CORTE MECANIZADO DE PAVIMENTO 6 mm | D122: ML | G122: =SUM(G123:G126) -> 8866
C123: CUADRILLA AA TIPO 1 (1 OFICIAL + 1 AYUDANTE) (Albañileria) | D123: HR | E123: 0.279 | F123: 21336 | G123: =ROUND(E123*F123,0) -> 5953
C124: CORTADORA DE CONCRETO | D124: HR | E124: 0.41 | F124: 3307 | G124: =ROUND(E124*F124,0) -> 1356
C125: EQUIPO BASICO (HERRAMIENTA MENOR) | D125: UND | E125: 0.28 | F125: 3030 | G125: =ROUND(E125*F125,0) -> 848
C126: ACARREO INTERNO | D126: UND | E126: 0.447 | F126: 1586 | G126: =ROUND(E126*F126,0) -> 709
B128: 1.6.4 | C128: SUMINISTRO, TRANSPORTE E INSTALACION SELLO DE JUNTA ELASTOMERICO EN PAVIMENTO RIGIDO 6mm | D128: ML | G128: =+ROUND(SUM(G129:G133),0) -> 8523
C129: CUADRILLA AA TIPO 3 (1 OFICIAL + 3 AYUDANTE) (Albañileria) | D129: HR | E129: 0.12 | F129: 21336 | G129: =ROUND(E129*F129,0) -> 2560
C130: EQUIPO DE TRANSPORTE | D130: DIA | E130: 0.0006 | F130: 156760 | G130: =ROUND(E130*F130,0) -> 94
...

Sheet Anális AIU
B2: ANALISIS DEL AIU
C4: Valor estimado de la Obra (Costo Directo) | F4: =+Presupuesto!G73 -> 240591137
C5: Plazo estimado de ejecución (Meses): | F5: 1
E6: Contratista Persona Natural (SI o NO): | F6: SI
B8: CAPITULO | C8: TIPO DE GASTO | D8: UN | E8: CANT. | F8: DEDICACION | G8: VR. UNITARIO (mes) | H8: FACTOR PRESTACIONAL O FACTOR AIU (PARA INDIRECTOS) | I8: VALOR TOTAL | J8: SUMA | K8: PORCENTAJE
B9: 1 | C9: GASTOS GENERALES | K9: =J10/F4 -> 0.032443797
B10: 1.1 | C10: MANO DE OBRA Y GASTOS DE OFICINA | J10: =SUM(I11:I26) -> 7805690 | K10: =SUM(K11:K26) -> 0.032443797
C11: Contratista (solo aplica para personas naturales) | D11: Un | E11: 0 | F11: 0.25 | G11: 15400000 | H11: =+IF(G11>2*'[23]Análisis Factor Prestacional'!$D$6,'[23]Análisis Factor Prestacional'!$E$29,'[23]Análisis Factor Prestacional'!$D$29) -> 0.6556 | I11: =+E11*F11*$F$5*G11*(1+H11) -> 0 | K11: =+I11/$F$4 -> 0
C12: Ingeniero Director | D12: Un | E12: 0 | F12: 0.25 | G12: 4300000 | H12: =+IF(G12>2*'[23]Análisis Factor Prestacional'!$D$6,'[23]Análisis Factor Prestacional'!$E$29,'[23]Análisis Factor Prestacional'!$D$29) -> 0.6556 | I12: =+E12*F12*$F$5*G12*(1+H12) -> 0 | K12: =+I12/$F$4 -> 0
C13: Ingeniero Residente | D13: Un | E13: 1 | F13: 0.55 | G13: 3500000 | H13: =+IF(G13>2*'[23]Análisis Factor Prestacional'!$D$6,'[23]Análisis Factor Prestacional'!$E$29,'[23]Análisis Factor Prestacional'!$D$29) -> 0.6556 | I13: =+E13*F13*$F$5*G13*(1+H13) -> 3187030 | K13: =+I13/$F$4 -> 0.013246664
C14: Maestro de Obra | D14: Un | E14: 1 | F14: 1 | G14: 1800000 | H14: =+IF(G14>2*'[23]Análisis Factor Prestacional'!$D$6,'[23]Análisis Factor Prestacional'!$E$29,'[23]Análisis Factor Prestacional'!$D$29) -> 0.84370002 | I14: =+E14*F14*$F$5*G14*(1+H14) -> 3318660 | K14: =+I14/$F$4 -> 0.013793775
C15: Residente de Salud Ocupacional | D15: Un | E15: 0 | F15: 0.2 | G15: 2500000 | H15: =+IF(G15>2*'[23]Análisis Factor Prestacional'!$D$6,'[23]Análisis Factor Prestacional'!$E$29,'[23]Análisis Factor Prestacional'!$D$29) -> 0.6556 | I15: =+E15*F15*$F$5*G15*(1+H15) -> 0 | K15: =+I15/$F$4 -> 0
C16: Trabajador social | D16: Un | E16: 0 | F16: 0.2 | G16: 2500000 | H16: =+IF(G16>2*'[23]Análisis Factor Prestacional'!$D$6,'[23]Análisis Factor Prestacional'!$E$29,'[23]Análisis Factor Prestacional'!$D$29) -> 0.6556 | I16: =+E16*F16*$F$5*G16*(1+H16) -> 0 | K16: =+I16/$F$4 -> 0
C17: Almacenista | D17: Un | E17: 0 | F17: 1 | G17: 616000 | H17: =+IF(G17>2*'[23]Análisis Factor Prestacional'!$D$6,'[23]Análisis Factor Prestacional'!$E$29,'[23]Análisis Factor Prestacional'!$D$29) -> 0.84370002 | I17: =+E17*F17*$F$5*G17*(1+H17) -> 0 | K17: =+I17/$F$4 -> 0
C18: Celador con prestaciones | D18: Un | E18: 0 | F18: 1 | G18: 800000 | H18: =+IF(G18>2*'[23]Análisis Factor Prestacional'!$D$6,'[23]Análisis Factor Prestacional'!$E$29,'[23]Análisis Factor Prestacional'!$D$29) -> 0.84370002 | I18: =+E18*F18*$F$5*G18*(1+H18) -> 0 | K18: =+I18/$F$4 -> 0
C19: Secretaria con prestaciones | D19: Un | E19: 0 | F19: 0.3 | G19: 700000 | H19: =+'[23]Análisis Factor Prestacional'!G29 -> 0.82340002 | I19: =+E19*F19*$F$5*G19*(1+H19) -> 0 | K19: =+I19/$F$4 -> 0
C20: Contador | D20: Un | E20: 0 | F20: 0.15 | G20: 1500000 | H20: =+IF(G20>2*'[23]Análisis Factor Prestacional'!$D$6,'[23]Análisis Factor Prestacional'!$E$29,'[23]Análisis Factor Prestacional'!$D$29) -> 0.84370002 | I20: =+E20*F20*$F$5*G20*(1+H20) -> 0 | K20: =+I20/$F$4 -> 0
C21: Equipo de Oficina (Escritorio, pc, impresora, sillas, papeleria) | D21: Mes | E21: 0 | F21: 1 | G21: 350000 | I21: =+E21*F21*$F$5*G21*(1+H21) -> 0 | K21: =+I21/$F$4 -> 0
C22: Seguridad industrial personal | D22: Mes | E22: 1 | F22: 1 | G22: 1000000 | I22: =+E22*F22*$F$5*G22*(1+H22) -> 1000000 | K22: =+I22/$F$4 -> 0.0041564291
C23: Plan de Salud ocupacional y seguridad industrial | D23: Mes | E23: 1 | F23: 1 | G23: 300000 | I23: =+E23*F23*$F$5*G23*(1+H23) -> 300000 | K23: =+I23/$F$4 -> 0.0012469287
C24: Sistema de gestion ambiental | D24: Mes | E24: 0 | F24: 1 | G24: 300000 | I24: =+E24*F24*$F$5*G24*(1+H24) -> 0 | K24: =+I24/$F$4 -> 0
C25: Sistema de gestion de calidad | D25: Mes | E25: 0 | F25: 1 | G25: 600000 | I25: =+E25*F25*$F$5*G25*(1+H25) -> 0 | K25: =+I25/$F$4 -> 0
C26: Costos financiero | D26: Mes | E26: 0 | F26: 1 | G26: 300000 | I26: =+E26*F26*$F$5*G26*(1+H26) -> 0 | K26: =+I26/$F$4 -> 0
B28: 2 | C28: GASTOS INDIRECTOS. | K28: =K29+K33+K42 -> 0.26767
B29: 2.1 | C29: LEGALIZACION. | J29: =SUM(I30:I32) -> 0 | K29: =SUM(K30:K32) -> 0
C30: Impuesto de Timbre | D30: % | E30: 0 | G30: 0 | H30: 1.45 | I30: =+G30*E30*H30 -> 0 | K30: =+I30/$F$4 -> 0
C31: Publicación diario oficial | D31: % | E31: 0 | G31: 0 | H31: =+$H$30 -> 1.45 | I31: =+G31*E31*H31 -> 0 | K31: =+I31/$F$4 -> 0
C32: Licencia de Construccion | D32: % | E32: 0 | G32: 0 | H32: =+$H$30 -> 1.45 | I32: =+G32*E32*H32 -> 0 | K32: =+I32/$F$4 -> 0
B33: 2.2 | C33: POLIZAS | J33: =SUM(I34:I41) -> 5093314.4 | K33: =SUM(K34:K41) -> 0.02117
C34: Seriedad de la Propuesta. | D34: % | E34: 0.0002 | F34: Pre-contractual | G34: =+$F$4 -> 240591137 | H34: =+$H$30 -> 1.45 | I34: =+G34*E34*H34 -> 69771.43 | K34: =+I34/$F$4 -> 0.00029
C35: Anticipo | D35: % | E35: 0.0009 | F35: Pre-contractual | G35: =+$F$4 -> 240591137 | H35: =+$H$30 -> 1.45 | I35: =+G35*E35*H35 -> 313971.43 | K35: =+I35/$F$4 -> 0.001305
C36: Cumplimiento del contrato | D36: % | E36: 0.0007 | F36: Post contractual | G36: =+$F$4 -> 240591137 | H36: =+$H$30 -> 1.45 | I36: =+G36*E36*H36 -> 244200 | K36: =+I36/$F$4 -> 0.001015
C37: Estabilidad | D37: % | E37: 0.0058 | G37: =+$F$4 -> 240591137 | H37: =+$H$30 -> 1.45 | I37: =+G37*E37*H37 -> 2023371.5 | K37: =+I37/$F$4 -> 0.00841
C38: Calidad del Servicio | D38: % | E38: 0 | F38: contractual | G38: =+$F$4 -> 240591137 | H38: =+$H$30 -> 1.45 | I38: =+G38*E38*H38 -> 0 | K38: =+I38/$F$4 -> 0
C39: Prestaciones Sociales | D39: % | E39: 0.0024 | F39: contractual | G39: =+$F$4 -> 240591137 | H39: =+$H$30 -> 1.45 | I39: =+G39*E39*H39 -> 837257.16 | K39: =+I39/$F$4 -> 0.00348
C40: Responsabilidad Civil | D40: % | E40: 0.0019 | F40: contractual | G40: =+$F$4 -> 240591137 | H40: =+$H$30 -> 1.45 | I40: =+G40*E40*H40 -> 662828.58 | K40: =+I40/$F$4 -> 0.002755
C41: Todo riesgo | D41: % | E41: 0.0027 | G41: =+$F$4 -> 240591137 | H41: =+$H$30 -> 1.45 | I41: =+G41*E41*H41 -> 941914.3 | K41: =+I41/$F$4 -> 0.003915
B42: 2.3 | C42: IMPUESTOS Y CONTRIBUCIONES | J42: =SUM(I43:I52) -> 59305715 | K42: =SUM(K43:K52) -> 0.2465
C43: Contribuación Especial | D43: % | E43: 0.05 | G43: =+$F$4 -> 240591137 | H43: =+$H$30 -> 1.45 | I43: =+G43*E43*H43 -> 17442857 | K43: =+I43/$F$4 -> 0.0725
C44: Retencion contrato de obra | D44: % | E44: 0.04 | G44: =+$F$4 -> 240591137 | H44: =+$H$30 -> 1.45 | I44: =+G44*E44*H44 -> 13954286 | K44: =+I44/$F$4 -> 0.058
C45: Estampilla Pro - Adulto mayor | D45: % | E45: 0.04 | G45: =+$F$4 -> 240591137 | H45: =+$H$30 -> 1.45 | I45: =+G45*E45*H45 -> 13954286 | K45: =+I45/$F$4 -> 0.058
C46: Estampillas Pro - Cultura | D46: % | E46: 0.015 | G46: =+$F$4 -> 240591137 | H46: =+$H$30 -> 1.45 | I46: =+G46*E46*H46 -> 5232857.2 | K46: =+I46/$F$4 -> 0.02175
C47: Tasa Pro - Deporte | D47: % | E47: 0.02 | G47: =+$F$4 -> 240591137 | H47: =+$H$30 -> 1.45 | I47: =+G47*E47*H47 -> 6977143 | K47: =+I47/$F$4 -> 0.029
C48: Reteica Servicios | D48: % | E48: 0 | G48: =+$F$4 -> 240591137 | H48: =+$H$30 -> 1.45 | I48: =+G48*E48*H48 -> 0 | K48: =+I48/$F$4 -> 0
C49: Fiducia | D49: % | E49: 0 | G49: =+$F$4 -> 240591137 | H49: =+$H$30 -> 1.45 | I49: =+G49*E49*H49 -> 0 | K49: =+I49/$F$4 -> 0
C50: Gasto bancarios 4x1000 y retiros | D50: % | E50: 0 | G50: =+$F$4 -> 240591137 | H50: =+$H$30 -> 1.45 | I50: =+G50*E50*H50 -> 0 | K50: =+I50/$F$4 -> 0
C51: Industria y Comercio 5 x 1.000 sobre valor total | D51: % | E51: 0.005 | G51: =+$F$4 -> 240591137 | H51: =+$H$30 -> 1.45 | I51: =+G51*E51*H51 -> 1744285.7 | K51: =+I51/$F$4 -> 0.00725
C52: CREE (solo aplica a personas juridicas) | D52: % | E52: 0 | G52: =+$F$4 -> 240591137 | H52: =+$H$30 -> 1.45 | I52: =+G52*E52*H52 -> 0 | K52: =+I52/$F$4 -> 0
G53: TOTAL GASTOS INDIRECTOS DE ADMINISTRACION. | J53: =SUM(J10:J52) -> 72204720 | K53: =ROUND(SUM(K9:K52)/3,2) -> 0.3
H55: IMPREVISTO: | K55: 0
H56: UTILIDAD: | K56: 0.05
H57: IVA SOBRE UTILIDAD: | J57: 0.19
I59: A.I.U. | K59: =SUM(K53:K57) -> 0.35
C63: ALCALDIA DE MANIZALES. | E63: Base - Tope | F63: Porcentaje | G63: Vlor x Millón o fracción.
C64: Estampilla Pro-Hospital. | F64: 0.02
C65: Estampilla Pro-Universidad. | F65: 0.01
C66: Timbre | E66: 53000000 | F66: 0.0075
C67: Retención en la Fuente. | F67: 0.01
C68: Publicación Diario Oficial. | G68: 5530
C69: Contribución Especial (Impovias). | F69: 0.05
C70: Industria y comercio (4 X 1.000 Ing. Brutos). | F70: 0.004

Sheet Memorias
B3: =+Presupuesto!B3 -> CONSTRUCCIÓN DE PAVIMENTO EN CONCRETO
B5: =+Presupuesto!B5 -> CRA 3 ENTRE CALLE 10A Y 12A VILLAMARÍA, CALDAS
B7: CANTIDADES DE OBRA
S8: Fecha: | T8: =+Presupuesto!G8 -> 45120
B10: =+APU!$B$10 -> 1 | C10: =+APU!$C$10 -> PAVIMENTACIÓN
B13: Item | C13: Descripción | U13: Und | V13: Cantidad
B14: 1.1 | C14: =IF(B14=0,"",VLOOKUP(B14,APU!$B$12:$G$1048576,2,FALSE)) -> PRELIMINARES
B15: 1.1.1 | C15: =IF(B15=0,"",VLOOKUP(B15,APU!B13:$G$1048576,2,FALSE)) -> SEÑAL PREVENTIVA, REGLAMENTARIA E INFORMATIVA | U15: =IF(B15=0,"",VLOOKUP(B15,APU!B13:$G$1048576,3,FALSE)) -> UND | V15: =+T81 -> 2
B16: 1.1.2 | C16: =IF(B16=0,"",VLOOKUP(B16,APU!B14:$G$1048576,2,FALSE)) -> SUMINISTRO, TRANSPORTE E INSTALACION BARRERA CON BOMBONES EN GUADUA Y CINTA DE SEGURIDAD | U16: =IF(B16=0,"",VLOOKUP(B16,APU!B14:$G$1048576,3,FALSE)) -> ML | V16: =+T104 -> 134.8
B17: 1.1.3 | C17: =IF(B17=0,"",VLOOKUP(B17,APU!B16:$G$1048576,2,FALSE)) -> DEMOLICION DE PAVIMENTO CONCRETO HIDRAULICO CON EQUIPO MECANICO | U17: =IF(B17=0,"",VLOOKUP(B17,APU!B16:$G$1048576,3,FALSE)) -> M3 | V17: =+T179 -> 131
B18: 1.1.4 | C18: =IF(B18=0,"",VLOOKUP(B18,APU!B16:$G$1048576,2,FALSE)) -> DEMOLICIÓN DE ANDENES Y SARDINELES EN CONCRETO HIDRÁULICO | U18: =IF(B18=0,"",VLOOKUP(B18,APU!B16:$G$1048576,3,FALSE)) -> M3 | V18: =+T202 -> 7
B20: 1.2 | C20: =IF(B20=0,"",VLOOKUP(B20,APU!$B$12:$G$1048576,2,FALSE)) -> LOCALIZACIÓN Y REPLANTEO
B21: 1.2.1 | C21: =IF(B21=0,"",VLOOKUP(B21,APU!B21:$G$1048576,2,FALSE)) -> LOCALIZACION Y REPLANTEO DE VIAS incluye eje de via y laterales con andenes | U21: =IF(B21=0,"",VLOOKUP(B21,APU!B21:$G$1048576,3,FALSE)) -> ML | V21: =+T218 -> 129
B23: 1.3 | C23: =IF(B23=0,"",VLOOKUP(B23,APU!$B$12:$G$1048576,2,FALSE)) -> EXCAVACIONES Y LLENOS
B24: 1.3.1 | C24: =IF(B24=0,"",VLOOKUP(B24,APU!B29:$G$1048576,2,FALSE)) -> EXCAVACIÓN A CIELO ABIERTO - MATERIAL COMÚN - 0.0 A 2.0 M | U24: =IF(B24=0,"",VLOOKUP(B24,APU!B29:$G$1048576,3,FALSE)) -> M3 | V24: =+T252 -> 116.883
B25: 1.3.2 | C25: =IF(B25=0,"",VLOOKUP(B25,APU!B30:$G$1048576,2,FALSE)) -> EXCAVACIÓN A CIELO ABIERTO - CONGLOMERADO - 0.0 A 2.0 M | U25: =IF(B25=0,"",VLOOKUP(B25,APU!B30:$G$1048576,3,FALSE)) -> M3 | V25: =+T284 -> 174.632
B27: 1.4 | C27: =IF(B27=0,"",VLOOKUP(B27,APU!$B$12:$G$1048576,2,FALSE)) -> RETIRO DE MATERIAL SOBRANTE
B28: 1.4.1 | C28: =IF(B28=0,"",VLOOKUP(B28,APU!B36:$G$1048576,2,FALSE)) -> RETIRO DE MATERIAL SOBRANTE Y ESCOMBROS MEDIDO EN BANCO | U28: =IF(B28=0,"",VLOOKUP(B28,APU!B36:$G$1048576,3,FALSE)) -> M3 | V28: =+T294 -> 429.515
B30: 1.5 | C30: =IF(B30=0,"",VLOOKUP(B30,APU!$B$12:$G$1048576,2,FALSE)) -> CIMIENTOS
B31: 1.5.1 | C31: =IF(B31=0,"",VLOOKUP(B31,APU!B37:$G$1048576,2,FALSE)) -> RELLENO EN BASE GRANULAR B-400 COMPACTADO AL 95% DEL PROCTOR | U31: =IF(B31=0,"",VLOOKUP(B31,APU!B37:$G$1048576,3,FALSE)) -> M3 | V31: =+T328 -> 145
B32: 1.5.2 | C32: =IF(B32=0,"",VLOOKUP(B32,APU!B37:$G$1048576,2,FALSE)) -> SUMINISTRO, TRANSPORTE E INSTALACION AFIRMADO PARA ANDENES | U32: =IF(B32=0,"",VLOOKUP(B32,APU!B37:$G$1048576,3,FALSE)) -> M3 | V32: =+T351 -> 0
B34: 1.6 | C34: =IF(B34=0,"",VLOOKUP(B34,APU!$B$12:$G$1048576,2,FALSE)) -> PAVIMENTO EN CONCRETO
B35: 1.6.1 | C35: =IF(B35=0,"",VLOOKUP(B35,APU!B37:$G$1048576,2,FALSE)) -> SUMINISTRO, TRANSPORTE E INSTALACION PAVIMENTO EN CONCRETO MR 42 HECHO EN OBRA | U35: =IF(B35=0,"",VLOOKUP(B35,APU!B37:$G$1048576,3,FALSE)) -> M3 | V35: =+T385 -> 131
B36: 1.6.2 | C36: =IF(B36=0,"",VLOOKUP(B36,APU!B37:$G$1048576,2,FALSE)) -> SUMINISTRO, TRANSPORTE E INSTALACION SARDINEL ANCHO = 20 CM H = ENTRE 17 Y 24 CM EN CONCRETO 3000 PSI | U36: =IF(B36=0,"",VLOOKUP(B36,APU!B37:$G$1048576,3,FALSE)) -> ML | V36: =+T400 -> 218
B37: 1.6.3 | C37: =IF(B37=0,"",VLOOKUP(B37,APU!B37:$G$1048576,2,FALSE)) -> CORTE MECANIZADO DE PAVIMENTO 6 mm | U37: =IF(B37=0,"",VLOOKUP(B37,APU!B37:$G$1048576,3,FALSE)) -> ML | V37: =+T432 -> 374
B38: 1.6.4 | C38: =IF(B38=0,"",VLOOKUP(B38,APU!B37:$G$1048576,2,FALSE)) -> SUMINISTRO, TRANSPORTE E INSTALACION SELLO DE JUNTA ELASTOMERICO EN PAVIMENTO RIGIDO 6mm | U38: =IF(B38=0,"",VLOOKUP(B38,APU!B37:$G$1048576,3,FALSE)) -> ML | V38: =+T465 -> 374
B39: 1.6.5 | C39: =IF(B39=0,"",VLOOKUP(B39,APU!B37:$G$1048576,2,FALSE)) -> SUMINISTRO, TRANSPORTE E INSTALACIÓN DE ANTISOL PARA LOSA DE CONCRETO. | U39: =IF(B39=0,"",VLOOKUP(B39,APU!B37:$G$1048576,3,FALSE)) -> M2 | V39: =+T488 -> 725
B40: 1.6.6 | C40: =IF(B40=0,"",VLOOKUP(B40,APU!B37:$G$1048576,2,FALSE)) -> SUMINISTRO, TRANSPORTE E INSTALACIÓN DE ACELERANTE A 7 DIAS PARA CONCRETO MR 42 | U40: =IF(B40=0,"",VLOOKUP(B40,APU!B37:$G$1048576,3,FALSE)) -> M3 | V40: =+T511 -> 131
B41: 1.6.7 | C41: =IF(B41=0,"",VLOOKUP(B41,APU!B37:$G$1048576,2,FALSE)) -> SUMINISTRO TRANSPORTE E INSTALACION DE ICOPOR PARA DILATACION EN ESTRUCTURAS - (PAV ANTIGUO CON NUEVO) | U41: =IF(B41=0,"",VLOOKUP(B41,APU!B37:$G$1048576,3,FALSE)) -> ML | V41: =+T525 -> 79
B42: 1.6.8 | C42: =IF(B42=0,"",VLOOKUP(B42,APU!B38:$G$1048576,2,FALSE)) -> SUMINISTRO, TRANSPORTE E INSTALACION ANCLAJE EPOXICO 1/2" L=15 cm (Incluye perforación y adhesivo epóxico) | U42: =IF(B42=0,"",VLOOKUP(B42,APU!B38:$G$1048576,3,FALSE)) -> UND | V42: =+T539 -> 40
B44: 1.7 | C44: =IF(B44=0,"",VLOOKUP(B44,APU!$B$12:$G$1048576,2,FALSE)) -> ACERO DE REFUERZO
B45: 1.7.1 | C45: =IF(B45=0,"",VLOOKUP(B45,APU!B37:$G$1048576,2,FALSE)) -> SUMINISTRO, TRANSPORTE E INSTALACIÓN DE ACERO DE REFUERZO FY = 60.000 PSI = 420 MPA (INCLUYE ALAMBRE NEGRO Y FIGURACIÓN) | U45: =IF(B45=0,"",VLOOKUP(B45,APU!B37:$G$1048576,3,FALSE)) -> KG | V45: =+T593 -> 953
B46: 1.7.2 | C46: =IF(B46=0,"",VLOOKUP(B46,APU!B37:$G$1048576,2,FALSE)) -> CANASTILLA DE SOPORTE DE DOVELAS EN HIERRO 3/8" Y 1/4" | U46: =IF(B46=0,"",VLOOKUP(B46,APU!B37:$G$1048576,3,FALSE)) -> ML | V46: =+T609 -> 161
B47: 1.7.3 | C47: =IF(B47=0,"",VLOOKUP(B47,APU!B49:$G$1048576,2,FALSE)) -> DOVELAS DE ACERO LISO 60000 PSI PARA PAVIMENTOS | U47: =IF(B47=0,"",VLOOKUP(B47,APU!B49:$G$1048576,3,FALSE)) -> KG | V47: =+T624 -> 556
B49: 1.8 | C49: =IF(B49=0,"",VLOOKUP(B49,APU!$B$12:$G$1048576,2,FALSE)) -> OBRAS EXTERIORES
B50: 1.8.1 | C50: =IF(B50=0,"",VLOOKUP(B50,APU!B49:$G$1048576,2,FALSE)) -> ARO TAPA HF D=0.68 M. P/CÁMARA DE INSPECCIÓN | U50: =IF(B50=0,"",VLOOKUP(B50,APU!B49:$G$1048576,3,FALSE)) -> UND | V50: =+T633 -> 1
B51: 1.8.2 | C51: =IF(B51=0,"",VLOOKUP(B51,APU!B49:$G$1048576,2,FALSE)) -> PLAN DE MANEJO DE TRÁNSITO | U51: =IF(B51=0,"",VLOOKUP(B51,APU!B49:$G$1048576,3,FALSE)) -> GLB | V51: =+T639 -> 1
B52: 1.8.3 | C52: =IF(B52=0,"",VLOOKUP(B52,APU!B49:$G$1048576,2,FALSE)) -> REALCE DE CÁMARA CIRCULAR DE INSPECCIÓN/CAÍDA D=1.20 M. EN CONCRETO CLASE II | U52: =IF(B52=0,"",VLOOKUP(B52,APU!B49:$G$1048576,3,FALSE)) -> M3 | V52: =+T646 -> 1
G54: REFERENCIA
G55: Longitud Total Pavimentar (m):
G56: Ancho Promedio Vía (m):
G57: Longitud total Sardinel (m):
G58: Ancho del Andén (m)
G59: Ancho Sardinel (m):
G60: Altura de Sardinel (m):
G61: # Platos (Und):
G63: Espesor acabado Pavimento (m): | K63: 0.18
G64: Estructura Granular (Afirmado) (m):
G65: Sustitución con Afirmado Compactado (m):
G67: Espesor existente de Pavimento en asfalto (m):
B70: =+B10 -> 1 | C70: =+C10 -> PAVIMENTACIÓN
B73: 1.1 | H73: =+APU!C14 -> PRELIMINARES
B77: 1.1.1 | H77: =IF(B77=0,"",VLOOKUP(B77,APU!$B$12:$G$1048576,2,FALSE)) -> SEÑAL PREVENTIVA, REGLAMENTARIA E INFORMATIVA | T77: UNIDAD | V77: =IF(B77=0,"",VLOOKUP(B77,APU!$B$12:$G$233,3,FALSE)) -> UND
B79: Área/lugar/elemento | H79: Longitud (m) | K79: Ancho (m) | M79: Alto (m) | P79: V. PARCIAL | S79: N° DE ELEMENTOS | T79: TOTAL
B80: =+H77 -> SEÑAL PREVENTIVA, REGLAMENTARIA E INFORMATIVA | S80: 2 | T80: =+PRODUCT(P80:S80) -> 2
T81: =ROUND(SUM(T80:V80),0) -> 2
B83: 1.1.2 | H83: =IF(B83=0,"",VLOOKUP(B83,APU!$B$12:$G$1048576,2,FALSE)) -> SUMINISTRO, TRANSPORTE E INSTALACION BARRERA CON BOMBONES EN GUADUA Y CINTA DE SEGURIDAD | T83: UNIDAD | V83: =IF(B83=0,"",VLOOKUP(B83,APU!$B$12:$G$233,3,FALSE)) -> ML
B85: Área/lugar/elemento | H85: Longitud (m) | K85: Ancho (m) | M85: Rendimiento | P85: V. PARCIAL | S85: N° DE ELEMENTOS | T85: TOTAL
B86: Longitud Total Pavimentar (m): 1 | H86: =+Memorias_tramos!B3 -> 7.4 | M86: 0.4 | P86: =+H86 -> 7.4 | S86: 2 | T86: =P86*S86 -> 14.8
B87: Ancho Promedio Vía (m):1 | K87: =+Memorias_tramos!B4 -> 3.3 | P87: =+K87 -> 3.3 | S87: 2 | T87: =P87*S87 -> 6.6
B88: Longitud Total Pavimentar (m): 1.2 | H88: =+Memorias_tramos!D3 -> 12.2 | P88: =+H88 -> 12.2 | S88: 2 | T88: =P88*S88 -> 24.4
B89: Ancho Promedio Vía (m):1.2 | K89: =+Memorias_tramos!D4 -> 6.52 | P89: =+K89 -> 6.52 | S89: 2 | T89: =P89*S89 -> 13.04
B90: Longitud Total Pavimentar (m):2 | H90: =+Memorias_tramos!B13 -> 21.7 | P90: =+H90 -> 21.7 | S90: 2 | T90: =P90*S90 -> 43.4
B91: Ancho Promedio Vía (m):2 | K91: =+Memorias_tramos!B14 -> 6.52 | P91: =+K91 -> 6.52 | S91: 2 | T91: =P91*S91 -> 13.04
B92: Longitud Total Pavimentar (m):3 | H92: 6.5 | P92: =+H92 -> 6.5 | S92: 2 | T92: =P92*S92 -> 13
B93: Ancho Promedio Vía (m):3 | K93: 6.4 | P93: =+K93 -> 6.4 | S93: 2 | T93: =P93*S93 -> 12.8
B94: Longitud Total Pavimentar (m):4 | H94: =+Memorias_tramos!B33 -> 27.7 | P94: =+H94 -> 27.7 | S94: 2 | T94: =P94*S94 -> 55.4
B95: Ancho Promedio Vía (m):4 | K95: =+Memorias_tramos!B34 -> 6.74 | P95: =+K95 -> 6.74 | S95: 2 | T95: =P95*S95 -> 13.48
B96: Longitud Total Pavimentar (m):4.1 | H96: =+Memorias_tramos!D33 -> 21.7 | P96: =+H96 -> 21.7 | S96: 2 | T96: =P96*S96 -> 43.4
B97: Ancho Promedio Vía (m):4.1 | K97: =+Memorias_tramos!D34 -> 6.74 | P97: =+K97 -> 6.74 | S97: 2 | T97: =P97*S97 -> 13.48
B98: Longitud Total Pavimentar (m):5 | H98: =+Memorias_tramos!B43 -> 0 | P98: =+H98 -> 0 | S98: 2 | T98: =P98*S98 -> 0
B99: Ancho Promedio Vía (m):5 | K99: =+Memorias_tramos!B44 -> 0 | P99: =+K99 -> 0 | S99: 2 | T99: =P99*S99 -> 0
B100: Longitud Total Pavimentar (m):6 | H100: =+Memorias_tramos!B53 -> 31.7 | P100: =+H100 -> 31.7 | S100: 2 | T100: =P100*S100 -> 63.4
B101: Ancho Promedio Vía (m):6 | K101: =+Memorias_tramos!B54 -> 3.3 | P101: =+K101 -> 3.3 | S101: 2 | T101: =P101*S101 -> 6.6
B102: Longitud Total Pavimentar (m):6.1 | H102: =+Memorias_tramos!D53 -> 0 | P102: =+H102 -> 0 | S102: 2 | T102: =P102*S102 -> 0
B103: Ancho Promedio Vía (m):6.1 | K103: =+Memorias_tramos!D54 -> 0 | P103: =+K103 -> 0 | S103: 2 | T103: =P103*S103 -> 0
T104: =ROUND(SUM(T86:V103),0)*M86 -> 134.8
H112: =IF(B112=0,"",VLOOKUP(B112,APU!B2:G223,2,FALSE)) | T112: UNIDAD | V112: =IF(B112=0,"",VLOOKUP(B112,APU!B2:G223,3,FALSE))
B114: Área/lugar/elemento | H114: Longitud (m) | K114: Ancho (m) | M114: Rendimiento | P114: V. PARCIAL | S114: N° DE ELEMENTOS | T114: TOTAL
B115: Longitud Total Pavimentar (m): 1 | H115: =+H86 -> 7.4 | M115: 0.17 | P115: =+H115 -> 7.4 | S115: 2 | T115: =P115*S115 -> 14.8
B116: Ancho Promedio Vía (m):1 | K116: =+K87 -> 3.3 | P116: =+K116 -> 3.3 | S116: 2 | T116: =P116*S116 -> 6.6
B117: Longitud Total Pavimentar (m): 1.2 | H117: =+H88 -> 12.2 | P117: =+H117 -> 12.2 | S117: 2 | T117: =P117*S117 -> 24.4
B118: Ancho Promedio Vía (m):1.2 | K118: =+K89 -> 6.52 | P118: =+K118 -> 6.52 | S118: 2 | T118: =P118*S118 -> 13.04
B119: Longitud Total Pavimentar (m):2 | H119: =+H90 -> 21.7 | P119: =+H119 -> 21.7 | S119: 2 | T119: =P119*S119 -> 43.4
B120: Ancho Promedio Vía (m):2 | K120: =+K91 -> 6.52 | P120: =+K120 -> 6.52 | S120: 2 | T120: =P120*S120 -> 13.04
B121: Longitud Total Pavimentar (m):3 | H121: =+H92 -> 6.5 | P121: =+H121 -> 6.5 | S121: 2 | T121: =P121*S121 -> 13
B122: Ancho Promedio Vía (m):3 | K122: =+K93 -> 6.4 | P122: =+K122 -> 6.4 | S122: 2 | T122: =P122*S122 -> 12.8
B123: Longitud Total Pavimentar (m):4 | H123: =+H94 -> 27.7 | P123: =+H123 -> 27.7 | S123: 2 | T123: =P123*S123 -> 55.4
B124: Ancho Promedio Vía (m):4 | K124: =+K95 -> 6.74 | P124: =+K124 -> 6.74 | S124: 2 | T124: =P124*S124 -> 13.48
B125: Longitud Total Pavimentar (m):4.1 | H125: =+H96 -> 21.7 | P125: =+H125 -> 21.7 | S125: 2 | T125: =P125*S125 -> 43.4
B126: Ancho Promedio Vía (m):4.1 | K126: =+K97 -> 6.74 | P126: =+K126 -> 6.74 | S126: 2 | T126: =P126*S126 -> 13.48
B127: Longitud Total Pavimentar (m):5 | H127: =+H98 -> 0 | P127: =+H127 -> 0 | S127: 2 | T127: =P127*S127 -> 0
B128: Ancho Promedio Vía (m):5 | K128: =+K99 -> 0 | P128: =+K128 -> 0 | S128: 2 | T128: =P128*S128 -> 0
B129: Longitud Total Pavimentar (m):6 | H129: =+H100 -> 31.7 | P129: =+H129 -> 31.7 | S129: 2 | T129: =P129*S129 -> 63.4
B130: Ancho Promedio Vía (m):6 | K130: =+K101 -> 3.3 | P130: =+K130 -> 3.3 | S130: 2 | T130: =P130*S130 -> 6.6
B131: Longitud Total Pavimentar (m):6.1 | H131: =+H102 -> 0 | P131: =+H131 -> 0 | S131: 2 | T131: =P131*S131 -> 0
B132: Ancho Promedio Vía (m):6.1 | K132: =+K103 -> 0 | P132: =+K132 -> 0 | S132: 2 | T132: =P132*S132 -> 0
T133: =ROUND(SUM(T115:V132),0)*M115 -> 57.29
H135: =IF(B135=0,"",VLOOKUP(B135,APU!B12:G233,2,FALSE)) | T135: UNIDAD | V135: =IF(B135=0,"",VLOOKUP(B135,APU!$B$12:$G$233,3,FALSE))
B137: Área/lugar/elemento | H137: Longitud (m) | K137: Ancho (m) | M137: Rendimiento | P137: V. PARCIAL | S137: N° DE ELEMENTOS | T137: TOTAL
...

Sheet Memorias_tramos
A2: TRAMO 1.1 | C2: TRAMO 1.2
A3: Longitud a pavimentar | B3: =3.7+3.7 -> 7.4 | C3: Longitud a pavimentar | D3: =3.45+3.45+2.65+2.65 -> 12.2
A4: Ancho a pavimentar | B4: 3.3 | C4: Ancho a pavimentar | D4: 6.52
A5: Longitud de Sardinel | B5: =+B3 -> 7.4 | C5: Longitud de Sardinel | D5: =+D3*2 -> 24.4
A6: Longitud de Andén | C6: Longitud de Andén
A7: Numero de placas | B7: 2 | C7: Numero de placas | D7: 8
A8: Longitud de juntas transversal | B8: =+B4*3 -> 9.9 | C8: Longitud de juntas transversal | D8: =5*D4 -> 32.6
A9: Longitud de juntas Longitudinal | B9: =+B3 -> 7.4 | C9: Longitud de juntas Longitudinal | D9: =+D3 -> 12.2
A10: Acero en Placas | C10: Acero en Placas
A12: TRAMO 2
A13: Longitud a pavimentar | B13: =4.2+4.2+3.2+3.2+4.9+2 -> 21.7
A14: Ancho a pavimentar | B14: 6.52
A15: Longitud de Sardinel | B15: =+B13*2 -> 43.4
A16: Longitud de Andén
A17: Numero de placas | B17: 12
A18: Longitud de juntas transversal | B18: =7*B14 -> 45.64
A19: Longitud de juntas Longitudinal | B19: =+B13 -> 21.7
A20: Acero en Placas
A22: TRAMO 3
A23: Longitud a pavimentar | B23: =3.25+3.25 -> 6.5
A24: Ancho a pavimentar | B24: 6.4
A25: Longitud de Sardinel | B25: 0
A26: Longitud de Andén | B26: 0
A27: Numero de placas | B27: 4
A28: Longitud de juntas transversal | B28: =+B24*3 -> 19.2
A29: Longitud de juntas Longitudinal | B29: =+B23*3 -> 19.5
A30: Acero en Placas
A32: TRAMO 4 | C32: TRAMO 4
A33: Longitud a pavimentar | B33: 27.7 | C33: Longitud a pavimentar | D33: 21.7
A34: Ancho a pavimentar | B34: =3.36+3.38 -> 6.74 | C34: Ancho a pavimentar | D34: =3.36+3.38 -> 6.74
A35: Longitud de Sardinel | B35: =+B33*2 -> 55.4 | C35: Longitud de Sardinel | D35: =+D33*2 -> 43.4
A36: Longitud de Andén | C36: Longitud de Andén
A37: Numero de placas | B37: 16 | C37: Numero de placas | D37: 12
A38: Longitud de juntas transversal | B38: =+B34*9 -> 60.66 | C38: Longitud de juntas transversal | D38: =+D34*7 -> 47.18
A39: Longitud de juntas Longitudinal | B39: =+B33 -> 27.7 | C39: Longitud de juntas Longitudinal | D39: =+D33 -> 21.7
A40: Acero en Placas | C40: Acero en Placas
A42: TRAMO 5
A43: Longitud a pavimentar
A44: Ancho a pavimentar
A45: Longitud de Sardinel
A46: Longitud de Andén
A47: Numero de placas
A48: Longitud de juntas transversal
A49: Longitud de juntas Longitudinal
A50: Acero en Placas
A52: TRAMO 6 - cortos | C52: TRAMO 6 - completos
A53: Longitud a pavimentar | B53: 31.7 | C53: Longitud a pavimentar
A54: Ancho a pavimentar | B54: 3.3 | C54: Ancho a pavimentar
A55: Longitud de Sardinel | B55: =+B53 -> 31.7 | C55: Longitud de Sardinel
A56: Longitud de Andén | C56: Longitud de Andén
A57: Numero de placas | B57: 5 | C57: Numero de placas
A58: Longitud de juntas transversal | B58: =B54*5 -> 16.5 | C58: Longitud de juntas transversal
A59: Longitud de juntas Longitudinal | B59: =+B53 -> 31.7 | C59: Longitud de juntas Longitudinal
A60: Acero en Placas | C60: Acero en Placas

Sheet Analisis Factor Prestacional
B2: ANALISIS FACTOR PRESTACIONAL | I2: RIESGOS PROFESIONALES
B4: Datos Basicos año 2022 | C4: Días del año | D4: 365
C5: Subsidio Transporte 2022 | D5: 117172
C6: Salario mínimo 2022 | D6: 1000000
D9: Riesgo Alto | G9: Riesgo Bajo
B10: Datos Básicos | C10: Número días trabajados | D10: =D4 -> 365 | E10: 365 | G10: 365 | H10: 365
C11: Salario Básico | D11: 1-2 SMMLV | E11: >2 SMMLV | G11: 1-2 SMMLV | H11: >2 SMMLV
B12: Prestaciones Sociales | C12: Subsidio de Transporte | D12: 0.1053 | E12: 0 | G12: =+D12 -> 0.1053 | H12: =+E12 -> 0
C13: Cesantías | D13: 0.0833 | E13: =+$D$13 -> 0.0833 | G13: =+D13 -> 0.0833 | H13: =+E13 -> 0.0833
C14: Intereses sobre las Cesantías (Mensual) | D14: 0.01 | E14: =+D14 -> 0.01 | G14: =+D14 -> 0.01 | H14: =+E14 -> 0.01
C15: Prima de servicios | D15: 0.0833 | E15: 0.0833 | G15: =+D15 -> 0.0833 | H15: =+E15 -> 0.0833
C16: Vacaciones | D16: 0.0417 | E16: 0.0417 | G16: =+D16 -> 0.0417 | H16: =+E16 -> 0.0417
C17: Dotaciones | D17: 0.0747 | E17: 0.0267 | G17: =+D17 -> 0.0747 | H17: =+E17 -> 0.0267
C18: Servicio Medico Primer Mes | D18: 0.0016 | E18: 0.0016 | G18: =+D18 -> 0.0016 | H18: =+E18 -> 0.0016
B19: Examenes medicos | C19: Examenes de ingreso y egreso | D19: 0.0339 | E19: 0.0121 | G19: =+D19 -> 0.0339 | H19: =+E19 -> 0.0121
B20: Certificados para trabajos | C20: Certificado en trabajo de alturas | D20: 0.0203 | E20: 0.0073
B21: Salud. Pension y ARP | C21: Salud | D21: 0.085 | E21: 0.085 | G21: =+D21 -> 0.085 | H21: =+E21 -> 0.085
C22: Pensión | D22: 0.12 | E22: 0.12 | G22: =+D22 -> 0.12 | H22: =+E22 -> 0.12
C23: ARL | D23: 0.0696 | E23: 0.0696 | G23: =+D23 -> 0.0696 | H23: =+E23 -> 0.0696
C24: SENA | D24: 0.02 | E24: 0.02 | G24: =+D24 -> 0.02 | H24: =+E24 -> 0.02
C25: ICBF | D25: 0.03 | E25: 0.03 | G25: =+D25 -> 0.03 | H25: =+E25 -> 0.03
B26: Parafiscales | C26: FIC | D26: 0.025000018 | E26: 0.025 | G26: =+D26 -> 0.025000018 | H26: =+E26 -> 0.025
C27: Caja de compensacion | D27: 0.04 | E27: 0.04 | G27: =+D27 -> 0.04 | H27: =+E27 -> 0.04
C29: TOTAL: | D29: =SUM(D12:D28) -> 0.84370002 | E29: =SUM(E12:E28) -> 0.6556 | G29: =SUM(G12:G28) -> 0.82340002 | H29: =SUM(H12:H28) -> 0.6483
B32: ANALISIS INGRESO BASE DE COTIIZACION - IBC (Solo aplica para contratistas personas naturales)
B34: Descripcion | D34: Valor
B35: Costo directo del contrato | D35: =+[23]Presupuesto!$G$73 -> 34443430
B36: AIU en porcentaje | D36: =+'[23]Análisis AIU'!$K$59 -> 0.34413103
B37: AIU en pesos | D37: =+D36*D35 -> 11853053
B38: Costo total del contrato antes de iva | D38: =D37+D35 -> 46296483
B39: Plazo (meses) | D39: =+'[23]Análisis AIU'!F5 -> 1
B40: Valor del salario minimo | D40: =+$D$6 -> 1000000
B41: Valor del IBC según el Decreto 510 de 2003 (smmlv<=IBC<=25 smmlv) | D41: =25*D40 -> 25000000
B42: IBC | D42: =ROUND(IF((D38*40%/D39)<D41,(D38*40%/D39),D41),) -> 18518593
B43: =+C21 -> Salud | C43: 0.125 | D43: =ROUND($D$42*C43,0) -> 2314824
B44: =+C22 -> Pensión | C44: 0.16 | D44: =ROUND($D$42*C44,0) -> 2962975
B45: =+C23 -> ARL | C45: =+D23 -> 0.0696 | D45: =ROUND($D$42*C45,0) -> 1288894
B46: Valor total de aportes mensual | D46: =D43+D44+D45 -> 6566693
B47: Valor total de aporte durante el contrato | D47: =D46*D39 -> 6566693
B49: Nota: La ARL la debe pagar la entidad contratante al contratista de acuerdo a lo estipulado en la ley 723 de 2013 y el art 2 de la ley 1562 de 2012.

Sheet Análisis Herramienta Menor
B2: ESTIMATIVO GENERAL DE HERRAMIENTAS MENORES DE UN PROYECTO
H3: 2016 | I3: 2017 | J3: 2018 | K3: 2019 | L3: 2020 | M3: 2021 | N3: 2022
B4: Descripción | C4: Unidad | D4: IVA | E4: Valor unitario Antes de IVA | F4: Valor Total | H4: 0.0677 | I4: 0.0575 | J4: 0.0409 | K4: 0.0318 | L4: 0.038 | M4: 0.035 | N4: 0.1007
B5: PALA CON CABO | C5: und | D5: 0.19 | E5: =+N5 -> 15420.94 | F5: =+ROUNDUP(E5*(1+D5),0) -> 18351 | H5: 11482.046 | I5: =+H5*(1+$I$4) -> 12142.263 | J5: =+I5*(1+$J$4) -> 12638.882 | K5: =+J5*(1+$K$4) -> 13040.798 | L5: =+K5*(1+$L$4) -> 13536.349 | M5: =+L5*(1+$M$4) -> 14010.121 | N5: =+M5*(1+$N$4) -> 15420.94
B6: PICA CON CABO | C6: und | D6: 0.19 | E6: =+N6 -> 23548.696 | F6: =+ROUNDUP(E6*(1+D6),0) -> 28023 | H6: 17533.769 | I6: =+H6*(1+$I$4) -> 18541.961 | J6: =+I6*(1+$J$4) -> 19300.327 | K6: =+J6*(1+$K$4) -> 19914.078 | L6: =+K6*(1+$L$4) -> 20670.813 | M6: =+L6*(1+$M$4) -> 21394.291 | N6: =+M6*(1+$N$4) -> 23548.696
B7: PALÍN CON CABO | C7: und | D7: 0.19 | E7: =+N7 -> 16193.851 | F7: =+ROUNDUP(E7*(1+D7),0) -> 19271 | H7: 12057.536 | I7: =+H7*(1+$I$4) -> 12750.844 | J7: =+I7*(1+$J$4) -> 13272.354 | K7: =+J7*(1+$K$4) -> 13694.415 | L7: =+K7*(1+$L$4) -> 14214.803 | M7: =+L7*(1+$M$4) -> 14712.321 | N7: =+M7*(1+$N$4) -> 16193.851
B8: ALMADANA CON CABO | C8: und | D8: 0.19 | E8: =+N8 -> 52536.45 | F8: =+ROUNDUP(E8*(1+D8),0) -> 62519 | H8: 39117.325 | I8: =+H8*(1+$I$4) -> 41366.571 | J8: =+I8*(1+$J$4) -> 43058.464 | K8: =+J8*(1+$K$4) -> 44427.723 | L8: =+K8*(1+$L$4) -> 46115.976 | M8: =+L8*(1+$M$4) -> 47730.036 | N8: =+M8*(1+$N$4) -> 52536.45
B9: BARRA METÁLICA | C9: und | D9: 0.19 | E9: =+N9 -> 59336.348 | F9: =+ROUNDUP(E9*(1+D9),0) -> 70611 | H9: 44180.358 | I9: =+H9*(1+$I$4) -> 46720.729 | J9: =+I9*(1+$J$4) -> 48631.607 | K9: =+J9*(1+$K$4) -> 50178.092 | L9: =+K9*(1+$L$4) -> 52084.859 | M9: =+L9*(1+$M$4) -> 53907.829 | N9: =+M9*(1+$N$4) -> 59336.348
B10: BALDE PLÁSTICO | C10: und | D10: 0.19 | E10: =+N10 -> 2657.151 | F10: =+ROUNDUP(E10*(1+D10),0) -> 3163 | H10: 1978.4481 | I10: =+H10*(1+$I$4) -> 2092.2089 | J10: =+I10*(1+$J$4) -> 2177.7802 | K10: =+J10*(1+$K$4) -> 2247.0336 | L10: =+K10*(1+$L$4) -> 2332.4209 | M10: =+L10*(1+$M$4) -> 2414.0556 | N10: =+M10*(1+$N$4) -> 2657.151
B11: CARRETA BUGGY | C11: und | D11: 0.19 | E11: =+N11 -> 121824.57 | F11: =+ROUNDUP(E11*(1+D11),0) -> 144972 | H11: 90707.521 | I11: =+H11*(1+$I$4) -> 95923.204 | J11: =+I11*(1+$J$4) -> 99846.463 | K11: =+J11*(1+$K$4) -> 103021.58 | L11: =+K11*(1+$L$4) -> 106936.4 | M11: =+L11*(1+$M$4) -> 110679.17 | N11: =+M11*(1+$N$4) -> 121824.57
B12: MANILA DE 1/2" | C12: ml | D12: 0.19 | E12: =+N12 -> 1359.4059 | F12: =+ROUNDUP(E12*(1+D12),0) -> 1618 | H12: 1012.1796 | I12: =+H12*(1+$I$4) -> 1070.3799 | J12: =+I12*(1+$J$4) -> 1114.1585 | K12: =+J12*(1+$K$4) -> 1149.5887 | L12: =+K12*(1+$L$4) -> 1193.2731 | M12: =+L12*(1+$M$4) -> 1235.0376 | N12: =+M12*(1+$N$4) -> 1359.4059
B13: PLÁSTICO PARA COBERTORES | C13: m2 | D13: 0.19 | E13: =+N13 -> 2183.9401 | F13: =+ROUNDUP(E13*(1+D13),0) -> 2599 | H13: 1626.1071 | I13: =+H13*(1+$I$4) -> 1719.6083 | J13: =+I13*(1+$J$4) -> 1789.9402 | K13: =+J13*(1+$K$4) -> 1846.8603 | L13: =+K13*(1+$L$4) -> 1917.041 | M13: =+L13*(1+$M$4) -> 1984.1375 | N13: =+M13*(1+$N$4) -> 2183.9401
B14: SEGUETA | C14: und | D14: 0.19 | E14: =+N14 -> 3213.5324 | F14: =+ROUNDUP(E14*(1+D14),0) -> 3825 | H14: 2392.7157 | I14: =+H14*(1+$I$4) -> 2530.2969 | J14: =+I14*(1+$J$4) -> 2633.786 | K14: =+J14*(1+$K$4) -> 2717.5404 | L14: =+K14*(1+$L$4) -> 2820.8069 | M14: =+L14*(1+$M$4) -> 2919.5352 | N14: =+M14*(1+$N$4) -> 3213.5324
B15: ESCOBA | C15: und | D15: 0.19 | E15: =+N15 -> 4015.123 | F15: =+ROUNDUP(E15*(1+D15),0) -> 4778 | H15: 2989.56 | I15: =+H15*(1+$I$4) -> 3161.4597 | J15: =+I15*(1+$J$4) -> 3290.7634 | K15: =+J15*(1+$K$4) -> 3395.4097 | L15: =+K15*(1+$L$4) -> 3524.4352 | M15: =+L15*(1+$M$4) -> 3647.7905 | N15: =+M15*(1+$N$4) -> 4015.123
B16: PALUSTRE | C16: und | D16: 0.19 | E16: =+N16 -> 9888.6743 | F16: =+ROUNDUP(E16*(1+D16),0) -> 11768 | H16: 7362.8592 | I16: =+H16*(1+$I$4) -> 7786.2236 | J16: =+I16*(1+$J$4) -> 8104.6801 | K16: =+J16*(1+$K$4) -> 8362.409 | L16: =+K16*(1+$L$4) -> 8680.1805 | M16: =+L16*(1+$M$4) -> 8983.9868 | N16: =+M16*(1+$N$4) -> 9888.6743
... B18: FLEXOMETRO | C18: und | D18: 0.19 | E18: =+N18 -> 12360.843 | F18: =+ROUNDUP(E18*(1+D18),0) -> 14710 | H18: 9203.574 | I18: =+H18*(1+$I$4) -> 9732.7795 | J18: =+I18*(1+$J$4) -> 10130.85 | K18: =+J18*(1+$K$4) -> 10453.011 | L18: =+K18*(1+$L$4) -> 10850.226 | M18: =+L18*(1+$M$4) -> 11229.984 | N18: =+M18*(1+$N$4) -> 12360.843
B19: COSTO TOTAL | E19: =SUM(E5:E18) -> 334428.2 | F19: =SUM(F5:F18) -> 397976
B20: NO. ESTIMADO DE USOS | D20: 10
B21: COSTO TOTAL POR USO | E21: =+E19/D20 -> 33442.82 | F21: =+F19/D20 -> 39797.6
B22: NO. DE HERRAMIENTAS | D22: =+COUNT(D5:D18) -> 14
B23: COSTO UNITARIO HERRAMIENTA MENOR | E23: =+ROUND(E21/D22,0) -> 2389 | F23: =+ROUND(F21/D22,0) -> 2843
B25: EQUIPO BASICO (CONSTRUCCIÓN) | E25: =+E23 -> 2389 | F25: =+F23 -> 2843
B26: EQUIPO BASICO ( HERRAMIENTA MENOR ) | E26: =+E25 -> 2389 | F26: =+F25 -> 2843
E27: Sin Iva | F27: Con Iva

Sheet Análisis Mano de Obra
B2: ANALISIS DE MANO DE OBRA
B4: =+'[23]Análisis Factor Prestacional'!B4 -> Datos Basicos año 2022 | C4: =+'[24]Analisis Factor Prestacional'!B3 -> Días del año | D4: =+'[24]Analisis Factor Prestacional'!C3 -> 365
C5: =+'[23]Análisis Factor Prestacional'!C5 -> Subsidio Transporte 2022 | D5: =+'[23]Análisis Factor Prestacional'!$D$5 -> 117172
C6: =+'[23]Análisis Factor Prestacional'!C6 -> Salario mínimo 2022 | D6: =+'[23]Análisis Factor Prestacional'!$D$6 -> 1000000
B8: Mano de Obra AA - Albañileria (1OF Y 1 AY)
B9: Trabajador | C9: Valor Base Mes | D9: Valor Base Dia | E9: Valor Base Hora | F9: Factor Prestacional | G9: Valor Total Hora
B10: Oficial | C10: =+$D$6*1.6 -> 1600000 | D10: =+C10/30 -> 53333.333 | E10: =+D10/8 -> 6666.6667 | F10: =+IF(C10>2*$D$6,'[23]Análisis Factor Prestacional'!$E$29+1,'[23]Análisis Factor Prestacional'!$D$29+1) -> 1.8437 | G10: =+F10*E10 -> 12291.333
B11: Ayudante | C11: =+$D$6 -> 1000000 | D11: =+C11/30 -> 33333.333 | E11: =+D11/8 -> 4166.6667 | F11: =+IF(C11>2*$D$6,'[23]Análisis Factor Prestacional'!$E$29+1,'[23]Análisis Factor Prestacional'!$D$29+1) -> 1.8437 | G11: =+F11*E11 -> 7682.0834
B12: Cuadrilla 1 Oficial + 1 Ayudante | C12: =SUM(C10:C11) -> 2600000 | D12: =SUM(D10:D11) -> 86666.667 | E12: =SUM(E10:E11) -> 10833.333 | G12: =ROUND(SUM(G10:G11),0) -> 19973
B14: Mano de Obra BB - Instalaciones
B15: Trabajador | C15: Valor Base Mes | D15: Valor Base Dia | E15: Valor Base Hora | F15: Factor Prestacional | G15: Valor Total Hora
B16: Oficial | C16: =+$D$6*1.6*1.1 -> 1760000 | D16: =+C16/30 -> 58666.667 | E16: =+D16/8 -> 7333.3333 | F16: =+IF(C16>2*$D$6,'[23]Análisis Factor Prestacional'!$E$29+1,'[23]Análisis Factor Prestacional'!$D$29+1) -> 1.8437 | G16: =+F16*E16 -> 13520.467
B17: Ayudante | C17: =+$D$6*1.1 -> 1100000 | D17: =+C17/30 -> 36666.667 | E17: =+D17/8 -> 4583.3333 | F17: =+IF(C17>2*$D$6,'[23]Análisis Factor Prestacional'!$E$29+1,'[23]Análisis Factor Prestacional'!$D$29+1) -> 1.8437 | G17: =+F17*E17 -> 8450.2918
B18: Cuadrilla 1 Oficial + 1 Ayudante | C18: =SUM(C16:C17) -> 2860000 | D18: =SUM(D16:D17) -> 95333.333 | E18: =SUM(E16:E17) -> 11916.667 | G18: =ROUND(SUM(G16:G17),0) -> 21971
B20: Mano de Obra CC - Pintura
B21: Trabajador | C21: Valor Base Mes | D21: Valor Base Dia | E21: Valor Base Hora | F21: Factor Prestacional | G21: Valor Total Hora
B22: Oficial | C22: =+$D$6*1.6*1.15 -> 1840000 | D22: =+C22/30 -> 61333.333 | E22: =+D22/8 -> 7666.6667 | F22: =+IF(C22>2*$D$6,'[23]Análisis Factor Prestacional'!$E$29+1,'[23]Análisis Factor Prestacional'!$D$29+1) -> 1.8437 | G22: =+F22*E22 -> 14135.033
B23: Ayudante | C23: =+$D$6*1.15 -> 1150000 | D23: =+C23/30 -> 38333.333 | E23: =+D23/8 -> 4791.6667 | F23: =+IF(C23>2*$D$6,'[23]Análisis Factor Prestacional'!$E$29+1,'[23]Análisis Factor Prestacional'!$D$29+1) -> 1.8437 | G23: =+F23*E23 -> 8834.3959
B24: Cuadrilla 1 Oficial + 1 Ayudante | C24: =SUM(C22:C23) -> 2990000 | D24: =SUM(D22:D23) -> 99666.667 | E24: =SUM(E22:E23) -> 12458.333 | G24: =ROUND(SUM(G22:G23),0) -> 22969
B26: Mano de Obra DD - Carpinteria
B27: Trabajador | C27: Valor Base Mes | D27: Valor Base Dia | E27: Valor Base Hora | F27: Factor Prestacional | G27: Valor Total Hora
B28: Oficial | C28: =+$D$6*1.6*1.15 -> 1840000 | D28: =+C28/30 -> 61333.333 | E28: =+D28/8 -> 7666.6667 | F28: =+IF(C28>2*$D$6,'[23]Análisis Factor Prestacional'!$E$29+1,'[23]Análisis Factor Prestacional'!$D$29+1) -> 1.8437 | G28: =+F28*E28 -> 14135.033
B29: Ayudante | C29: =+$D$6*1.15 -> 1150000 | D29: =+C29/30 -> 38333.333 | E29: =+D29/8 -> 4791.6667 | F29: =+IF(C29>2*$D$6,'[23]Análisis Factor Prestacional'!$E$29+1,'[23]Análisis Factor Prestacional'!$D$29+1) -> 1.8437 | G29: =+F29*E29 -> 8834.3959
B30: Cuadrilla 1 Oficial + 1 Ayudante | C30: =SUM(C28:C29) -> 2990000 | D30: =SUM(D28:D29) -> 99666.667 | E30: =SUM(E28:E29) -> 12458.333 | G30: =ROUND(SUM(G28:G29),0) -> 22969
B32: Mano de Obra EE - Muros Secos
B33: Trabajador | C33: Valor Base Mes | D33: Valor Base Dia | E33: Valor Base Hora | F33: Factor Prestacional | G33: Valor Total Hora
B34: Oficial | C34: =+$D$6*1.6*1.12 -> 1792000 | D34: =+C34/30 -> 59733.333 | E34: =+D34/8 -> 7466.6667 | F34: =+IF(C34>2*$D$6,'[23]Análisis Factor Prestacional'!$E$29+1,'[23]Análisis Factor Prestacional'!$D$29+1) -> 1.8437 | G34: =+F34*E34 -> 13766.293
B35: Ayudante | C35: =+$D$6*1.12 -> 1120000 | D35: =+C35/30 -> 37333.333 | E35: =+D35/8 -> 4666.6667 | F35: =+IF(C35>2*$D$6,'[23]Análisis Factor Prestacional'!$E$29+1,'[23]Análisis Factor Prestacional'!$D$29+1) -> 1.8437 | G35: =+F35*E35 -> 8603.9334
B36: Cuadrilla 1 Oficial + 1 Ayudante | C36: =SUM(C34:C35) -> 2912000 | D36: =SUM(D34:D35) -> 97066.667 | E36: =SUM(E34:E35) -> 12133.333 | G36: =ROUND(SUM(G34:G35),0) -> 22370
B38: Mano de Obra FF - Instalaciones Electricas Internas
B39: Trabajador | C39: Valor Base Mes | D39: Valor Base Dia | E39: Valor Base Hora | F39: Factor Prestacional | G39: Valor Total Hora
B40: Oficial | C40: =+$D$6*1.6*1.5 -> 2400000 | D40: =+C40/30 -> 80000 | E40: =+D40/8 -> 10000 | F40: =+IF(C40>2*$D$6,'[23]Análisis Factor Prestacional'!$E$29+1,'[23]Análisis Factor Prestacional'!$D$29+1) -> 1.6556 | G40: =+F40*E40 -> 16556
B41: Ayudante | C41: =+$D$6*1.5 -> 1500000 | D41: =+C41/30 -> 50000 | E41: =+D41/8 -> 6250 | F41: =+IF(C41>2*$D$6,'[23]Análisis Factor Prestacional'!$E$29+1,'[23]Análisis Factor Prestacional'!$D$29+1) -> 1.8437 | G41: =+F41*E41 -> 11523.125
B42: Cuadrilla 1 Oficial + 1 Ayudante | C42: =SUM(C40:C41) -> 3900000 | D42: =SUM(D40:D41) -> 130000 | E42: =SUM(E40:E41) -> 16250 | G42: =ROUND(SUM(G40:G41),0) -> 28079
B44: Mano de Obra GG - Instalaciones Alumbrado Publico
B45: Trabajador | C45: Valor Base Mes | D45: Valor Base Dia | E45: Valor Base Hora | F45: Factor Prestacional | G45: Valor Total Hora
B46: Oficial | C46: =+$D$6*1.6*2.5 -> 4000000 | D46: =+C46/30 -> 133333.33 | E46: =+D46/8 -> 16666.667 | F46: =+IF(C46>2*$D$6,'[23]Análisis Factor Prestacional'!$E$29+1,'[23]Análisis Factor Prestacional'!$D$29+1) -> 1.6556 | G46: =+F46*E46 -> 27593.333
B47: Ayudante | C47: =+$D$6*2 -> 2000000 | D47: =+C47/30 -> 66666.667 | E47: =+D47/8 -> 8333.3333 | F47: =+IF(C47>2*$D$6,'[23]Análisis Factor Prestacional'!$E$29+1,'[23]Análisis Factor Prestacional'!$D$29+1) -> 1.8437 | G47: =+F47*E47 -> 15364.167
B48: Cuadrilla 1 Oficial + 1 Ayudante | C48: =SUM(C46:C47) -> 6000000 | D48: =SUM(D46:D47) -> 200000 | E48: =SUM(E46:E47) -> 25000 | G48: =ROUND(SUM(G46:G47),0) -> 42958
A52: CODIGO | B52: PERSONAL O CUADRILLA | D52: TIPO | E52: UNIDAD | F52: VALOR TOTAL | G52: VALOR BASE | H52: FACTOR PRESTACIONAL | I52: ANALISIS CALCULO | J52: FECHA DE ACTUALIZACION
A53: I65 | B53: OFICIAL AA (Albañileria) | E53: hr | F53: =+ROUND(G53*H53,0) -> 12291 | G53: =+E10 -> 6666.6667 | H53: =+IF(G53*8*30>2*$D$6,'[23]Análisis Factor Prestacional'!$E$29+1,'[23]Análisis Factor Prestacional'!$D$29+1) -> 1.8437 | I53: VER ANALISIS MANO DE OBRA | J53: 44600
A54: I66 | B54: OFICIAL BB (Instalaciones) | E54: hr | F54: =+ROUND(G54*H54,0) -> 13520 | G54: =+E16 -> 7333.3333 | H54: =+IF(G54*8*30>2*$D$6,'[23]Análisis Factor Prestacional'!$E$29+1,'[23]Análisis Factor Prestacional'!$D$29+1) -> 1.8437 | I54: VER ANALISIS MANO DE OBRA | J54: 44600
A55: I67 | B55: OFICIAL CC (Pintura) | E55: hr | F55: =+ROUND(G55*H55,0) -> 14135 | G55: =+E22 -> 7666.6667 | H55: =+IF(G55*8*30>2*$D$6,'[23]Análisis Factor Prestacional'!$E$29+1,'[23]Análisis Factor Prestacional'!$D$29+1) -> 1.8437 | I55: VER ANALISIS MANO DE OBRA | J55: 44600
A56: I68 | B56: OFICIAL DD (Carpinteria) | E56: hr | F56: =+ROUND(G56*H56,0) -> 14135 | G56: =+E28 -> 7666.6667 | H56: =+IF(G56*8*30>2*$D$6,'[23]Análisis Factor Prestacional'!$E$29+1,'[23]Análisis Factor Prestacional'!$D$29+1) -> 1.8437 | I56: VER ANALISIS MANO DE OBRA | J56: 44600
A57: I69 | B57: OFICIAL EE (Dry Wall) | E57: hr | F57: =+ROUND(G57*H57,0) -> 13766 | G57: =+E34 -> 7466.6667 | H57: =+IF(G57*8*30>2*$D$6,'[23]Análisis Factor Prestacional'!$E$29+1,'[23]Análisis Factor Prestacional'!$D$29+1) -> 1.8437 | I57: VER ANALISIS MANO DE OBRA | J57: 44600
A58: I70 | B58: OFICIAL FF (Electricas) | E58: hr | F58: =+ROUND(G58*H58,0) -> 16556 | G58: =+E40 -> 10000 | H58: =+IF(G58*8*30>2*$D$6,'[23]Análisis Factor Prestacional'!$E$29+1,'[23]Análisis Factor Prestacional'!$D$29+1) -> 1.6556 | I58: VER ANALISIS MANO DE OBRA | J58: 44600
A59: I71 | B59: OFICIAL GG (Alumbrado Publico) | E59: hr | F59: =+ROUND(G59*H59,0) -> 27593 | G59: =+E46 -> 16666.667 | H59: =+IF(G59*8*30>2*$D$6,'[23]Análisis Factor Prestacional'!$E$29+1,'[23]Análisis Factor Prestacional'!$D$29+1) -> 1.6556 | I59: VER ANALISIS MANO DE OBRA | J59: 44600
A60: I72 | B60: AYUDANTE AA (Albañileria) | E60: hr | F60: =+ROUND(G60*H60,0) -> 7682 | G60: =+E11 -> 4166.6667 | H60: =+IF(G60*8*30>2*$D$6,'[23]Análisis Factor Prestacional'!$E$29+1,'[23]Análisis Factor Prestacional'!$D$29+1) -> 1.8437 | I60: VER ANALISIS MANO DE OBRA | J60: 44600
A61: I73 | B61: AYUDANTE BB (Instalaciones) | E61: hr | F61: =+ROUND(G61*H61,0) -> 8450 | G61: =+E17 -> 4583.3333 | H61: =+IF(G61*8*30>2*$D$6,'[23]Análisis Factor Prestacional'!$E$29+1,'[23]Análisis Factor Prestacional'!$D$29+1) -> 1.8437 | I61: VER ANALISIS MANO DE OBRA | J61: 44600
A62: I74 | B62: AYUDANTE CC (Pintura) | E62: hr | F62: =+ROUND(G62*H62,0) -> 8834 | G62: =+E23 -> 4791.6667 | H62: =+IF(G62*8*30>2*$D$6,'[23]Análisis Factor Prestacional'!$E$29+1,'[23]Análisis Factor Prestacional'!$D$29+1) -> 1.8437 | I62: VER ANALISIS MANO DE OBRA | J62: 44600
A63: I75 | B63: AYUDANTE DD (Carpinteria) | E63: hr | F63: =+ROUND(G63*H63,0) -> 8834 | G63: =+E29 -> 4791.6667 | H63: =+IF(G63*8*30>2*$D$6,'[23]Análisis Factor Prestacional'!$E$29+1,'[23]Análisis Factor Prestacional'!$D$29+1) -> 1.8437 | I63: VER ANALISIS MANO DE OBRA | J63: 44600
A64: I76 | B64: AYUDANTE EE (Dry Wall) | E64: hr | F64: =+ROUND(G64*H64,0) -> 8604 | G64: =+E35 -> 4666.6667 | H64: =+IF(G64*8*30>2*$D$6,'[23]Análisis Factor Prestacional'!$E$29+1,'[23]Análisis Factor Prestacional'!$D$29+1) -> 1.8437 | I64: VER ANALISIS MANO DE OBRA | J64: 44600
A65: I77 | B65: AYUDANTE FF (Electricas) | E65: hr | F65: =+ROUND(G65*H65,0) -> 11523 | G65: =+E41 -> 6250 | H65: =+IF(G65*8*30>2*$D$6,'[23]Análisis Factor Prestacional'!$E$29+1,'[23]Análisis Factor Prestacional'!$D$29+1) -> 1.8437 | I65: VER ANALISIS MANO DE OBRA | J65: 44600
A66: I78 | B66: AYUDANTE GG (Alumbrado Publico) | E66: hr | F66: =+ROUND(G66*H66,0) -> 15364 | G66: =+E47 -> 8333.3333 | H66: =+IF(G66*8*30>2*$D$6,'[23]Análisis Factor Prestacional'!$E$29+1,'[23]Análisis Factor Prestacional'!$D$29+1) -> 1.8437 | I66: VER ANALISIS MANO DE OBRA | J66: 44600
A68: I03 | B68: CUADRILLA AA TIPO 1 (1 OFICIAL + 1 AYUDANTE) (Albañileria) | D68: 1 | E68: hr | F68: =+ROUND($F$53+$F$60*D68,0) -> 19973 | J68: 44600
A69: I04 | B69: CUADRILLA BB TIPO 1 (1 OFICIAL + 1 AYUDANTE) (Instalaciones) | D69: 1 | E69: hr | F69: =+ROUND($F$54+$F$61*D69,0) -> 21970 | J69: 44600
A70: I05 | B70: CUADRILLA CC TIPO 1 (1 OFICIAL + 1 AYUDANTE) (Pintura) | D70: 1 | E70: hr | F70: =+ROUND($F$55+$F$62*D70,0) -> 22969 | J70: 44600
A71: I06 | B71: CUADRILLA DD TIPO 1 (1 OFICIAL + 1 AYUDANTE) (Carpinteria) | D71: 1 | E71: hr | F71: =+ROUND($F$56+$F$63*D71,0) -> 22969 | J71: 44600
A72: I07 | B72: CUADRILLA EE TIPO 1 (1 OFICIAL + 1 AYUDANTE) (Dry Wall) | D72: 1 | E72: hr | F72: =+ROUND($F$57+$F$64*D72,0) -> 22370 | J72: 44600
A73: I08 | B73: CUADRILLA FF TIPO 1 (1 OFICIAL + 1 AYUDANTE) (Electricas) | D73: 1 | E73: hr | F73: =+ROUND($F$58+$F$65*D73,0) -> 28079 | J73: 44600
A74: I19 | B74: CUADRILLA GG TIPO 1 (1 OFICIAL + 1 AYUDANTE) (Alumbrado Publico) | D74: 1 | E74: hr | F74: =+ROUND($F$59+$F$66*D74,0) -> 42957 | J74: 44600
A76: I30 | B76: CUADRILLA AA TIPO 2 (1 OFICIAL + 2 AYUDANTE) (Albañileria) | D76: 2 | E76: hr | F76: =+ROUND($F$53+$F$60*D76,0) -> 27655 | J76: 44600
A77: I31 | B77: CUADRILLA BB TIPO 2 (1 OFICIAL + 2 AYUDANTE) (Instalaciones) | D77: 2 | E77: hr | F77: =+ROUND($F$54+$F$61*D77,0) -> 30420 | J77: 44600
A78: I32 | B78: CUADRILLA CC TIPO 2 (1 OFICIAL + 2 AYUDANTE) (Pintura) | D78: 2 | E78: hr | F78: =+ROUND($F$55+$F$62*D78,0) -> 31803 | J78: 44600
A79: I33 | B79: CUADRILLA DD TIPO 2 (1 OFICIAL + 2 AYUDANTE) (Carpinteria) | D79: 2 | E79: hr | F79: =+ROUND($F$56+$F$63*D79,0) -> 31803 | J79: 44600
A80: I34 | B80: CUADRILLA EE TIPO 2 (1 OFICIAL + 2 AYUDANTE) (Dry Wall) | D80: 2 | E80: hr | F80: =+ROUND($F$57+$F$64*D80,0) -> 30974 | J80: 44600
A81: I35 | B81: CUADRILLA FF TIPO 2 (1 OFICIAL + 2 AYUDANTE) (Electricas) | D81: 2 | E81: hr | F81: =+ROUND($F$58+$F$65*D81,0) -> 39602 | J81: 44600
A82: I36 | B82: CUADRILLA GG TIPO 2 (1 OFICIAL + 2 AYUDANTE) (Alumbrado Publico) | D82: 2 | E82: hr | F82: =+ROUND($F$59+$F$66*D82,0) -> 58321 | J82: 44600
A84: I37 | B84: CUADRILLA AA TIPO 3 (1 OFICIAL + 3 AYUDANTE) (Albañileria) | D84: 3 | E84: hr | F84: =+ROUND($F$53+$F$60*D84,0) -> 35337 | J84: 44600
A85: I38 | B85: CUADRILLA BB TIPO 3 (1 OFICIAL + 3 AYUDANTE) (Instalaciones) | D85: 3 | E85: hr | F85: =+ROUND($F$54+$F$61*D85,0) -> 38870 | J85: 44600
A86: I39 | B86: CUADRILLA CC TIPO 3 (1 OFICIAL + 3 AYUDANTE) (Pintura) | D86: 3 | E86: hr | F86: =+ROUND($F$55+$F$62*D86,0) -> 40637 | J86: 44600
A87: I40 | B87: CUADRILLA DD TIPO 3 (1 OFICIAL + 3 AYUDANTE) (Carpinteria) | D87: 3 | E87: hr | F87: =+ROUND($F$56+$F$63*D87,0) -> 40637 | J87: 44600
A88: I41 | B88: CUADRILLA EE TIPO 3 (1 OFICIAL + 3 AYUDANTE) (Dry Wall) | D88: 3 | E88: hr | F88: =+ROUND($F$57+$F$64*D88,0) -> 39578 | J88: 44600
A89: I42 | B89: CUADRILLA FF TIPO 3 (1 OFICIAL + 3 AYUDANTE) (Electricas) | D89: 3 | E89: hr | F89: =+ROUND($F$58+$F$65*D89,0) -> 51125 | J89: 44600
A90: I43 | B90: CUADRILLA GG TIPO 3 (1 OFICIAL + 3 AYUDANTE) (Alumbrado Publico) | D90: 3 | E90: hr | F90: =+ROUND($F$59+$F$66*D90,0) -> 73685 | J90: 44600
A92: I44 | B92: CUADRILLA AA TIPO 4 (1 OFICIAL + 4 AYUDANTE) (Albañileria) | D92: 4 | E92: hr | F92: =+ROUND($F$53+$F$60*D92,0) -> 43019 | J92: 44600
A93: I45 | B93: CUADRILLA BB TIPO 4 (1 OFICIAL + 4 AYUDANTE) (Instalaciones) | D93: 4 | E93: hr | F93: =+ROUND($F$54+$F$61*D93,0) -> 47320 | J93: 44600
A94: I46 | B94: CUADRILLA CC TIPO 4 (1 OFICIAL + 4 AYUDANTE) (Pintura) | D94: 4 | E94: hr | F94: =+ROUND($F$55+$F$62*D94,0) -> 49471 | J94: 44600
A95: I47 | B95: CUADRILLA DD TIPO 4 (1 OFICIAL + 4 AYUDANTE) (Carpinteria) | D95: 4 | E95: hr | F95: =+ROUND($F$56+$F$63*D95,0) -> 49471 | J95: 44600
A96: I48 | B96: CUADRILLA EE TIPO 4 (1 OFICIAL + 4 AYUDANTE) (Dry Wall) | D96: 4 | E96: hr | F96: =+ROUND($F$57+$F$64*D96,0) -> 48182 | J96: 44600
A97: I49 | B97: CUADRILLA FF TIPO 4 (1 OFICIAL + 4 AYUDANTE) (Electricas) | D97: 4 | E97: hr | F97: =+ROUND($F$58+$F$65*D97,0) -> 62648 | J97: 44600
A98: I50 | B98: CUADRILLA GG TIPO 4 (1 OFICIAL + 4 AYUDANTE) (Alumbrado Publico) | D98: 4 | E98: hr | F98: =+ROUND($F$59+$F$66*D98,0) -> 89049 | J98: 44600
A100: I51 | B100: CUADRILLA AA TIPO 5 (1 OFICIAL + 5 AYUDANTE) (Albañileria) | D100: 5 | E100: hr | F100: =+ROUND($F$53+$F$60*D100,0) -> 50701 | J100: 44600
A101: I52 | B101: CUADRILLA BB TIPO 5 (1 OFICIAL + 5 AYUDANTE) (Instalaciones) | D101: 5 | E101: hr | F101: =+ROUND($F$54+$F$61*D101,0) -> 55770 | J101: 44600
A102: I53 | B102: CUADRILLA CC TIPO 5 (1 OFICIAL + 5 AYUDANTE) (Pintura) | D102: 5 | E102: hr | F102: =+ROUND($F$55+$F$62*D102,0) -> 58305 | J102: 44600
A103: I54 | B103: CUADRILLA DD TIPO 5 (1 OFICIAL + 5 AYUDANTE) (Carpinteria) | D103: 5 | E103: hr | F103: =+ROUND($F$56+$F$63*D103,0) -> 58305 | J103: 44600
A104: I55 | B104: CUADRILLA EE TIPO 5 (1 OFICIAL + 5 AYUDANTE) (Dry Wall) | D104: 5 | E104: hr | F104: =+ROUND($F$57+$F$64*D104,0) -> 56786 | J104: 44600
A105: I56 | B105: CUADRILLA FF TIPO 5 (1 OFICIAL + 5 AYUDANTE) (Electricas) | D105: 5 | E105: hr | F105: =+ROUND($F$58+$F$65*D105,0) -> 74171 | J105: 44600
A106: I57 | B106: CUADRILLA GG TIPO 5 (1 OFICIAL + 5 AYUDANTE) (Alumbrado Publico) | D106: 5 | E106: hr | F106: =+ROUND($F$59+$F$66*D106,0) -> 104413 | J106: 44600
A108: I58 | B108: CUADRILLA AA TIPO 6 (1 OFICIAL + 6 AYUDANTE) (Albañileria) | D108: 6 | E108: hr | F108: =+ROUND($F$53+$F$60*D108,0) -> 58383 | J108: 44600
A109: I59 | B109: CUADRILLA BB TIPO 6 (1 OFICIAL + 6 AYUDANTE) (Instalaciones) | D109: 6 | E109: hr | F109: =+ROUND($F$54+$F$61*D109,0) -> 64220 | J109: 44600
A110: I60 | B110: CUADRILLA CC TIPO 6 (1 OFICIAL + 6 AYUDANTE) (Pintura) | D110: 6 | E110: hr | F110: =+ROUND($F$55+$F$62*D110,0) -> 67139 | J110: 44600
A111: I61 | B111: CUADRILLA DD TIPO 6 (1 OFICIAL + 6 AYUDANTE) (Carpinteria) | D111: 6 | E111: hr | F111: =+ROUND($F$56+$F$63*D111,0) -> 67139 | J111: 44600
A112: I62 | B112: CUADRILLA EE TIPO 6 (1 OFICIAL + 6 AYUDANTE) (Dry Wall) | D112: 6 | E112: hr | F112: =+ROUND($F$57+$F$64*D112,0) -> 65390 | J112: 44600
A113: I63 | B113: CUADRILLA FF TIPO 6 (1 OFICIAL + 6 AYUDANTE) (Electricas) | D113: 6 | E113: hr | F113: =+ROUND($F$58+$F$65*D113,0) -> 85694 | J113: 44600
A114: I64 | B114: CUADRILLA GG TIPO 6 (1 OFICIAL + 6 AYUDANTE) (Alumbrado Publico) | D114: 6 | E114: hr | F114: =+ROUND($F$59+$F$66*D114,0) -> 119777 | J114: 44600

Sheet Concretos
B2: CONCRETOS Y MORTEROS
B4: H18 | C4: CONCRETO 1500 psi - 10.5 Mpa | G4: m3 | J4: =SUM(J5:J11) -> 332805
B5: B19 | C5: =VLOOKUP(B5,[25]Insumos!$A$5:$N$6798,2,0) -> AGUA LITRO | F5: =VLOOKUP(B5,[25]Insumos!$A$5:$N$6798,3,0) -> Insumo | G5: =VLOOKUP(B5,[25]Insumos!$A$5:$N$6798,4,0) -> lt | H5: 160 | I5: =+[23]Insumos!$F$51 -> 25 | J5: =ROUND((+I5*H5),0) -> 4000
B6: H01 | C6: =VLOOKUP(B6,[25]Insumos!$A$5:$N$6798,2,0) -> CEMENTO GRIS | F6: =VLOOKUP(B6,[25]Insumos!$A$5:$N$6798,3,0) -> Insumo | G6: =VLOOKUP(B6,[25]Insumos!$A$5:$N$6798,4,0) -> kg | H6: 210 | I6: =+Insumos!$F$276 -> 560 | J6: =ROUND((+I6*H6),0) -> 117600 | K6: 759
B7: I51 | C7: =VLOOKUP(B7,[25]Insumos!$A$5:$N$6798,2,0) -> CUADRILLA AA TIPO 5 (1 OFICIAL + 5 AYUDANTE) (Albañileria) | F7: =VLOOKUP(B7,[25]Insumos!$A$5:$N$6798,3,0) -> Mano de Obra | G7: =VLOOKUP(B7,[25]Insumos!$A$5:$N$6798,4,0) -> hr | H7: 0.79 | I7: =+'Análisis Mano de Obra'!$F$100 -> 50701 | J7: =ROUND((+I7*H7),0) -> 40054
B8: M09 | C8: =VLOOKUP(B8,[25]Insumos!$A$5:$N$6798,2,0) -> MEZCLADORA A GASOLINA 1 SACO | F8: =VLOOKUP(B8,[25]Insumos!$A$5:$N$6798,3,0) -> Equipo | G8: =VLOOKUP(B8,[25]Insumos!$A$5:$N$6798,4,0) -> dia | H8: 0.2 | I8: =+[23]Insumos!$F$2428 -> 59500 | J8: =ROUND((+I8*H8),0) -> 11900
B9: B01 | C9: =VLOOKUP(B9,[25]Insumos!$A$5:$N$6798,2,0) -> ARENA DE PEÑA | F9: =VLOOKUP(B9,[25]Insumos!$A$5:$N$6798,3,0) -> Insumo | G9: =VLOOKUP(B9,[25]Insumos!$A$5:$N$6798,4,0) -> m3 | H9: 0.5 | I9: =+Insumos!$F$33 -> 75000 | J9: =ROUND((+I9*H9),0) -> 37500
B10: B02 | C10: =+[23]Insumos!C2007 -> TRITURADO 3/4" | F10: =VLOOKUP(B10,[25]Insumos!$A$5:$N$6798,3,0) -> Insumo | G10: =VLOOKUP(B10,[25]Insumos!$A$5:$N$6798,4,0) -> m3 | H10: 1 | I10: =+Insumos!$F$2007 -> 115000 | J10: =ROUND((+I10*H10),0) -> 115000
B11: G1 | C11: =VLOOKUP(B11,[25]Insumos!$A$5:$N$6798,2,0) -> ACPM | F11: =VLOOKUP(B11,[25]Insumos!$A$5:$N$6798,3,0) -> Insumo | G11: =VLOOKUP(B11,[25]Insumos!$A$5:$N$6798,4,0) -> gal | H11: 0.5 | I11: =+[23]Insumos!$F$272 -> 13502 | J11: =ROUND((+I11*H11),0) -> 6751
B13: H19 | C13: CONCRETO 2000 psi - 14 Mpa | G13: m3 | J13: =SUM(J14:J20) -> 338555
B14: B19 | C14: =VLOOKUP(B14,[25]Insumos!$A$5:$N$6798,2,0) -> AGUA LITRO | F14: =VLOOKUP(B14,[25]Insumos!$A$5:$N$6798,3,0) -> Insumo | G14: =VLOOKUP(B14,[25]Insumos!$A$5:$N$6798,4,0) -> lt | H14: 130 | I14: =+[23]Insumos!$F$51 -> 25 | J14: =ROUND((+I14*H14),0) -> 3250
B15: H01 | C15: =VLOOKUP(B15,[25]Insumos!$A$5:$N$6798,2,0) -> CEMENTO GRIS | F15: =VLOOKUP(B15,[25]Insumos!$A$5:$N$6798,3,0) -> Insumo | G15: =VLOOKUP(B15,[25]Insumos!$A$5:$N$6798,4,0) -> kg | H15: 230 | I15: =+Insumos!$F$276 -> 560 | J15: =ROUND((+I15*H15),0) -> 128800
B16: I51 | C16: =VLOOKUP(B16,[25]Insumos!$A$5:$N$6798,2,0) -> CUADRILLA AA TIPO 5 (1 OFICIAL + 5 AYUDANTE) (Albañileria) | F16: =VLOOKUP(B16,[25]Insumos!$A$5:$N$6798,3,0) -> Mano de Obra | G16: =VLOOKUP(B16,[25]Insumos!$A$5:$N$6798,4,0) -> hr | H16: 0.79 | I16: =+'Análisis Mano de Obra'!$F$100 -> 50701 | J16: =ROUND((+I16*H16),0) -> 40054
B17: M09 | C17: =VLOOKUP(B17,[25]Insumos!$A$5:$N$6798,2,0) -> MEZCLADORA A GASOLINA 1 SACO | F17: =VLOOKUP(B17,[25]Insumos!$A$5:$N$6798,3,0) -> Equipo | G17: =VLOOKUP(B17,[25]Insumos!$A$5:$N$6798,4,0) -> dia | H17: 0.2 | I17: =+[23]Insumos!$F$2428 -> 59500 | J17: =ROUND((+I17*H17),0) -> 11900
B18: B01 | C18: =VLOOKUP(B18,[25]Insumos!$A$5:$N$6798,2,0) -> ARENA DE PEÑA | F18: =VLOOKUP(B18,[25]Insumos!$A$5:$N$6798,3,0) -> Insumo | G18: =VLOOKUP(B18,[25]Insumos!$A$5:$N$6798,4,0) -> m3 | H18: 0.56 | I18: =+Insumos!$F$33 -> 75000 | J18: =ROUND((+I18*H18),0) -> 42000
B19: B02 | C19: =+C10 -> TRITURADO 3/4" | F19: =VLOOKUP(B19,[25]Insumos!$A$5:$N$6798,3,0) -> Insumo | G19: =VLOOKUP(B19,[25]Insumos!$A$5:$N$6798,4,0) -> m3 | H19: 0.92 | I19: =+Insumos!$F$2007 -> 115000 | J19: =ROUND((+I19*H19),0) -> 105800
B20: G1 | C20: =VLOOKUP(B20,[25]Insumos!$A$5:$N$6798,2,0) -> ACPM | F20: =VLOOKUP(B20,[25]Insumos!$A$5:$N$6798,3,0) -> Insumo | G20: =VLOOKUP(B20,[25]Insumos!$A$5:$N$6798,4,0) -> gal | H20: 0.5 | I20: =+[23]Insumos!$F$272 -> 13502 | J20: =ROUND((+I20*H20),0) -> 6751
B22: H20 | C22: CONCRETO 2500 psi - 17.5 Mpa | G22: m3 | J22: =SUM(J23:J29) -> 367255
B23: B19 | C23: =VLOOKUP(B23,[25]Insumos!$A$5:$N$6798,2,0) -> AGUA LITRO | F23: =VLOOKUP(B23,[25]Insumos!$A$5:$N$6798,3,0) -> Insumo | G23: =VLOOKUP(B23,[25]Insumos!$A$5:$N$6798,4,0) -> lt | H23: 150 | I23: =+[23]Insumos!$F$51 -> 25 | J23: =ROUND((+I23*H23),0) -> 3750
B24: H01 | C24: =VLOOKUP(B24,[25]Insumos!$A$5:$N$6798,2,0) -> CEMENTO GRIS | F24: =VLOOKUP(B24,[25]Insumos!$A$5:$N$6798,3,0) -> Insumo | G24: =VLOOKUP(B24,[25]Insumos!$A$5:$N$6798,4,0) -> kg | H24: 300 | I24: =+Insumos!$F$276 -> 560 | J24: =ROUND((+I24*H24),0) -> 168000
B25: I51 | C25: =VLOOKUP(B25,[25]Insumos!$A$5:$N$6798,2,0) -> CUADRILLA AA TIPO 5 (1 OFICIAL + 5 AYUDANTE) (Albañileria) | F25: =VLOOKUP(B25,[25]Insumos!$A$5:$N$6798,3,0) -> Mano de Obra | G25: =VLOOKUP(B25,[25]Insumos!$A$5:$N$6798,4,0) -> hr | H25: 0.79 | I25: =+'Análisis Mano de Obra'!$F$100 -> 50701 | J25: =ROUND((+I25*H25),0) -> 40054
B26: M09 | C26: =VLOOKUP(B26,[25]Insumos!$A$5:$N$6798,2,0) -> MEZCLADORA A GASOLINA 1 SACO | F26: =VLOOKUP(B26,[25]Insumos!$A$5:$N$6798,3,0) -> Equipo | G26: =VLOOKUP(B26,[25]Insumos!$A$5:$N$6798,4,0) -> dia | H26: 0.2 | I26: =+[23]Insumos!$F$2428 -> 59500 | J26: =ROUND((+I26*H26),0) -> 11900
B27: B01 | C27: =VLOOKUP(B27,[25]Insumos!$A$5:$N$6798,2,0) -> ARENA DE PEÑA | F27: =VLOOKUP(B27,[25]Insumos!$A$5:$N$6798,3,0) -> Insumo | G27: =VLOOKUP(B27,[25]Insumos!$A$5:$N$6798,4,0) -> m3 | H27: 0.72 | I27: =+Insumos!$F$33 -> 75000 | J27: =ROUND((+I27*H27),0) -> 54000
B28: B02 | C28: =+C10 -> TRITURADO 3/4" | F28: =VLOOKUP(B28,[25]Insumos!$A$5:$N$6798,3,0) -> Insumo | G28: =VLOOKUP(B28,[25]Insumos!$A$5:$N$6798,4,0) -> m3 | H28: 0.72 | I28: =+Insumos!$F$2007 -> 115000 | J28: =ROUND((+I28*H28),0) -> 82800
B29: G1 | C29: =VLOOKUP(B29,[25]Insumos!$A$5:$N$6798,2,0) -> ACPM | F29: =VLOOKUP(B29,[25]Insumos!$A$5:$N$6798,3,0) -> Insumo | G29: =VLOOKUP(B29,[25]Insumos!$A$5:$N$6798,4,0) -> gal | H29: 0.5 | I29: =+[23]Insumos!$F$272 -> 13502 | J29: =ROUND((+I29*H29),0) -> 6751
B31: H21 | C31: CONCRETO 3000 psi - 21 Mpa | G31: m3 | J31: =SUM(J32:J38) -> 402155
B32: B19 | C32: =VLOOKUP(B32,[25]Insumos!$A$5:$N$6798,2,0) -> AGUA LITRO | F32: =VLOOKUP(B32,[25]Insumos!$A$5:$N$6798,3,0) -> Insumo | G32: =VLOOKUP(B32,[25]Insumos!$A$5:$N$6798,4,0) -> lt | H32: 170 | I32: =+[23]Insumos!$F$51 -> 25 | J32: =ROUND((+I32*H32),0) -> 4250
B33: H01 | C33: =VLOOKUP(B33,[25]Insumos!$A$5:$N$6798,2,0) -> CEMENTO GRIS | F33: =VLOOKUP(B33,[25]Insumos!$A$5:$N$6798,3,0) -> Insumo | G33: =VLOOKUP(B33,[25]Insumos!$A$5:$N$6798,4,0) -> kg | H33: 350 | I33: =+Insumos!$F$276 -> 560 | J33: =ROUND((+I33*H33),0) -> 196000
B34: I51 | C34: =VLOOKUP(B34,[25]Insumos!$A$5:$N$6798,2,0) -> CUADRILLA AA TIPO 5 (1 OFICIAL + 5 AYUDANTE) (Albañileria) | F34: =VLOOKUP(B34,[25]Insumos!$A$5:$N$6798,3,0) -> Mano de Obra | G34: =VLOOKUP(B34,[25]Insumos!$A$5:$N$6798,4,0) -> hr | H34: 0.79 | I34: =+'Análisis Mano de Obra'!$F$100 -> 50701 | J34: =ROUND((+I34*H34),0) -> 40054
B35: M09 | C35: =VLOOKUP(B35,[25]Insumos!$A$5:$N$6798,2,0) -> MEZCLADORA A GASOLINA 1 SACO | F35: =VLOOKUP(B35,[25]Insumos!$A$5:$N$6798,3,0) -> Equipo | G35: =VLOOKUP(B35,[25]Insumos!$A$5:$N$6798,4,0) -> dia | H35: 0.2 | I35: =+[23]Insumos!$F$2428 -> 59500 | J35: =ROUND((+I35*H35),0) -> 11900
B36: B01 | C36: =VLOOKUP(B36,[25]Insumos!$A$5:$N$6798,2,0) -> ARENA DE PEÑA | F36: =VLOOKUP(B36,[25]Insumos!$A$5:$N$6798,3,0) -> Insumo | G36: =VLOOKUP(B36,[25]Insumos!$A$5:$N$6798,4,0) -> m3 | H36: 0.56 | I36: =+Insumos!$F$33 -> 75000 | J36: =ROUND((+I36*H36),0) -> 42000
B37: B02 | C37: =+C10 -> TRITURADO 3/4" | F37: =VLOOKUP(B37,[25]Insumos!$A$5:$N$6798,3,0) -> Insumo | G37: =VLOOKUP(B37,[25]Insumos!$A$5:$N$6798,4,0) -> m3 | H37: 0.88 | I37: =+Insumos!$F$2007 -> 115000 | J37: =ROUND((+I37*H37),0) -> 101200
B38: G1 | C38: =VLOOKUP(B38,[25]Insumos!$A$5:$N$6798,2,0) -> ACPM | F38: =VLOOKUP(B38,[25]Insumos!$A$5:$N$6798,3,0) -> Insumo | G38: =VLOOKUP(B38,[25]Insumos!$A$5:$N$6798,4,0) -> gal | H38: 0.5 | I38: =+[23]Insumos!$F$272 -> 13502 | J38: =ROUND((+I38*H38),0) -> 6751
B40: H22 | C40: CONCRETO 3500 psi - 24.5 Mpa | G40: m3 | J40: =SUM(J41:J47) -> 425705
B41: B19 | C41: =VLOOKUP(B41,[25]Insumos!$A$5:$N$6798,2,0) -> AGUA LITRO | F41: =VLOOKUP(B41,[25]Insumos!$A$5:$N$6798,3,0) -> Insumo | G41: =VLOOKUP(B41,[25]Insumos!$A$5:$N$6798,4,0) -> lt | H41: 180 | I41: =+[23]Insumos!$F$51 -> 25 | J41: =ROUND((+I41*H41),0) -> 4500
B42: H01 | C42: =VLOOKUP(B42,[25]Insumos!$A$5:$N$6798,2,0) -> CEMENTO GRIS | F42: =VLOOKUP(B42,[25]Insumos!$A$5:$N$6798,3,0) -> Insumo | G42: =VLOOKUP(B42,[25]Insumos!$A$5:$N$6798,4,0) -> kg | H42: 420 | I42: =+Insumos!$F$276 -> 560 | J42: =ROUND((+I42*H42),0) -> 235200
B43: I51 | C43: =VLOOKUP(B43,[25]Insumos!$A$5:$N$6798,2,0) -> CUADRILLA AA TIPO 5 (1 OFICIAL + 5 AYUDANTE) (Albañileria) | F43: =VLOOKUP(B43,[25]Insumos!$A$5:$N$6798,3,0) -> Mano de Obra | G43: =VLOOKUP(B43,[25]Insumos!$A$5:$N$6798,4,0) -> hr | H43: 0.79 | I43: =+'Análisis Mano de Obra'!$F$100 -> 50701 | J43: =ROUND((+I43*H43),0) -> 40054
B44: M09 | C44: =VLOOKUP(B44,[25]Insumos!$A$5:$N$6798,2,0) -> MEZCLADORA A GASOLINA 1 SACO | F44: =VLOOKUP(B44,[25]Insumos!$A$5:$N$6798,3,0) -> Equipo | G44: =VLOOKUP(B44,[25]Insumos!$A$5:$N$6798,4,0) -> dia | H44: 0.2 | I44: =+[23]Insumos!$F$2428 -> 59500 | J44: =ROUND((+I44*H44),0) -> 11900
B45: B01 | C45: =VLOOKUP(B45,[25]Insumos!$A$5:$N$6798,2,0) -> ARENA DE PEÑA | F45: =VLOOKUP(B45,[25]Insumos!$A$5:$N$6798,3,0) -> Insumo | G45: =VLOOKUP(B45,[25]Insumos!$A$5:$N$6798,4,0) -> m3 | H45: 0.67 | I45: =+Insumos!$F$33 -> 75000 | J45: =ROUND((+I45*H45),0) -> 50250
B46: B02 | C46: =+C10 -> TRITURADO 3/4" | F46: =VLOOKUP(B46,[25]Insumos!$A$5:$N$6798,3,0) -> Insumo | G46: =VLOOKUP(B46,[25]Insumos!$A$5:$N$6798,4,0) -> m3 | H46: 0.67 | I46: =+Insumos!$F$2007 -> 115000 | J46: =ROUND((+I46*H46),0) -> 77050
B47: G1 | C47: =VLOOKUP(B47,[25]Insumos!$A$5:$N$6798,2,0) -> ACPM | F47: =VLOOKUP(B47,[25]Insumos!$A$5:$N$6798,3,0) -> Insumo | G47: =VLOOKUP(B47,[25]Insumos!$A$5:$N$6798,4,0) -> gal | H47: 0.5 | I47: =+[23]Insumos!$F$272 -> 13502 | J47: =ROUND((+I47*H47),0) -> 6751
B49: H23 | C49: CONCRETO 4000 psi - 28 Mpa | G49: m3 | J49: =SUM(J50:J56) -> 434005
B50: B19 | C50: =VLOOKUP(B50,[25]Insumos!$A$5:$N$6798,2,0) -> AGUA LITRO | F50: =VLOOKUP(B50,[25]Insumos!$A$5:$N$6798,3,0) -> Insumo | G50: =VLOOKUP(B50,[25]Insumos!$A$5:$N$6798,4,0) -> lt | H50: 170 | I50: =+[23]Insumos!$F$51 -> 25 | J50: =ROUND((+I50*H50),0) -> 4250
B51: H01 | C51: =VLOOKUP(B51,[25]Insumos!$A$5:$N$6798,2,0) -> CEMENTO GRIS | F51: =VLOOKUP(B51,[25]Insumos!$A$5:$N$6798,3,0) -> Insumo | G51: =VLOOKUP(B51,[25]Insumos!$A$5:$N$6798,4,0) -> kg | H51: 450 | I51: =+Insumos!$F$276 -> 560 | J51: =ROUND((+I51*H51),0) -> 252000
B52: I51 | C52: =VLOOKUP(B52,[25]Insumos!$A$5:$N$6798,2,0) -> CUADRILLA AA TIPO 5 (1 OFICIAL + 5 AYUDANTE) (Albañileria) | F52: =VLOOKUP(B52,[25]Insumos!$A$5:$N$6798,3,0) -> Mano de Obra | G52: =VLOOKUP(B52,[25]Insumos!$A$5:$N$6798,4,0) -> hr | H52: 0.79 | I52: =+'Análisis Mano de Obra'!$F$100 -> 50701 | J52: =ROUND((+I52*H52),0) -> 40054
B53: M09 | C53: =VLOOKUP(B53,[25]Insumos!$A$5:$N$6798,2,0) -> MEZCLADORA A GASOLINA 1 SACO | F53: =VLOOKUP(B53,[25]Insumos!$A$5:$N$6798,3,0) -> Equipo | G53: =VLOOKUP(B53,[25]Insumos!$A$5:$N$6798,4,0) -> dia | H53: 0.2 | I53: =+[23]Insumos!$F$2428 -> 59500 | J53: =ROUND((+I53*H53),0) -> 11900
B54: B01 | C54: =VLOOKUP(B54,[25]Insumos!$A$5:$N$6798,2,0) -> ARENA DE PEÑA | F54: =VLOOKUP(B54,[25]Insumos!$A$5:$N$6798,3,0) -> Insumo | G54: =VLOOKUP(B54,[25]Insumos!$A$5:$N$6798,4,0) -> m3 | H54: 0.56 | I54: =+Insumos!$F$33 -> 75000 | J54: =ROUND((+I54*H54),0) -> 42000
B55: B02 | C55: =+C10 -> TRITURADO 3/4" | F55: =VLOOKUP(B55,[25]Insumos!$A$5:$N$6798,3,0) -> Insumo | G55: =VLOOKUP(B55,[25]Insumos!$A$5:$N$6798,4,0) -> m3 | H55: 0.67 | I55: =+Insumos!$F$2007 -> 115000 | J55: =ROUND((+I55*H55),0) -> 77050
B56: G1 | C56: =VLOOKUP(B56,[25]Insumos!$A$5:$N$6798,2,0) -> ACPM | F56: =VLOOKUP(B56,[25]Insumos!$A$5:$N$6798,3,0) -> Insumo | G56: =VLOOKUP(B56,[25]Insumos!$A$5:$N$6798,4,0) -> gal | H56: 0.5 | I56: =+[23]Insumos!$F$272 -> 13502 | J56: =ROUND((+I56*H56),0) -> 6751
B58: H34 | C58: CONCRETO 5000 psi - 35 Mpa | G58: m3 | J58: =SUM(J59:J65) -> 490255
B59: B19 | C59: =VLOOKUP(B59,[25]Insumos!$A$5:$N$6798,2,0) -> AGUA LITRO | F59: =VLOOKUP(B59,[25]Insumos!$A$5:$N$6798,3,0) -> Insumo | G59: =VLOOKUP(B59,[25]Insumos!$A$5:$N$6798,4,0) -> lt | H59: 180 | I59: =+[23]Insumos!$F$51 -> 25 | J59: =ROUND((+I59*H59),0) -> 4500
B60: H01 | C60: =VLOOKUP(B60,[25]Insumos!$A$5:$N$6798,2,0) -> CEMENTO GRIS | F60: =VLOOKUP(B60,[25]Insumos!$A$5:$N$6798,3,0) -> Insumo | G60: =VLOOKUP(B60,[25]Insumos!$A$5:$N$6798,4,0) -> kg | H60: 550 | I60: =+Insumos!$F$276 -> 560 | J60: =ROUND((+I60*H60),0) -> 308000
B61: I51 | C61: =VLOOKUP(B61,[25]Insumos!$A$5:$N$6798,2,0) -> CUADRILLA AA TIPO 5 (1 OFICIAL + 5 AYUDANTE) (Albañileria) | F61: =VLOOKUP(B61,[25]Insumos!$A$5:$N$6798,3,0) -> Mano de Obra | G61: =VLOOKUP(B61,[25]Insumos!$A$5:$N$6798,4,0) -> hr | H61: 0.79 | I61: =+'Análisis Mano de Obra'!$F$100 -> 50701 | J61: =ROUND((+I61*H61),0) -> 40054
B62: M09 | C62: =VLOOKUP(B62,[25]Insumos!$A$5:$N$6798,2,0) -> MEZCLADORA A GASOLINA 1 SACO | F62: =VLOOKUP(B62,[25]Insumos!$A$5:$N$6798,3,0) -> Equipo | G62: =VLOOKUP(B62,[25]Insumos!$A$5:$N$6798,4,0) -> dia | H62: 0.2 | I62: =+[23]Insumos!$F$2428 -> 59500 | J62: =ROUND((+I62*H62),0) -> 11900
B63: B01 | C63: =VLOOKUP(B63,[25]Insumos!$A$5:$N$6798,2,0) -> ARENA DE PEÑA | F63: =VLOOKUP(B63,[25]Insumos!$A$5:$N$6798,3,0) -> Insumo | G63: =VLOOKUP(B63,[25]Insumos!$A$5:$N$6798,4,0) -> m3 | H63: 0.56 | I63: =+Insumos!$F$33 -> 75000 | J63: =ROUND((+I63*H63),0) -> 42000
B64: B02 | C64: =+C10 -> TRITURADO 3/4" | F64: =VLOOKUP(B64,[25]Insumos!$A$5:$N$6798,3,0) -> Insumo | G64: =VLOOKUP(B64,[25]Insumos!$A$5:$N$6798,4,0) -> m3 | H64: 0.67 | I64: =+Insumos!$F$2007 -> 115000 | J64: =ROUND((+I64*H64),0) -> 77050
B65: G1 | C65: =VLOOKUP(B65,[25]Insumos!$A$5:$N$6798,2,0) -> ACPM | F65: =VLOOKUP(B65,[25]Insumos!$A$5:$N$6798,3,0) -> Insumo | G65: =VLOOKUP(B65,[25]Insumos!$A$5:$N$6798,4,0) -> gal | H65: 0.5 | I65: =+[23]Insumos!$F$272 -> 13502 | J65: =ROUND((+I75*H65),0) -> 6751
B67: H24 | C67: CONCRETO 1500 psi - 10.5 Mpa Impermeabilizado | G67: m3 | J67: =SUM(J68:J75) -> 351558
B68: B19 | C68: =VLOOKUP(B68,[25]Insumos!$A$5:$N$6798,2,0) -> AGUA LITRO | F68: =VLOOKUP(B68,[25]Insumos!$A$5:$N$6798,3,0) -> Insumo | G68: =VLOOKUP(B68,[25]Insumos!$A$5:$N$6798,4,0) -> lt | H68: 160 | I68: =+[23]Insumos!$F$51 -> 25 | J68: =ROUND((+I68*H68),0) -> 4000
B69: H01 | C69: =VLOOKUP(B69,[25]Insumos!$A$5:$N$6798,2,0) -> CEMENTO GRIS | F69: =VLOOKUP(B69,[25]Insumos!$A$5:$N$6798,3,0) -> Insumo | G69: =VLOOKUP(B69,[25]Insumos!$A$5:$N$6798,4,0) -> kg | H69: 210 | I69: =+Insumos!$F$276 -> 560 | J69: =ROUND((+I69*H69),0) -> 117600
B70: I51 | C70: =VLOOKUP(B70,[25]Insumos!$A$5:$N$6798,2,0) -> CUADRILLA AA TIPO 5 (1 OFICIAL + 5 AYUDANTE) (Albañileria) | F70: =VLOOKUP(B70,[25]Insumos!$A$5:$N$6798,3,0) -> Mano de Obra | G70: =VLOOKUP(B70,[25]Insumos!$A$5:$N$6798,4,0) -> hr | H70: 0.79 | I70: =+'Análisis Mano de Obra'!$F$100 -> 50701 | J70: =ROUND((+I70*H70),0) -> 40054
B71: M09 | C71: =VLOOKUP(B71,[25]Insumos!$A$5:$N$6798,2,0) -> MEZCLADORA A GASOLINA 1 SACO | F71: =VLOOKUP(B71,[25]Insumos!$A$5:$N$6798,3,0) -> Equipo | G71: =VLOOKUP(B71,[25]Insumos!$A$5:$N$6798,4,0) -> dia | H71: 0.2 | I71: =+[23]Insumos!$F$2428 -> 59500 | J71: =ROUND((+I71*H71),0) -> 11900
B72: B01 | C72: =VLOOKUP(B72,[25]Insumos!$A$5:$N$6798,2,0) -> ARENA DE PEÑA | F72: =VLOOKUP(B72,[25]Insumos!$A$5:$N$6798,3,0) -> Insumo | G72: =VLOOKUP(B72,[25]Insumos!$A$5:$N$6798,4,0) -> m3 | H72: 0.5 | I72: =+Insumos!$F$33 -> 75000 | J72: =ROUND((+I72*H72),0) -> 37500
B73: B02 | C73: =+C10 -> TRITURADO 3/4" | F73: =VLOOKUP(B73,[25]Insumos!$A$5:$N$6798,3,0) -> Insumo | G73: =VLOOKUP(B73,[25]Insumos!$A$5:$N$6798,4,0) -> m3 | H73: 1 | I73: =+Insumos!$F$2007 -> 115000 | J73: =ROUND((+I73*H73),0) -> 115000
B74: O16 | C74: =VLOOKUP(B74,[25]Insumos!$A$5:$N$6798,2,0) -> SIKA-1 IMPERMEABILIZANTE INTEGRAL MORTEROS O SIMILAR. | F74: =VLOOKUP(B74,[25]Insumos!$A$5:$N$6798,3,0) -> Insumo | G74: =VLOOKUP(B74,[25]Insumos!$A$5:$N$6798,4,0) -> kg | H74: 1.75 | I74: =+[23]Insumos!$F$429 -> 10716 | J74: =ROUND((+I74*H74),0) -> 18753
B75: G1 | C75: =VLOOKUP(B75,[25]Insumos!$A$5:$N$6798,2,0) -> ACPM | F75: =VLOOKUP(B75,[25]Insumos!$A$5:$N$6798,3,0) -> Insumo | G75: =VLOOKUP(B75,[25]Insumos!$A$5:$N$6798,4,0) -> gal | H75: 0.5 | I75: =+[23]Insumos!$F$272 -> 13502 | J75: =ROUND((+I75*H75),0) -> 6751
B77: H25 | C77: CONCRETO 2000 psi - 14 Mpa Impermeabilizado | G77: m3 | J77: =SUM(J78:J85) -> 357308
B78: B19 | C78: =VLOOKUP(B78,[25]Insumos!$A$5:$N$6798,2,0) -> AGUA LITRO | F78: =VLOOKUP(B78,[25]Insumos!$A$5:$N$6798,3,0) -> Insumo | G78: =VLOOKUP(B78,[25]Insumos!$A$5:$N$6798,4,0) -> lt | H78: 130 | I78: =+[23]Insumos!$F$51 -> 25 | J78: =ROUND((+I78*H78),0) -> 3250
B79: H01 | C79: =VLOOKUP(B79,[25]Insumos!$A$5:$N$6798,2,0) -> CEMENTO GRIS | F79: =VLOOKUP(B79,[25]Insumos!$A$5:$N$6798,3,0) -> Insumo | G79: =VLOOKUP(B79,[25]Insumos!$A$5:$N$6798,4,0) -> kg | H79: 230 | I79: =+Insumos!$F$276 -> 560 | J79: =ROUND((+I79*H79),0) -> 128800
B80: I51 | C80: =VLOOKUP(B80,[25]Insumos!$A$5:$N$6798,2,0) -> CUADRILLA AA TIPO 5 (1 OFICIAL + 5 AYUDANTE) (Albañileria) | F80: =VLOOKUP(B80,[25]Insumos!$A$5:$N$6798,3,0) -> Mano de Obra | G80: =VLOOKUP(B80,[25]Insumos!$A$5:$N$6798,4,0) -> hr | H80: 0.79 | I80: =+'Análisis Mano de Obra'!$F$100 -> 50701 | J80: =ROUND((+I80*H80),0) -> 40054
B81: M09 | C81: =VLOOKUP(B81,[25]Insumos!$A$5:$N$6798,2,0) -> MEZCLADORA A GASOLINA 1 SACO | F81: =VLOOKUP(B81,[25]Insumos!$A$5:$N$6798,3,0) -> Equipo | G81: =VLOOKUP(B81,[25]Insumos!$A$5:$N$6798,4,0) -> dia | H81: 0.2 | I81: =+[23]Insumos!$F$2428 -> 59500 | J81: =ROUND((+I81*H81),0) -> 11900
B82: B01 | C82: =VLOOKUP(B82,[25]Insumos!$A$5:$N$6798,2,0) -> ARENA DE PEÑA | F82: =VLOOKUP(B82,[25]Insumos!$A$5:$N$6798,3,0) -> Insumo | G82: =VLOOKUP(B82,[25]Insumos!$A$5:$N$6798,4,0) -> m3 | H82: 0.56 | I82: =+Insumos!$F$33 -> 75000 | J82: =ROUND((+I82*H82),0) -> 42000
B83: B02 | C83: =+C10 -> TRITURADO 3/4" | F83: =VLOOKUP(B83,[25]Insumos!$A$5:$N$6798,3,0) -> Insumo | G83: =VLOOKUP(B83,[25]Insumos!$A$5:$N$6798,4,0) -> m3 | H83: 0.92 | I83: =+Insumos!$F$2007 -> 115000 | J83: =ROUND((+I83*H83),0) -> 105800
B84: O16 | C84: =VLOOKUP(B84,[25]Insumos!$A$5:$N$6798,2,0) -> SIKA-1 IMPERMEABILIZANTE INTEGRAL MORTEROS O SIMILAR. | F84: =VLOOKUP(B84,[25]Insumos!$A$5:$N$6798,3,0) -> Insumo | G84: =VLOOKUP(B84,[25]Insumos!$A$5:$N$6798,4,0) -> kg | H84: 1.75 | I84: =+[23]Insumos!$F$429 -> 10716 | J84: =ROUND((+I84*H84),0) -> 18753
B85: G1 | C85: =VLOOKUP(B85,[25]Insumos!$A$5:$N$6798,2,0) -> ACPM | F85: =VLOOKUP(B85,[25]Insumos!$A$5:$N$6798,3,0) -> Insumo | G85: =VLOOKUP(B85,[25]Insumos!$A$5:$N$6798,4,0) -> gal | H85: 0.5 | I85: =+[23]Insumos!$F$272 -> 13502 | J85: =ROUND((+I85*H85),0) -> 6751
B87: H26 | C87: CONCRETO 2500 psi - 17.5 Mpa Impermeabilizado | G87: m3 | J87: =SUM(J88:J95) -> 386008
B88: B19 | C88: =VLOOKUP(B88,[25]Insumos!$A$5:$N$6798,2,0) -> AGUA LITRO | F88: =VLOOKUP(B88,[25]Insumos!$A$5:$N$6798,3,0) -> Insumo | G88: =VLOOKUP(B88,[25]Insumos!$A$5:$N$6798,4,0) -> lt | H88: 150 | I88: =+[23]Insumos!$F$51 -> 25 | J88: =ROUND((+I88*H88),0) -> 3750
B89: H01 | C89: =VLOOKUP(B89,[25]Insumos!$A$5:$N$6798,2,0) -> CEMENTO GRIS | F89: =VLOOKUP(B89,[25]Insumos!$A$5:$N$6798,3,0) -> Insumo | G89: =VLOOKUP(B89,[25]Insumos!$A$5:$N$6798,4,0) -> kg | H89: 300 | I89: =+Insumos!$F$276 -> 560 | J89: =ROUND((+I89*H89),0) -> 168000
B90: I51 | C90: =VLOOKUP(B90,[25]Insumos!$A$5:$N$6798,2,0) -> CUADRILLA AA TIPO 5 (1 OFICIAL + 5 AYUDANTE) (Albañileria) | F90: =VLOOKUP(B90,[25]Insumos!$A$5:$N$6798,3,0) -> Mano de Obra | G90: =VLOOKUP(B90,[25]Insumos!$A$5:$N$6798,4,0) -> hr | H90: 0.79 | I90: =+'Análisis Mano de Obra'!$F$100 -> 50701 | J90: =ROUND((+I90*H90),0) -> 40054
B91: M09 | C91: =VLOOKUP(B91,[25]Insumos!$A$5:$N$6798,2,0) -> MEZCLADORA A GASOLINA 1 SACO | F91: =VLOOKUP(B91,[25]Insumos!$A$5:$N$6798,3,0) -> Equipo | G91: =VLOOKUP(B91,[25]Insumos!$A$5:$N$6798,4,0) -> dia | H91: 0.2 | I91: =+[23]Insumos!$F$2428 -> 59500 | J91: =ROUND((+I91*H91),0) -> 11900
B92: B01 | C92: =VLOOKUP(B92,[25]Insumos!$A$5:$N$6798,2,0) -> ARENA DE PEÑA | F92: =VLOOKUP(B92,[25]Insumos!$A$5:$N$6798,3,0) -> Insumo | G92: =VLOOKUP(B92,[25]Insumos!$A$5:$N$6798,4,0) -> m3 | H92: 0.72 | I92: =+Insumos!$F$33 -> 75000 | J92: =ROUND((+I92*H92),0) -> 54000
B93: B02 | C93: =+C10 -> TRITURADO 3/4" | F93: =VLOOKUP(B93,[25]Insumos!$A$5:$N$6798,3,0) -> Insumo | G93: =VLOOKUP(B93,[25]Insumos!$A$5:$N$6798,4,0) -> m3 | H93: 0.72 | I93: =+Insumos!$F$2007 -> 115000 | J93: =ROUND((+I93*H93),0) -> 82800
B94: O16 | C94: =VLOOKUP(B94,[25]Insumos!$A$5:$N$6798,2,0) -> SIKA-1 IMPERMEABILIZANTE INTEGRAL MORTEROS O SIMILAR. | F94: =VLOOKUP(B94,[25]Insumos!$A$5:$N$6798,3,0) -> Insumo | G94: =VLOOKUP(B94,[25]Insumos!$A$5:$N$6798,4,0) -> kg | H94: 1.75 | I94: =+[23]Insumos!$F$429 -> 10716 | J94: =ROUND((+I94*H94),0) -> 18753
B95: G1 | C95: =VLOOKUP(B95,[25]Insumos!$A$5:$N$6798,2,0) -> ACPM | F95: =VLOOKUP(B95,[25]Insumos!$A$5:$N$6798,3,0) -> Insumo | G95: =VLOOKUP(B95,[25]Insumos!$A$5:$N$6798,4,0) -> gal | H95: 0.5 | I95: =+[23]Insumos!$F$272 -> 13502 | J95: =ROUND((+I95*H95),0) -> 6751
B97: H27 | C97: CONCRETO 3000 psi - 21 Mpa Impermeabilizado | G97: m3 | J97: =SUM(J98:J105) -> 420908
B98: B19 | C98: =VLOOKUP(B98,[25]Insumos!$A$5:$N$6798,2,0) -> AGUA LITRO | F98: =VLOOKUP(B98,[25]Insumos!$A$5:$N$6798,3,0) -> Insumo | G98: =VLOOKUP(B98,[25]Insumos!$A$5:$N$6798,4,0) -> lt | H98: 170 | I98: =+[23]Insumos!$F$51 -> 25 | J98: =ROUND((+I98*H98),0) -> 4250
B99: H01 | C99: =VLOOKUP(B99,[25]Insumos!$A$5:$N$6798,2,0) -> CEMENTO GRIS | F99: =VLOOKUP(B99,[25]Insumos!$A$5:$N$6798,3,0) -> Insumo | G99: =VLOOKUP(B99,[25]Insumos!$A$5:$N$6798,4,0) -> kg | H99: 350 | I99: =+Insumos!$F$276 -> 560 | J99: =ROUND((+I99*H99),0) -> 196000
B100: I51 | C100: =VLOOKUP(B100,[25]Insumos!$A$5:$N$6798,2,0) -> CUADRILLA AA TIPO 5 (1 OFICIAL + 5 AYUDANTE) (Albañileria) | F100: =VLOOKUP(B100,[25]Insumos!$A$5:$N$6798,3,0) -> Mano de Obra | G100: =VLOOKUP(B100,[25]Insumos!$A$5:$N$6798,4,0) -> hr | H100: 0.79 | I100: =+'Análisis Mano de Obra'!$F$100 -> 50701 | J100: =ROUND((+I100*H100),0) -> 40054
B101: M09 | C101: =VLOOKUP(B101,[25]Insumos!$A$5:$N$6798,2,0) -> MEZCLADORA A GASOLINA 1 SACO | F101: =VLOOKUP(B101,[25]Insumos!$A$5:$N$6798,3,0) -> Equipo | G101: =VLOOKUP(B101,[25]Insumos!$A$5:$N$6798,4,0) -> dia | H101: 0.2 | I101: =+[23]Insumos!$F$2428 -> 59500 | J101: =ROUND((+I101*H101),0) -> 11900
B102: B01 | C102: =VLOOKUP(B102,[25]Insumos!$A$5:$N$6798,2,0) -> ARENA DE PEÑA | F102: =VLOOKUP(B102,[25]Insumos!$A$5:$N$6798,3,0) -> Insumo | G102: =VLOOKUP(B102,[25]Insumos!$A$5:$N$6798,4,0) -> m3 | H102: 0.56 | I102: =+Insumos!$F$33 -> 75000 | J102: =ROUND((+I102*H102),0) -> 42000
B103: B02 | C103: =+C10 -> TRITURADO 3/4" | F103: =VLOOKUP(B103,[25]Insumos!$A$5:$N$6798,3,0) -> Insumo | G103: =VLOOKUP(B103,[25]Insumos!$A$5:$N$6798,4,0) -> m3 | H103: 0.88 | I103: =+Insumos!$F$2007 -> 115000 | J103: =ROUND((+I103*H103),0) -> 101200
B104: O16 | C104: =VLOOKUP(B104,[25]Insumos!$A$5:$N$6798,2,0) -> SIKA-1 IMPERMEABILIZANTE INTEGRAL MORTEROS O SIMILAR. | F104: =VLOOKUP(B104,[25]Insumos!$A$5:$N$6798,3,0) -> Insumo | G104: =VLOOKUP(B104,[25]Insumos!$A$5:$N$6798,4,0) -> kg | H104: 1.75 | I104: =+[23]Insumos!$F$429 -> 10716 | J104: =ROUND((+I104*H104),0) -> 18753
B105: G1 | C105: =VLOOKUP(B105,[25]Insumos!$A$5:$N$6798,2,0) -> ACPM | F105: =VLOOKUP(B105,[25]Insumos!$A$5:$N$6798,3,0) -> Insumo | G105: =VLOOKUP(B105,[25]Insumos!$A$5:$N$6798,4,0) -> gal | H105: 0.5 | I105: =+[23]Insumos!$F$272 -> 13502 | J105: =ROUND((+I105*H105),0) -> 6751
B107: H28 | C107: CONCRETO 3500 psi - 24.5 Mpa Impermeabilizado | G107: m3 | J107: =SUM(J108:J115) -> 444458
B108: B19 | C108: =VLOOKUP(B108,[25]Insumos!$A$5:$N$6798,2,0) -> AGUA LITRO | F108: =VLOOKUP(B108,[25]Insumos!$A$5:$N$6798,3,0) -> Insumo | G108: =VLOOKUP(B108,[25]Insumos!$A$5:$N$6798,4,0) -> lt | H108: 180 | I108: =+[23]Insumos!$F$51 -> 25 | J108: =ROUND((+I108*H108),0) -> 4500
B109: H01 | C109: =VLOOKUP(B109,[25]Insumos!$A$5:$N$6798,2,0) -> CEMENTO GRIS | F109: =VLOOKUP(B109,[25]Insumos!$A$5:$N$6798,3,0) -> Insumo | G109: =VLOOKUP(B109,[25]Insumos!$A$5:$N$6798,4,0) -> kg | H109: 420 | I109: =+Insumos!$F$276 -> 560 | J109: =ROUND((+I109*H109),0) -> 235200
B110: I51 | C110: =VLOOKUP(B110,[25]Insumos!$A$5:$N$6798,2,0) -> CUADRILLA AA TIPO 5 (1 OFICIAL + 5 AYUDANTE) (Albañileria) | F110: =VLOOKUP(B110,[25]Insumos!$A$5:$N$6798,3,0) -> Mano de Obra | G110: =VLOOKUP(B110,[25]Insumos!$A$5:$N$6798,4,0) -> hr | H110: 0.79 | I110: =+'Análisis Mano de Obra'!$F$100 -> 50701 | J110: =ROUND((+I110*H110),0) -> 40054
B111: M09 | C111: =VLOOKUP(B111,[25]Insumos!$A$5:$N$6798,2,0) -> MEZCLADORA A GASOLINA 1 SACO | F111: =VLOOKUP(B111,[25]Insumos!$A$5:$N$6798,3,0) -> Equipo | G111: =VLOOKUP(B111,[25]Insumos!$A$5:$N$6798,4,0) -> dia | H111: 0.2 | I111: =+[23]Insumos!$F$2428 -> 59500 | J111: =ROUND((+I111*H111),0) -> 11900
B112: B01 | C112: =VLOOKUP(B112,[25]Insumos!$A$5:$N$6798,2,0) -> ARENA DE PEÑA | F112: =VLOOKUP(B112,[25]Insumos!$A$5:$N$6798,3,0) -> Insumo | G112: =VLOOKUP(B112,[25]Insumos!$A$5:$N$6798,4,0) -> m3 | H112: 0.67 | I112: =+Insumos!$F$33 -> 75000 | J112: =ROUND((+I112*H112),0) -> 50250
B113: B02 | C113: =+C10 -> TRITURADO 3/4" | F113: =VLOOKUP(B113,[25]Insumos!$A$5:$N$6798,3,0) -> Insumo | G113: =VLOOKUP(B113,[25]Insumos!$A$5:$N$6798,4,0) -> m3 | H113: 0.67 | I113: =+Insumos!$F$2007 -> 115000 | J113: =ROUND((+I113*H113),0) -> 77050
...

Sheet Insumos
B2: CODIGO INSUMO | C2: INSUMO, EQUIPO O HERRAMIENTA | D2: TIPO | E2: UND | F2: VR. IVA INCLUIDO | G2: VR. ANTES DE IVA | H2: IMPUESTO IVA
B3: I1 | C3: ACERO 37.000 PSI | D3: Insumos | E3: KG | F3: 3499 | G3: 2940 | H3: 0.19
B4: I2 | C4: ACERO 60.000 PSI | D4: Insumos | E4: KG | F4: =+G4*(1+H5) -> 6000 | G4: 5042.0168 | H4: 0.19 | I4: =+J4*(1+H4) -> 3498.6 | J4: 2940
B5: I3 | C5: ALAMBRE NEGRO NO. 18 | D5: Insumos | E5: KG | F5: 4566 | G5: 3837 | H5: 0.19
B6: I4 | C6: GRAFIL 5.5 MM | D6: Insumos | E6: KG | F6: 3368 | G6: 2830 | H6: 0.19
B7: I5 | C7: MALLA ELECTROSOLDADA H-084 R-2.1 4 MM 15 X 25 CM. | D7: Insumos | E7: KG | F7: 3331 | G7: 2799 | H7: 0.19
B8: I6 | C8: MALLA ELECTROSOLDADA M-084 Q-2 4 MM 15 X 15 CM. | D8: Insumos | E8: KG | F8: 5353 | G8: 4498 | H8: 0.19
B9: I7 | C9: MALLA ELECTROSOLDADA M-106 Q-3 4.5 MM 15 X 15 CM. | D9: Insumos | E9: KG | F9: 3331 | G9: 2799 | H9: 0.19
B10: I8 | C10: MALLA ELECTROSOLDADA XX-131 5.0MM C/ 15 CM EN AMBOS SENTIDOS | D10: Insumos | E10: KG | F10: 4777 | G10: 4014 | H10: 0.19
B11: I9 | C11: MALLA ELECTROSOLDADA M-159 Q-4 5.5 MM 15 X 15 CM. | D11: Insumos | E11: KG | F11: 3331 | G11: 2799 | H11: 0.19
B12: I10 | C12: MALLA ELECTROSOLDADA M-188. Q-5 6.0MM 15 X 15CM. | D12: Insumos | E12: KG | F12: 3331 | G12: 2799 | H12: 0.19
B13: I11 | C13: MALLA ELECTROSOLDADA M-221 Q-6 6.5 MM 15 X 15 CM. | D13: Insumos | E13: KG | F13: 3331 | G13: 2799 | H13: 0.19
B14: I12 | C14: MALLA ELECTROSOLDADA M-257 F 7,0MM C/.15M EN AMBOS SENTIDOS | D14: Insumos | E14: KG | F14: 3331 | G14: 2799 | H14: 0.19
B15: I13 | C15: VARILLA LISA 5/8" | D15: Insumos | E15: M | F15: 5172 | G15: 4346 | H15: 0.19
B16: I14 | C16: VARILLA LISA 3/8" | D16: Insumos | E16: M | F16: 4166 | G16: 3501 | H16: 0.19
... B32: I30 | C32: ALAMBRE DE PUA X 350 MTS CL 12 | D32: Insumos | E32: ROLLO | F32: 217462 | G32: 182741 | H32: 0.19
B33: I31 | C33: ARENA DE PEÑA | D33: Insumos | E33: M3 | F33: 75000 | G33: 63025.21 | H33: 0.19 | I33: =+J33*(1+H33) -> 68934.32 | J33: 57928
B34: I32 | C34: ARENA LAVADA DE RIO | D34: Insumos | E34: M3 | F34: 98477 | G34: 82754 | H34: 0.19
B35: I33 | C35: ARENA GRUESA | D35: Insumos | E35: M3 | F35: 47405 | G35: 39836 | H35: 0.19
B36: I34 | C36: GRAVILLA COMUN DE RIO | D36: Insumos | E36: M3 | F36: 98477 | G36: 82754 | H36: 0.19
B37: I35 | C37: GRAVILLA FINA 1/2" | D37: Insumos | E37: M3 | F37: 106053 | G37: 89120 | H37: 0.19
B38: I36 | C38: MATERIAL SELECCIONADO DE 4" | D38: Insumos | E38: M3 | F38: 45451 | G38: 38194 | H38: 0.19
B39: I37 | C39: PIEDRA MEDIA ZONGA | D39: Insumos | E39: M3 | F39: 60601 | G39: 50925 | H39: 0.19
B40: I38 | C40: PIEDRA DE MANO | D40: Insumos | E40: M3 | F40: =+G40*(1+H41) -> 75000 | G40: 63025.21 | H40: 0.19 | I40: =+J40*(1+H40) -> 60333 | J40: 50700
B41: I39 | C41: BASE GRANULAR B-200 NORMA INVIAS | D41: Insumos | E41: M3 | F41: 45451 | G41: 38194 | H41: 0.19
B42: I40 | C42: BASE GRANULAR B-400 NORMA INVIAS | D42: Insumos | E42: M3 | F42: 53025 | G42: 44559 | H42: 0.19
B43: I41 | C43: BASE GRANULAR B-600 NORMA INVIAS | D43: Insumos | E43: M3 | F43: 60601 | G43: 50925 | H43: 0.19
B44: I42 | C44: BASE GRANULAR BG-1 NORMA INVIAS | D44: Insumos | E44: M3 | F44: 106053 | G44: 89120 | H44: 0.19
B45: I43 | C45: SUB BASE GRANULAR SBG-1 NORMA INVIAS | D45: Insumos | E45: M3 | F45: 93931 | G45: 78934 | H45: 0.19 | I45: 90000
B46: I44 | C46: SUB BASE GRANULAR SBG-4 NORMA INVIAS | D46: Insumos | E46: M3 | F46: 81810 | G46: 68748 | H46: 0.19
B47: I45 | C47: AGUA M3 | D47: Insumos | E47: M3 | F47: 2159 | G47: 2159 | H47: 0
B48: I46 | C48: MATERIAL COMÚN DE CANTERA DE PRÉSTAMO EN SITIO DE TRANSPORTE/INSTALACIÓN EN OBRA | D48: Insumos | E48: M3 | F48: 18204 | G48: 18204 | H48: 0
B49: I47 | C49: MATERIAL DE PRESTAMO CARGADO Y PUESTO EN OBRA | D49: Insumos | E49: M3 | F49: 22405 | G49: 22405 | H49: 0
B50: I48 | C50: PIEDRA FILTRO | D50: Insumos | E50: M3 | F50: 61613 | G50: 61613 | H50: 0
B51: I49 | C51: AGUA LITRO | D51: Insumos | E51: LT | F51: 25 | G51: 25 | H51: 0
B52: I50 | C52: AFIRMADO NORMA INVIAS | D52: Insumos | E52: M3 | F52: 65000 | G52: =+F52*(1+H52) -> 65000 | H52: 0 | I52: 53211 | J52: 53211
B53: I51 | C53: ARENA LIMPIA SIN SOBRETAMAÑOS | D53: Insumos | E53: M3 | F53: 50411 | G53: 50411 | H53: 0
B54: I52 | C54: SUCIO DE RIO PARA AFIRMADOS | D54: Insumos | E54: M3 | F54: 49010 | G54: 49010 | H54: 0
B55: I53 | C55: ACCESORIOS DE CONEXION POR ENCIMA PARA SANITARIO TIPO INSTITUCIONAL ELONGADO TIPO TOTO REF. TCDS O SIMILAR | D55: Insumos | E55: UND | F55: 169684 | G55: 142592 | H55: 0.19
B56: I54 | C56: ACCESORIOS DE CONEXION POSTERIOR PARA SANITARIOS MARCA A&A Y MANCESA | D56: Insumos | E56: UND | F56: 29523 | G56: 24809 | H56: 0.19
B57: I55 | C57: ACCESORIOS PARA CONECTAR VÁLVULA ORINAL MEDIANO TIPO DOCOL REF. 4 AA TCDO1 O SIMILAR | D57: Insumos | E57: UND | F57: 70297 | G57: 59073 | H57: 0.19
B58: I56 | C58: BOTON ANTIVANDALICO CON PALANCA PARA MINUSVALIDO METÁLICO CROMADO PARA ACCIONAR VÁLVULA DE DESCARGA TIPO DOCOL REF. 4 AA 0184906 O SIMILAR. | D58: Insumos | E58: UND | F58: 102025 | G58: 85735 | H58: 0.19
B59: I57 | C59: BOTON ANTIVANDALICO METÁLICO CROMADO PARA ACCIONAR VÁLVULA DE DESCARGA TIPO DOCOL REF. 4 AA 01505006 O SIMILAR. | D59: Insumos | E59: UND | F59: 359594 | G59: 302180 | H59: 0.19
B60: I58 | C60: CEPILLERO EN PORCELANA TIPO ELITE DE CORONA REF. 06150100-1 O SIMILAR. | D60: Insumos | E60: UND | F60: 16664 | G60: 14003 | H60: 0.19
B61: I59 | C61: CEPILLERO EN PORCELANA TIPO ESPACIO DE CORONA REF. 04250100-1 O SIMILAR. | D61: Insumos | E61: UND | F61: 25982 | G61: 21834 | H61: 0.19
B62: I60 | C62: COMBO TIPO ACUACER COLOR BLANCO REF. 92639100K DE CORONA O SIMILAR (INCLUYE SANITARIO ACUACER CON TAPA Y TANQUE, LAVAMANOS DE COLGAR ACUACER CON SIFÓN BOTELLA Y DESAGUE SENCILLO, GRIFERÍA PISCIS, GRAPAS). | D62: Insumos | E62: UND | F62: 246193 | G62: 206885 | H62: 0.19
B63: I61 | C63: COMBO TIPO AVANTI COLOR BLANCO REF. 30336100K DE CORONA O SIMILAR (INCLUYE SANITARIO AVANTI CON TAPA Y TANQUE, LAVAMANOS DE PEDESTAL AVANTI). | D63: Insumos | E63: UND | F63: 362098 | G63: 304284 | H63: 0.19
B64: I62 | C64: CONJUNTO GRIFERIA LAVAMANOS CROMADA 8" GALAXIA TIPO GRIVAL O SIMILAR ( MEZCLADOR CIERRE COMPRESIÓN, DESAGUE AUTOMATICO, SIFÓN BOTELLA, GRAPAS 2 UND. | D64: Insumos | E64: UND | F64: 148474 | G64: 124768 | H64: 0.19
... B275: I273 | C275: GRASA ECON X 370 GRS | D275: Insumos | E275: UND | F275: 9080 | G275: 7630 | H275: 0.19
B276: I274 | C276: CEMENTO GRIS | D276: Insumos | E276: KG | F276: =+G276*(1+H277) -> 560 | G276: 470.58824 | H276: 0.19 | I276: =+J276*(1+H276) -> 759.22 | J276: 638
B277: I275 | C277: CONCRETO PREMEZCLADO PARA PAVIMENTO MR 43 KG/CM2 | D277: Insumos | E277: M3 | F277: 616559 | G277: 518117 | H277: 0.19
B278: I276 | C278: GROUTING 17.5 MPA | D278: Insumos | E278: M3 | F278: 530052 | G278: 445422 | H278: 0.19
B279: I277 | C279: CAL | D279: Insumos | E279: KG | F279: 1285 | G279: 1080 | H279: 0.19
B280: I278 | C280: MORTERO DE NIVELACION SIKAGROUT O SIMILAR | D280: Insumos | E280: LT | F280: 29978 | G280: 25192 | H280: 0.19
B281: I279 | C281: ADOQUIN DE CONCRETO (8*10*20) | D281: Insumos | E281: UND | F281: 1001 | G281: 841 | H281: 0.19
B282: I280 | C282: ADOQUIN ECOLOGICO | D282: Insumos | E282: UND | F282: 1333 | G282: 1120 | H282: 0.19
B283: I281 | C283: CAL HIDRATADA | D283: Insumos | E283: KG | F283: 1499 | G283: 1260 | H283: 0.19
B284: I282 | C284: SUELO CEMENTO 10:1 | D284: Insumos | E284: M3 | F284: 149975 | G284: 126029 | H284: 0.19
B285: I283 | C285: CONCRETO PREMEZCLADO PARA PAVIMENTO MR 45 KG/CM2 | D285: Insumos | E285: M3 | F285: 649884 | G285: 546121 | H285: 0.19
B286: I284 | C286: BOLARDO EN CONCRETO DIAMETRO 18cm Y ALTURA LIBRE 62 cm | D286: Insumos | E286: UND | F286: 91509 | G286: 76898 | H286: 0.19
B287: I285 | C287: CONCRETO PREMEZCLADO PARA PAVIMENTO MR 42 KG/CM2 | D287: Insumos | E287: M3 | F287: 599894 | G287: 504113 | H287: 0.19
B288: I286 | C288: CONCRETO PREMEZCLADO 4000 PSI - 28MPA | D288: Insumos | E288: M3 | F288: 549903 | G288: 462103 | H288: 0.19
... B425: I423 | C425: POLIETILENO NO. 6 | D425: Insumos | E425: M2 | F425: 3787 | G425: 3182 | H425: 0.19
B426: I424 | C426: PUNTILLA CON CABEZA 1" | D426: Insumos | E426: LB | F426: =+G426*(1+H427) -> 5050 | G426: 4243.6975 | H426: 0.19 | I426: =+J426*(1+H426) -> 3786.58 | J426: 3182
B427: I425 | C427: PUNTILLA CON CABEZA 2" | D427: Insumos | E427: LB | F427: =+G427*(1+H428) -> 5050 | G427: 4243.6975 | H427: 0.19 | I427: =+J427*(1+H427) -> 3786.58 | J427: 3182
B428: I426 | C428: PUNTILLA CON CABEZA 3" | D428: Insumos | E428: LB | F428: =+G428*(1+H429) -> 5050 | G428: 4243.6975 | H428: 0.19 | I428: =+J428*(1+H428) -> 3786.58 | J428: 3182
B429: I427 | C429: SIKA-1 IMPERMEABILIZANTE INTEGRAL MORTEROS O SIMILAR. | D429: Insumos | E429: KG | F429: 10716 | G429: 9005 | H429: 0.19
B430: I428 | C430: SIKADUR -42 ANCLAJE O SIMILAR. | D430: Insumos | E430: KG | F430: 34796 | G430: 29240 | H430: 0.19
B431: I429 | C431: SIKADUR -32 PRIMER | D431: Insumos | E431: KG | F431: 86650 | G431: 72815 | H431: 0.19
B432: I430 | C432: SIKADUR PANEL O SIMILAR. | D432: Insumos | E432: KG | F432: 51316 | G432: 43123 | H432: 0.19
B433: I431 | C433: SIKAFLEX 1A TUBO 305 CC O SIMILAR. | D433: Insumos | E433: UND | F433: 34094 | G433: 28650 | H433: 0.19
B434: I432 | C434: SIKAFLEX PRO 3 WF TUBO 600 CC O SIMILAR. | D434: Insumos | E434: UND | F434: 81016 | G434: 68081 | H434: 0.19
B435: I433 | C435: SILICONA TUBO 280 ML | D435: Insumos | E435: UND | F435: 11817 | G435: 9930 | H435: 0.19
B436: I434 | C436: SOLDADURA DE ESTAÑO 60-40 250GR 1/16" (1.6 MM) | D436: Insumos | E436: UND | F436: 27572 | G436: 23170 | H436: 0.19
B437: I435 | C437: SOLDADURA ELECTRICA TIPO WESTARCO SUPER E- 6013 DE 1/8 O SIMILAR. | D437: Insumos | E437: KG | F437: 11360 | G437: 9546 | H437: 0.19
B438: I436 | C438: SOLDADURA EXOTERMICA TIPO CADWELD O SIMILAR DE 115 GRADOS | D438: Insumos | E438: UND | F438: 30297 | G438: 25460 | H438: 0.19
B439: I437 | C439: SOLDADURA E 6013 | D439: Insumos | E439: KG | F439: 9544 | G439: 8020 | H439: 0.19
B440: I438 | C440: SOLDADURA Y LIMPIADOR | D440: Insumos | E440: UND | F440: 2236 | G440: 1879 | H440: 0.19
... B980: I978 | C980: TABLA CHAPA EN CEDRO MACHO 30 CM X 2 CM X 3 M. | D980: Insumos | E980: M | F980: 5266 | G980: 5266 | H980: 0
B981: I979 | C981: TABLA CHAPA ORDINARIO 30 CM X 2 CM X 3 M. | D981: Insumos | E981: UND | F981: =+G981*(1+H982) -> 17850 | G981: 17850 | H981: 0 | I981: =+J981*(1+H981) -> 14472 | J981: 14472
B982: I980 | C982: TIRAS ALISTADO 3 X 3 X 3 | D982: Insumos | E982: M | F982: 828 | G982: 828 | H982: 0
B983: I981 | C983: VARA DE CLAVO | D983: Insumos | E983: M | F983: 1882 | G983: 1882 | H983: 0
B984: I982 | C984: TABLA BURRA EN CEDRO MACHO 0,23 X 3 MTS | D984: Insumos | E984: UND | F984: 96733 | G984: 96733 | H984: 0
B985: I983 | C985: PUERTA ENTAMBORADA EN LAMINA TRIPLEX OKUME - TIPO PIZANO OKUMÉ O SIMILAR. ANCHO: 0,51A 0,75 M. ALTO: 1,80 A 2,40 M. HOJA LISA CON 4 RANURAS HORIZONTALES Y CON MARQUETE CHAPACANTO OKUMÉ. | D985: Insumos | E985: UND | F985: 383984 | G985: 383984 | H985: 0
B986: I984 | C986: ESTERILLA DE GUADUA | D986: Insumos | E986: M2 | F986: 3838 | G986: 3838 | H986: 0
B987: I985 | C987: TELERA 0,05X0,22X2,90 M (3 USOS) | D987: Insumos | E987: UND | F987: 25906 | G987: 25906 | H987: 0
B988: I986 | C988: GUADUA CEPA DE 5 VARAS | D988: Insumos | E988: UND | F988: 7384 | G988: 7384 | H988: 0
B989: I987 | C989: VARILLÓN DE 0,02 X 0,05 X 2,80 | D989: Insumos | E989: UND | F989: =+G989*(1+H990) -> 3700 | G989: 3700 | H989: 0 | I989: =+J989*(1+H989) -> 2451 | J989: 2451
B990: I988 | C990: VARILLON DE SAJO | D990: Insumos | E990: UND | F990: 13305 | G990: 13305 | H990: 0
B991: I989 | C991: GUADUA SOBREBASA L= 1.50 MT. 3 USOS | D991: Insumos | E991: UND | F991: 4903 | G991: 4903 | H991: 0
B992: I990 | C992: TABLA 1"X10"X3M | D992: Insumos | E992: UND | F992: =+G992*(1+H993) -> 17850 | G992: 17850 | H992: 0 | I992: =+J992*(1+H992) -> 11202 | J992: 11202
B993: I991 | C993: CUARTON 2"X4"X3M | D993: Insumos | E993: UND | F993: 10503 | G993: 10503 | H993: 0
B994: I992 | C994: GUADUA PARA FILTRO | D994: Insumos | E994: ML | F994: 1402 | G994: 1402 | H994: 0
B995: I993 | C995: RASTROJO PARA FILTROS VIVOS | D995: Insumos | E995: M2 | F995: 1120 | G995: 1120 | H995: 0
B996: I994 | C996: GUADUILLA | D996: Insumos | E996: UND | F996: 1402 | G996: 1402 | H996: 0
B997: I995 | C997: VIGUETA CHANUL 3 MTRS | D997: Insumos | E997: ML | F997: 8775 | G997: 8775 | H997: 0
B998: I996 | C998: TABLA X 3 CHANUL | D998: Insumos | E998: UND | F998: 18904 | G998: 18904 | H998: 0
B999: I997 | C999: CUARTON CHANUL 3 MTRS | D999: Insumos | E999: UND | F999: 18623 | G999: 18623 | H999: 0
B1000: I998 | C1000: LATA DE GUADUA | D1000: Insumos | E1000: UND | F1000: 419 | G1000: 419 | H1000: 0
B1001: I999 | C1001: POSTE DE MADERA DE CHANUL | D1001: Insumos | E1001: UND | F1001: 21930 | G1001: 21930 | H1001: 0
...
